Workbook

Sheet Remove Non STIP-SHOPP, IA
A1: Project ID | B1: EA | C1: PRSM Status | D1: Fiscal Year | E1: CTIPS Funding Sources | F1: CTIPS STIP/SHOPP Amount | G1: Funding Sources | H1: Task Code | I1: M200 | J1: M225 | K1: M410 | L1: 050 Acq of Real Property (k$) | M1: 052 Est Damages to Excess Land (k$) | N1: 053 Int on Condmntn (k$) | O1: 059 Acq of Personal Prop (k$) | P1: 080 Real Prop Excess Lands Acq (k$) | Q1: 083 Early Acq (k$) | R1: 090 Condmntn Deposits (k$) | S1: 130 Jury Recording Reporter Fees Exp Condmntn (k$) | T1: 131 Expert Appraiser Witness Condmntn (k$) | U1: 034-Title & Escrow (k$) | V1: 042 Railroad (k$) | W1: 051 Pos Loc Util (k$) | X1: 054 ROW Util Reloc(k$) | Y1: 055 Reloc Asst(k$) | Z1: 056 CI or Demo (k$) | AA1: 060 Proj Spec Permit (k$) | AB1: 081 Mitigation (k$) | AC1: 088 Proj Permit FeesFed Inelig (k$) | AD1: 170 Claims Legal Payments Fed Inelig (k$) | AE1: 230 Jury Recording Reptr Fees Exp–IC-Fed Inelig (k$) | AF1: 231 Exp Appr/ Witness IC-Fed Inelig (k$) | AG1: 253 Interest on IC- Fed Inelig (k$) | AH1: Total | AI1: Data Sheet Date
A2: 0100000154 | B2: 01-40110 | C2: APL | D2: 2024 | E2: 20.XX.201.2XX | F2: 8465000 | G2: 2020201.110 | H2: 1500 | I2: 45512 | J2: 45512 | K2: 46239 | L2: 0 | M2: 0 | N2: 0 | O2: 0 | P2: 0 | Q2: 0 | R2: 0 | S2: 0 | T2: 0 | U2: 0 | V2: 0 | W2: 0 | X2: 66 | Y2: 0 | Z2: 0 | AA2: 0 | AB2: 0 | AC2: 0 | AD2: 0 | AE2: 0 | AF2: 0 | AG2: 0 | AH2: =SUM(L2:AG2) -> 66 | AI2: 42789
A3: 0100000154 | B3: 01-40110 | C3: APL | D3: 2025 | E3: 20.XX.201.2XX | F3: 8465000 | G3: 2020201.110 | H3: 1500 | I3: 45512 | J3: 45512 | K3: 46239 | L3: 0 | M3: 0 | N3: 0 | O3: 0 | P3: 0 | Q3: 0 | R3: 0 | S3: 0 | T3: 0 | U3: 8 | V3: 0 | W3: 0 | X3: 0 | Y3: 0 | Z3: 0 | AA3: 115 | AB3: 0 | AC3: 0 | AD3: 0 | AE3: 0 | AF3: 0 | AG3: 0 | AH3: =SUM(L3:AG3) -> 123 | AI3: 42789
A4: 0100000154 | B4: 01-40110 | C4: APL | D4: 2026 | E4: 20.XX.201.2XX | F4: 8465000 | G4: 2020201.110 | H4: 1500 | I4: 45512 | J4: 45512 | K4: 46239 | L4: 1679 | M4: 0 | N4: 0 | O4: 0 | P4: 0 | Q4: 0 | R4: 0 | S4: 0 | T4: 0 | U4: 0 | V4: 0 | W4: 0 | X4: 0 | Y4: 0 | Z4: 0 | AA4: 0 | AB4: 0 | AC4: 0 | AD4: 0 | AE4: 0 | AF4: 0 | AG4: 0 | AH4: =SUM(L4:AG4) -> 1679 | AI4: 44817
A5: 0100000154 | B5: 01-40110 | C5: APL | D5: 2027 | E5: 20.XX.201.2XX | F5: 8465000 | G5: 2020201.110 | H5: 1500 | I5: 45512 | J5: 45512 | K5: 46239 | L5: 0 | M5: 0 | N5: 0 | O5: 0 | P5: 0 | Q5: 0 | R5: 0 | S5: 0 | T5: 0 | U5: 26 | V5: 0 | W5: 0 | X5: 0 | Y5: 0 | Z5: 0 | AA5: 0 | AB5: 2413 | AC5: 0 | AD5: 0 | AE5: 0 | AF5: 0 | AG5: 0 | AH5: =SUM(L5:AG5) -> 2439 | AI5: 42789
A6: 0100000155 | B6: 01-40140 | C6: APL | D6: 2024 | E6: 20.XX.201.2XX | F6: 6324000 | G6: 2020201.110 | H6: 1510 | I6: 46583 | J6: 46639 | K6: 47007 | L6: 354 | M6: 0 | N6: 0 | O6: 0 | P6: 0 | Q6: 0 | R6: 0 | S6: 0 | T6: 0 | U6: 3 | V6: 0 | W6: 0 | X6: 15 | Y6: 0 | Z6: 0 | AA6: 0 | AB6: 0 | AC6: 14 | AD6: 0 | AE6: 0 | AF6: 0 | AG6: 0 | AH6: =SUM(L6:AG6) -> 386 | AI6: 42593
A7: 0100000155 | B7: 01-40140 | C7: APL | D7: 2025 | E7: 20.XX.201.2XX | F7: 6324000 | G7: 2020201.110 | H7: 1510 | I7: 46583 | J7: 46639 | K7: 47007 | L7: 409 | M7: 0 | N7: 0 | O7: 0 | P7: 0 | Q7: 0 | R7: 0 | S7: 0 | T7: 0 | U7: 10 | V7: 0 | W7: 0 | X7: 0 | Y7: 0 | Z7: 0 | AA7: 0 | AB7: 0 | AC7: 0 | AD7: 0 | AE7: 0 | AF7: 0 | AG7: 0 | AH7: =SUM(L7:AG7) -> 419 | AI7: 42593
A8: 0100000155 | B8: 01-40140 | C8: APL | D8: 2029 | E8: 20.XX.201.2XX | F8: 6324000 | G8: 2020201.110 | H8: 1510 | I8: 46583 | J8: 46639 | K8: 47007 | L8: 0 | M8: 0 | N8: 0 | O8: 0 | P8: 0 | Q8: 0 | R8: 0 | S8: 0 | T8: 0 | U8: 0 | V8: 0 | W8: 0 | X8: 287 | Y8: 0 | Z8: 0 | AA8: 0 | AB8: 5127 | AC8: 0 | AD8: 0 | AE8: 0 | AF8: 0 | AG8: 0 | AH8: =SUM(L8:AG8) -> 5414 | AI8: 42593
A9: 0100000193 | B9: 01-43640 | C9: APL | D9: 2024 | E9: 20.XX.201.110 | F9: 6499000 | G9: 2020201.110 | H9: 1510 | I9: 43909 | J9: 43945 | K9: 44301 | L9: 0 | M9: 0 | N9: 0 | O9: 0 | P9: 0 | Q9: 0 | R9: 0 | S9: 0 | T9: 0 | U9: 0 | V9: 0 | W9: 0 | X9: 0 | Y9: 0 | Z9: 0 | AA9: 0 | AB9: 3726 | AC9: 0 | AD9: 0 | AE9: 0 | AF9: 0 | AG9: 0 | AH9: =SUM(L9:AG9) -> 3726 | AI9: 43615
A10: 0100000266 | B10: 01-46480 | C10: APL | D10: 2024 | E10: 20.XX.201.310 | F10: 72000 | G10: 2020201.310 | H10: 1510 | I10: 44956 | J10: 45078 | K10: 45413 | L10: 0 | M10: 0 | N10: 0 | O10: 0 | P10: 0 | Q10: 0 | R10: 0 | S10: 0 | T10: 0 | U10: 0 | V10: 0 | W10: 0 | X10: 0 | Y10: 0 | Z10: 0 | AA10: 23 | AB10: 0 | AC10: 0 | AD10: 0 | AE10: 0 | AF10: 0 | AG10: 0 | AH10: =SUM(L10:AG10) -> 23 | AI10: 44673
A11: 0112000180 | B11: 01-43730 | C11: APL | D11: 2027 | E11: 20.XX.201.310 | F11: 2550000 | G11: 2020201.310 | H11: 1510 | I11: 42034 | J11: 42156 | K11: 42641 | L11: 0 | M11: 0 | N11: 0 | O11: 0 | P11: 0 | Q11: 0 | R11: 0 | S11: 0 | T11: 0 | U11: 0 | V11: 0 | W11: 0 | X11: 427 | Y11: 0 | Z11: 0 | AA11: 0 | AB11: 0 | AC11: 0 | AD11: 0 | AE11: 0 | AF11: 0 | AG11: 0 | AH11: =SUM(L11:AG11) -> 427 | AI11: 42451
A12: 0112000202 | B12: 01-26202 | C12: APL | D12: 2025 | E12: 20.XX.025.700, 20.XX.075.600 | F12: 21530000 | G12: 2020025.700 | H12: 1510 | I12: 32799 | J12: 39508 | K12: 41317 | L12: 0 | M12: 0 | N12: 0 | O12: 0 | P12: 0 | Q12: 0 | R12: 0 | S12: 0 | T12: 0 | U12: 0 | V12: 0 | W12: 0 | X12: 0 | Y12: 0 | Z12: 0 | AA12: 0 | AB12: 555 | AC12: 0 | AD12: 0 | AE12: 0 | AF12: 0 | AG12: 0 | AH12: =SUM(L12:AG12) -> 555 | AI12: 43740
A13: 0112000202 | B13: 01-26202 | C13: APL | D13: 2025 | E13: 20.XX.025.700, 20.XX.075.600 | F13: 21530000 | G13: 2020075.600 | H13: 1510 | I13: 32799 | J13: 39508 | K13: 41317 | L13: 0 | M13: 0 | N13: 0 | O13: 0 | P13: 0 | Q13: 0 | R13: 0 | S13: 0 | T13: 0 | U13: 0 | V13: 0 | W13: 0 | X13: 0 | Y13: 0 | Z13: 0 | AA13: 0 | AB13: 555 | AC13: 0 | AD13: 0 | AE13: 0 | AF13: 0 | AG13: 0 | AH13: =SUM(L13:AG13) -> 555 | AI13: 43740
A14: 0113000032 | B14: 01-0C720 | C14: APL | D14: 2024 | E14: 20.XX.075.600 | F14: 390000 | G14: 2020025.700 | H14: 1510 | I14: 45120 | J14: 45120 | K14: 45715 | L14: 158 | U14: 15 | V14: 0 | W14: 0 | X14: 88 | Y14: 0 | Z14: 0 | AA14: 0 | AC14: 16 | AH14: =SUM(L14:AG14) -> 277 | AI14: 43616
A15: 0113000032 | B15: 01-0C720 | C15: APL | D15: 2025 | E15: 20.XX.075.600 | F15: 390000 | G15: 2020025.700 | H15: 1510 | I15: 45120 | J15: 45120 | K15: 45715 | U15: 3 | V15: 0 | W15: 0 | X15: 0 | Y15: 0 | Z15: 7 | AA15: 0 | AH15: =SUM(L15:AG15) -> 10 | AI15: 43616
A16: 0113000090 | B16: 01-0E010 | C16: APL | D16: 2024 | E16: 20.XX.201.015 | F16: 3427000 | G16: 2020201.015 | H16: 1510 | I16: 44078 | J16: 44263 | K16: 44673 | L16: 146 | M16: 0 | N16: 0 | O16: 0 | P16: 0 | Q16: 0 | R16: 0 | S16: 0 | T16: 0 | U16: 0 | V16: 0 | W16: 0 | X16: 89 | Y16: 0 | Z16: 53 | AA16: 12 | AB16: 22 | AC16: 0 | AD16: 0 | AE16: 0 | AF16: 0 | AG16: 0 | AH16: =SUM(L16:AG16) -> 322 | AI16: 43917
A17: 0113000090 | B17: 01-0E010 | C17: APL | D17: 2025 | E17: 20.XX.201.015 | F17: 3427000 | G17: 2020201.015 | H17: 1510 | I17: 44078 | J17: 44263 | K17: 44673 | L17: 407 | M17: 0 | N17: 0 | O17: 0 | P17: 0 | Q17: 0 | R17: 0 | S17: 0 | T17: 0 | U17: 0 | V17: 0 | W17: 0 | X17: 0 | Y17: 0 | Z17: 0 | AA17: 12 | AB17: 0 | AC17: 0 | AD17: 0 | AE17: 0 | AF17: 0 | AG17: 0 | AH17: =SUM(L17:AG17) -> 419 | AI17: 43917
A18: 0113000106 | B18: 01-48400 | C18: APL | D18: 2024 | E18: 20.XX.201.151 | F18: 103000 | G18: 2020201.151 | H18: 1530 | I18: 44484 | J18: 44460 | K18: 44728 | L18: 0 | M18: 0 | N18: 0 | O18: 0 | P18: 0 | Q18: 0 | R18: 0 | S18: 0 | T18: 0 | U18: 0 | V18: 0 | W18: 0 | X18: 0 | Y18: 0 | Z18: 0 | AA18: 3 | AB18: 0 | AC18: 0 | AD18: 0 | AE18: 0 | AF18: 0 | AG18: 0 | AH18: =SUM(L18:AG18) -> 3 | AI18: 44468
A19: 0113000125 | B19: 01-0E110 | C19: APL | D19: 2024 | E19: 20.XX.201.112 | F19: 400000 | G19: 2020201.112 | H19: 1510 | I19: 44554 | J19: 44517 | K19: 44783 | L19: 0 | M19: 0 | N19: 0 | O19: 0 | P19: 0 | Q19: 0 | R19: 0 | S19: 0 | T19: 0 | U19: 0 | V19: 0 | W19: 0 | X19: 0 | Y19: 0 | Z19: 0 | AA19: 0 | AB19: 912 | AC19: 0 | AD19: 0 | AE19: 0 | AF19: 0 | AG19: 0 | AH19: =SUM(L19:AG19) -> 912 | AI19: 44509
A20: 0114000043 | B20: 01-29811 | C20: APL | D20: 2024 | E20: 20.XX.201.010 | F20: 9777000 | G20: 2020201.010 | H20: 1530 | I20: 42704 | J20: 42993 | K20: 43590 | L20: 0 | M20: 0 | N20: 0 | O20: 0 | P20: 0 | Q20: 0 | R20: 0 | S20: 0 | T20: 0 | U20: 0 | V20: 0 | W20: 0 | X20: 0 | Y20: 0 | Z20: 0 | AA20: 0 | AB20: 1138 | AC20: 0 | AD20: 0 | AE20: 0 | AF20: 0 | AG20: 0 | AH20: =SUM(L20:AG20) -> 1138 | AI20: 44645
A21: 0114000043 | B21: 01-29811 | C21: APL | D21: 2024 | E21: 20.XX.201.010 | F21: 9777000 | G21: 2020201.010 | H21: 1530 | I21: 42704 | J21: 42993 | K21: 43590 | L21: 198 | M21: 0 | N21: 0 | O21: 0 | P21: 0 | Q21: 0 | R21: 0 | S21: 0 | T21: 36 | U21: 0 | V21: 0 | W21: 0 | X21: 0 | Y21: 0 | Z21: 0 | AA21: 0 | AB21: 0 | AC21: 0 | AD21: 0 | AE21: 0 | AF21: 0 | AG21: 0 | AH21: =SUM(L21:AG21) -> 234 | AI21: 44645
A22: 0115000003 | B22: 01-0E720 | C22: APL | D22: 2024 | E22: 20.XX.201.010 | F22: 945000 | G22: 2020201.010 | H22: 1510 | I22: 43496 | J22: 43501 | K22: 43854 | L22: 0 | M22: 0 | N22: 0 | O22: 0 | P22: 0 | Q22: 0 | R22: 0 | S22: 0 | T22: 0 | U22: 0 | V22: 0 | W22: 0 | X22: 0 | Y22: 0 | Z22: 0 | AA22: 0 | AB22: 658 | AC22: 0 | AD22: 0 | AE22: 0 | AF22: 0 | AG22: 0 | AH22: =SUM(L22:AG22) -> 658 | AI22: 44680
A23: 0115000003 | B23: 01-0E720 | C23: APL | D23: 2025 | E23: 20.XX.201.010 | F23: 945000 | G23: 2020201.010 | H23: 1510 | I23: 43496 | J23: 43501 | K23: 43854 | L23: 88 | M23: 0 | N23: 0 | O23: 0 | P23: 0 | Q23: 0 | R23: 0 | S23: 0 | T23: 0 | U23: 0 | V23: 0 | W23: 0 | X23: 0 | Y23: 0 | Z23: 0 | AA23: 0 | AB23: 0 | AC23: 0 | AD23: 0 | AE23: 0 | AF23: 0 | AG23: 0 | AH23: =SUM(L23:AG23) -> 88 | AI23: 44680
A24: 0115000004 | B24: 01-0E730 | C24: APL | D24: 2024 | E24: 20.XX.201.010 | F24: 339000 | G24: 2020201.010 | H24: 1510 | I24: 43357 | J24: 43332 | K24: 43706 | L24: 0 | M24: 0 | N24: 0 | O24: 0 | P24: 0 | Q24: 0 | R24: 0 | S24: 0 | T24: 0 | U24: 0 | V24: 0 | W24: 0 | X24: 0 | Y24: 0 | Z24: 0 | AA24: 0 | AB24: 159 | AC24: 0 | AD24: 0 | AE24: 0 | AF24: 0 | AG24: 0 | AH24: =SUM(L24:AG24) -> 159 | AI24: 44657
A25: 0115000076 | B25: 01-0F160 | C25: APL | D25: 2024 | E25: 20.XX.201.010 | F25: 312000 | G25: 2020201.010 | H25: 1510 | I25: 44060 | J25: 44060 | K25: 44252 | L25: 0 | M25: 0 | N25: 0 | O25: 0 | P25: 0 | Q25: 0 | R25: 0 | S25: 0 | T25: 0 | U25: 0 | V25: 0 | W25: 0 | X25: 0 | Y25: 0 | Z25: 0 | AA25: 3 | AB25: 0 | AC25: 0 | AD25: 0 | AE25: 0 | AF25: 0 | AG25: 0 | AH25: =SUM(L25:AG25) -> 3 | AI25: 44628
A26: 0115000076 | B26: 01-0F160 | C26: APL | D26: 2025 | E26: 20.XX.201.010 | F26: 312000 | G26: 2020201.010 | H26: 1510 | I26: 44060 | J26: 44060 | K26: 44252 | L26: 0 | M26: 0 | N26: 0 | O26: 0 | P26: 0 | Q26: 0 | R26: 0 | S26: 0 | T26: 0 | U26: 0 | V26: 0 | W26: 0 | X26: 0 | Y26: 0 | Z26: 0 | AA26: 3 | AB26: 0 | AC26: 0 | AD26: 0 | AE26: 0 | AF26: 0 | AG26: 0 | AH26: =SUM(L26:AG26) -> 3 | AI26: 44628
A27: 0115000076 | B27: 01-0F160 | C27: APL | D27: 2026 | E27: 20.XX.201.010 | F27: 312000 | G27: 2020201.010 | H27: 1510 | I27: 44060 | J27: 44060 | K27: 44252 | L27: 0 | M27: 0 | N27: 0 | O27: 0 | P27: 0 | Q27: 0 | R27: 0 | S27: 0 | T27: 0 | U27: 0 | V27: 0 | W27: 0 | X27: 0 | Y27: 0 | Z27: 0 | AA27: 3 | AB27: 0 | AC27: 0 | AD27: 0 | AE27: 0 | AF27: 0 | AG27: 0 | AH27: =SUM(L27:AG27) -> 3 | AI27: 44628
... A38: 0117000115 | B38: 01-0H140 | C38: APL | D38: 2025 | E38: 20.XX.201.361 | F38: 804000 | G38: 2020201.361 | H38: 1530 | I38: 44732 | J38: 44939 | K38: 45474 | L38: 0 | M38: 0 | N38: 0 | O38: 0 | P38: 0 | Q38: 0 | R38: 0 | S38: 0 | T38: 0 | U38: 30 | V38: 0 | W38: 0 | X38: 0 | Y38: 0 | Z38: 0 | AA38: 0 | AB38: 0 | AC38: 0 | AD38: 0 | AE38: 0 | AF38: 0 | AG38: 0 | AH38: =SUM(L38:AG38) -> 30 | AI38: 44727
A39: 0117000116 | B39: 01-0H150 | C39: APL | D39: 2024 | E39: 20.XX.201.120 | F39: 109000 | G39: 2020201.121 | H39: 1510 | I39: 44722 | J39: 44783 | K39: 45200 | L39: 23 | U39: 0 | V39: 0 | W39: 0 | X39: 0 | Y39: 0 | Z39: 0 | AA39: 0 | AB39: 0 | AH39: =SUM(L39:AG39) -> 23 | AI39: 44705
A40: 0117000133 | B40: 01-43484 | C40: APL | D40: 2024 | E40: 20.XX.201.112 | F40: 385000 | G40: 2020201.112 | H40: 1510 | I40: 44617 | J40: 44536 | K40: 44937 | M40: 0 | N40: 0 | O40: 0 | P40: 0 | Q40: 0 | R40: 0 | S40: 0 | T40: 0 | U40: 0 | V40: 0 | W40: 0 | X40: 0 | Y40: 0 | Z40: 0 | AA40: 0 | AB40: 98 | AC40: 0 | AD40: 0 | AE40: 0 | AF40: 0 | AG40: 0 | AH40: =SUM(L40:AG40) -> 98 | AI40: 44585
A41: 0117000133 | B41: 01-43484 | C41: APL | D41: 2026 | E41: 20.XX.201.112 | F41: 385000 | G41: 2020201.112 | H41: 1500 | I41: 44617 | J41: 44536 | K41: 44937 | L41: 162 | M41: 0 | N41: 0 | O41: 0 | P41: 0 | Q41: 0 | R41: 0 | S41: 0 | T41: 0 | U41: 0 | V41: 0 | W41: 0 | X41: 0 | Y41: 0 | Z41: 0 | AA41: 0 | AB41: 0 | AC41: 0 | AD41: 0 | AE41: 0 | AF41: 0 | AG41: 0 | AH41: =SUM(L41:AG41) -> 162 | AI41: 44585
A42: 0117000140 | B42: 01-0H240 | C42: APL | D42: 2024 | E42: 20.XX.201.151 | F42: 700000 | G42: 2020201.151 | H42: 1510 | I42: 45352 | J42: 45352 | K42: 46157 | L42: 0 | M42: 0 | N42: 0 | O42: 0 | P42: 0 | Q42: 0 | R42: 0 | S42: 0 | T42: 0 | U42: 0 | V42: 0 | W42: 0 | X42: 18 | Y42: 0 | Z42: 0 | AA42: 0 | AB42: 0 | AC42: 0 | AD42: 0 | AE42: 0 | AF42: 0 | AG42: 0 | AH42: =SUM(L42:AG42) -> 18 | AI42: 44529
A43: 0117000140 | B43: 01-0H240 | C43: APL | D43: 2025 | E43: 20.XX.201.151 | F43: 700000 | G43: 2020201.151 | H43: 1510 | I43: 45352 | J43: 45352 | K43: 46157 | L43: 103 | M43: 0 | N43: 0 | O43: 0 | P43: 0 | Q43: 0 | R43: 0 | S43: 0 | T43: 0 | U43: 17 | V43: 0 | W43: 0 | X43: 0 | Y43: 0 | Z43: 0 | AA43: 0 | AB43: 0 | AC43: 82 | AD43: 0 | AE43: 0 | AF43: 0 | AG43: 0 | AH43: =SUM(L43:AG43) -> 202 | AI43: 44529
A44: 0117000140 | B44: 01-0H240 | C44: APL | D44: 2026 | E44: 20.XX.201.151 | F44: 700000 | G44: 2020201.151 | H44: 1510 | I44: 45352 | J44: 45352 | K44: 46157 | L44: 22 | M44: 0 | N44: 0 | O44: 0 | P44: 0 | Q44: 0 | R44: 0 | S44: 0 | T44: 0 | U44: 0 | V44: 0 | W44: 0 | X44: 0 | Y44: 0 | Z44: 0 | AA44: 0 | AB44: 0 | AC44: 0 | AD44: 0 | AE44: 0 | AF44: 0 | AG44: 0 | AH44: =SUM(L44:AG44) -> 22 | AI44: 44529
A45: 0117000169 | B45: 01-0H410 | C45: APL | D45: 2024 | E45: 20.XX.201.151 | F45: 474000 | G45: 2020201.151 | H45: 1510 | I45: 44733 | K45: 45266 | L45: 0 | M45: 0 | N45: 0 | O45: 0 | P45: 0 | Q45: 0 | R45: 0 | S45: 0 | T45: 0 | U45: 0 | V45: 0 | W45: 0 | X45: 0 | Y45: 0 | Z45: 0 | AA45: 356 | AB45: 0 | AC45: 0 | AD45: 0 | AE45: 0 | AF45: 0 | AG45: 0 | AH45: =SUM(L45:AG45) -> 356 | AI45: 44698
A46: 0117000169 | B46: 01-0H410 | C46: APL | D46: 2029 | E46: 20.XX.201.151 | F46: 474000 | G46: 2020201.151 | H46: 1510 | I46: 44733 | K46: 45266 | L46: 0 | M46: 0 | N46: 0 | O46: 0 | P46: 0 | Q46: 0 | R46: 0 | S46: 0 | T46: 0 | U46: 0 | V46: 0 | W46: 0 | X46: 7 | Y46: 0 | Z46: 0 | AA46: 0 | AB46: 0 | AC46: 0 | AD46: 0 | AE46: 0 | AF46: 0 | AG46: 0 | AH46: =SUM(L46:AG46) -> 7 | AI46: 44698
A47: 0117000223 | B47: 01-0A131 | C47: APL | D47: 2024 | E47: 20.XX.201.113 | F47: 251000 | G47: 2020201.113 | H47: 1530 | I47: 44180 | J47: 44195 | K47: 44792 | L47: 0 | M47: 0 | N47: 0 | O47: 0 | P47: 0 | Q47: 0 | R47: 0 | S47: 0 | T47: 0 | U47: 0 | V47: 0 | W47: 0 | X47: 0 | Y47: 0 | Z47: 0 | AA47: 24 | AB47: 0 | AC47: 0 | AD47: 0 | AE47: 0 | AF47: 0 | AG47: 0 | AH47: =SUM(L47:AG47) -> 24 | AI47: 44907
A48: 0117000245 | B48: 01-0H640 | C48: APL | D48: 2024 | E48: 20.XX.201.151 | F48: 1775000 | G48: 2020201.151 | H48: 1510 | I48: 45061 | J48: 45061 | K48: 45383 | L48: 26 | U48: 19 | V48: 0 | W48: 0 | X48: 0 | Y48: 0 | Z48: 0 | AB48: 823 | AC48: 24 | AH48: =SUM(L48:AG48) -> 892 | AI48: 44783
A49: 0117000245 | B49: 01-0H640 | C49: APL | D49: 2025 | E49: 20.XX.201.151 | F49: 1775000 | G49: 2020201.151 | H49: 1530 | I49: 45061 | J49: 45061 | K49: 45383 | L49: 0 | M49: 0 | N49: 0 | O49: 0 | P49: 0 | Q49: 0 | R49: 0 | S49: 0 | T49: 0 | U49: 0 | V49: 0 | W49: 0 | X49: 0 | Y49: 0 | Z49: 0 | AA49: 0 | AB49: 1224 | AC49: 0 | AD49: 0 | AE49: 0 | AF49: 0 | AG49: 0 | AH49: =SUM(L49:AG49) -> 1224 | AI49: 44873
A50: 0117000245 | B50: 01-0H640 | C50: APL | D50: 2025 | E50: 20.XX.201.151 | F50: 1775000 | G50: 2020201.151 | H50: 1510 | I50: 45061 | J50: 45061 | K50: 45383 | L50: 0 | M50: 0 | N50: 0 | O50: 0 | P50: 0 | Q50: 0 | R50: 0 | S50: 0 | T50: 0 | U50: 0 | V50: 0 | W50: 0 | X50: 0 | Y50: 0 | Z50: 0 | AA50: 0 | AB50: 824 | AC50: 17 | AD50: 0 | AE50: 0 | AF50: 0 | AG50: 0 | AH50: =SUM(L50:AG50) -> 841 | AI50: 44873
A51: 0117000246 | B51: 01-0H650 | C51: APL | D51: 2024 | E51: 20.XX.201.151 | F51: 1175000 | G51: 2020201.151 | H51: 1510 | I51: 45065 | J51: 45065 | K51: 45519 | L51: 165 | U51: 16 | V51: 0 | W51: 0 | X51: 0 | Y51: 0 | Z51: 0 | AA51: 51 | AC51: 52 | AH51: =SUM(L51:AG51) -> 284 | AI51: 44999
A52: 0117000246 | B52: 01-0H650 | C52: APL | D52: 2025 | E52: 20.XX.201.151 | F52: 1175000 | G52: 2020201.151 | H52: 1510 | I52: 45065 | J52: 45065 | K52: 45519 | L52: 165 | U52: 0 | V52: 0 | W52: 0 | X52: 0 | Y52: 0 | Z52: 0 | AA52: 0 | AB52: 231 | AH52: =SUM(L52:AG52) -> 396 | AI52: 44999
A53: 0118000078 | B53: 01-29841 | C53: APL | D53: 2024 | E53: 20.XX.025.700; 20.XX.075.600 | F53: 0 | G53: 2020025.700 | H53: 1500 | I53: 42704 | J53: 45672 | K53: 46357 | L53: 0 | M53: 0 | N53: 0 | O53: 0 | P53: 0 | Q53: 0 | R53: 0 | S53: 0 | T53: 0 | U53: 5 | V53: 0 | W53: 0 | X53: 176 | Y53: 0 | Z53: 0 | AA53: 182 | AB53: 0 | AC53: 0 | AD53: 0 | AE53: 0 | AF53: 0 | AG53: 0 | AH53: =SUM(L53:AG53) -> 363 | AI53: 44819
A54: 0118000078 | B54: 01-29841 | C54: APL | D54: 2025 | E54: 20.XX.025.700; 20.XX.075.600 | F54: 0 | G54: 2020025.700 | H54: 1500 | I54: 42704 | J54: 45672 | K54: 46357 | L54: 1292 | M54: 0 | N54: 0 | O54: 0 | P54: 0 | Q54: 0 | R54: 0 | S54: 0 | T54: 0 | U54: 0 | V54: 0 | W54: 0 | X54: 0 | Y54: 0 | Z54: 0 | AA54: 0 | AB54: 0 | AC54: 0 | AD54: 0 | AE54: 0 | AF54: 0 | AG54: 0 | AH54: =SUM(L54:AG54) -> 1292 | AI54: 44819
A55: 0118000078 | B55: 01-29841 | C55: APL | D55: 2027 | E55: 20.XX.025.700; 20.XX.075.600 | F55: 0 | G55: 2020075.600 | H55: 1500 | I55: 42704 | J55: 45672 | K55: 46357 | U55: 16 | V55: 0 | W55: 0 | X55: 3639 | Z55: 0 | AA55: 0 | AB55: 9690 | AH55: =SUM(L55:AG55) -> 13345 | AI55: 43636
A56: 0118000078 | B56: 01-29841 | C56: APL | D56: 2027 | E56: 20.XX.025.700; 20.XX.075.600 | F56: 0 | G56: 2020075.600 | H56: 1500 | I56: 42704 | J56: 45672 | K56: 46357 | L56: 0 | M56: 0 | N56: 0 | O56: 0 | P56: 0 | Q56: 0 | R56: 0 | S56: 0 | T56: 0 | U56: 0 | V56: 0 | W56: 0 | X56: 0 | Y56: 0 | Z56: 0 | AA56: 0 | AB56: 4505 | AC56: 0 | AD56: 0 | AE56: 0 | AF56: 0 | AG56: 0 | AH56: =SUM(L56:AG56) -> 4505 | AI56: 44819
A57: 0118000079 | B57: 01-29831 | C57: APL | D57: 2024 | E57: 20.XX.025.700; 20.XX.075.600 | F57: 0 | G57: 2020025.700 | H57: 1500 | I57: 42704 | J57: 45672 | K57: 46357 | L57: 0 | M57: 0 | N57: 0 | O57: 0 | P57: 0 | Q57: 0 | R57: 0 | S57: 0 | T57: 0 | U57: 13 | V57: 0 | W57: 0 | X57: 126 | Y57: 0 | Z57: 0 | AA57: 332 | AB57: 0 | AC57: 0 | AD57: 0 | AE57: 0 | AF57: 0 | AG57: 0 | AH57: =SUM(L57:AG57) -> 471 | AI57: 44819
A58: 0118000079 | B58: 01-29831 | C58: APL | D58: 2026 | E58: 20.XX.025.700; 20.XX.075.600 | F58: 0 | G58: 2020075.600 | H58: 1500 | I58: 42704 | J58: 45672 | K58: 46357 | L58: 7332 | M58: 0 | N58: 0 | O58: 0 | P58: 0 | Q58: 0 | R58: 0 | S58: 0 | T58: 0 | U58: 0 | V58: 0 | W58: 0 | X58: 0 | Y58: 25 | Z58: 49 | AA58: 0 | AB58: 0 | AC58: 0 | AD58: 0 | AE58: 0 | AF58: 0 | AG58: 0 | AH58: =SUM(L58:AG58) -> 7406 | AI58: 44089
A59: 0118000079 | B59: 01-29831 | C59: APL | D59: 2027 | E59: 20.XX.025.700; 20.XX.075.600 | F59: 0 | G59: 2020025.700 | H59: 1500 | I59: 42704 | J59: 45672 | K59: 46357 | U59: 50 | V59: 0 | W59: 0 | X59: 10547 | AA59: 0 | AB59: 12526 | AH59: =SUM(L59:AG59) -> 23123 | AI59: 43636
A60: 0118000079 | B60: 01-29831 | C60: APL | D60: 2027 | E60: 20.XX.025.700; 20.XX.075.600 | F60: 0 | G60: 2020075.600 | H60: 1500 | I60: 42704 | J60: 45672 | K60: 46357 | L60: 0 | M60: 0 | N60: 0 | O60: 0 | P60: 0 | Q60: 0 | R60: 0 | S60: 0 | T60: 0 | U60: 0 | V60: 0 | W60: 0 | X60: 9571 | Y60: 0 | Z60: 0 | AA60: 0 | AB60: 0 | AC60: 0 | AD60: 0 | AE60: 0 | AF60: 0 | AG60: 0 | AH60: =SUM(L60:AG60) -> 9571 | AI60: 44818
A61: 0118000113 | B61: 01-0H830 | C61: APL | D61: 2025 | E61: 20.XX.201.010 | F61: 0 | G61: 2020201.010 | H61: 1500 | I61: 46269 | J61: 46269 | K61: 46816 | L61: 0 | M61: 0 | N61: 0 | O61: 0 | P61: 0 | Q61: 0 | R61: 0 | S61: 0 | T61: 0 | U61: 0 | V61: 0 | W61: 80 | X61: 0 | Y61: 0 | Z61: 0 | AA61: 0 | AB61: 0 | AC61: 0 | AD61: 0 | AE61: 0 | AF61: 0 | AG61: 0 | AH61: =SUM(L61:AG61) -> 80 | AI61: 44978
A62: 0118000113 | B62: 01-0H830 | C62: APL | D62: 2026 | E62: 20.XX.201.010 | F62: 0 | G62: 2020201.010 | H62: 1500 | I62: 46269 | J62: 46269 | K62: 46816 | L62: 2391 | M62: 0 | N62: 0 | O62: 0 | P62: 0 | Q62: 0 | R62: 0 | S62: 0 | T62: 0 | U62: 48 | V62: 0 | W62: 0 | X62: 0 | Y62: 0 | Z62: 62 | AA62: 0 | AB62: 0 | AC62: 42 | AD62: 0 | AE62: 0 | AF62: 0 | AG62: 0 | AH62: =SUM(L62:AG62) -> 2543 | AI62: 44978
A63: 0118000113 | B63: 01-0H830 | C63: APL | D63: 2027 | E63: 20.XX.201.010 | F63: 0 | G63: 2020201.010 | H63: 1500 | I63: 46269 | J63: 46269 | K63: 46816 | L63: 0 | M63: 0 | N63: 0 | O63: 0 | P63: 0 | Q63: 0 | R63: 0 | S63: 0 | T63: 0 | U63: 12 | V63: 0 | W63: 0 | X63: 1316 | Y63: 92 | Z63: 0 | AA63: 0 | AB63: 1582 | AC63: 0 | AD63: 0 | AE63: 0 | AF63: 0 | AG63: 0 | AH63: =SUM(L63:AG63) -> 3002 | AI63: 44978
A64: 0118000117 | B64: 01-0H840 | C64: APL | D64: 2024 | E64: 20.XX.201.010 | F64: 560000 | G64: 2020201.010 | H64: 1530 | I64: 44096 | J64: 44074 | K64: 44872 | L64: 0 | M64: 0 | N64: 0 | O64: 0 | P64: 0 | Q64: 0 | R64: 0 | S64: 0 | T64: 0 | U64: 0 | V64: 0 | W64: 0 | X64: 0 | Y64: 0 | Z64: 98 | AA64: 3 | AB64: 68 | AC64: 0 | AD64: 0 | AE64: 0 | AF64: 0 | AG64: 0 | AH64: =SUM(L64:AG64) -> 169 | AI64: 44049
A65: 0118000190 | B65: 01-0J210 | C65: APL | D65: 2024 | E65: 20.XX.201.121 | F65: 52000 | G65: 2020201.121 | H65: 1510 | I65: 45008 | J65: 44919 | K65: 45474 | L65: 0 | M65: 0 | N65: 0 | O65: 0 | P65: 0 | Q65: 0 | R65: 0 | S65: 0 | T65: 0 | U65: 0 | V65: 0 | W65: 0 | X65: 0 | Y65: 0 | Z65: 0 | AA65: 0 | AB65: 0 | AC65: 9 | AD65: 0 | AE65: 0 | AF65: 0 | AG65: 0 | AH65: =SUM(L65:AG65) -> 9 | AI65: 44851
A66: 0118000190 | B66: 01-0J210 | C66: APL | D66: 2025 | E66: 20.XX.201.121 | F66: 52000 | G66: 2020201.121 | H66: 1510 | I66: 45008 | J66: 44919 | K66: 45474 | L66: 7 | M66: 0 | N66: 0 | O66: 0 | P66: 0 | Q66: 0 | R66: 0 | S66: 0 | T66: 0 | U66: 0 | V66: 0 | W66: 0 | X66: 0 | Y66: 0 | Z66: 0 | AA66: 0 | AB66: 0 | AC66: 0 | AD66: 0 | AE66: 0 | AF66: 0 | AG66: 0 | AH66: =SUM(L66:AG66) -> 7 | AI66: 44851
A67: 0118000190 | B67: 01-0J210 | C67: APL | D67: 2026 | E67: 20.XX.201.121 | F67: 52000 | G67: 2020201.121 | H67: 1510 | I67: 45008 | J67: 44919 | K67: 45474 | L67: 0 | M67: 0 | N67: 0 | O67: 0 | P67: 0 | Q67: 0 | R67: 0 | S67: 0 | T67: 0 | U67: 0 | V67: 0 | W67: 0 | X67: 16 | Y67: 0 | Z67: 0 | AA67: 0 | AB67: 0 | AC67: 0 | AD67: 0 | AE67: 0 | AF67: 0 | AG67: 0 | AH67: =SUM(L67:AG67) -> 16 | AI67: 44851
A68: 0119000025 | B68: 01-0J410 | C68: APL | D68: 2024 | E68: 20.XX.201.010 | F68: 89000 | G68: 2020201.010 | H68: 1510 | I68: 44302 | K68: 44616 | L68: 0 | M68: 0 | N68: 0 | O68: 0 | P68: 0 | Q68: 0 | R68: 0 | S68: 0 | T68: 0 | U68: 0 | V68: 0 | W68: 0 | X68: 0 | Y68: 0 | Z68: 0 | AA68: 3 | AB68: 0 | AC68: 0 | AD68: 0 | AE68: 0 | AF68: 0 | AG68: 0 | AH68: =SUM(L68:AG68) -> 3 | AI68: 44628
A69: 0119000025 | B69: 01-0J410 | C69: APL | D69: 2025 | E69: 20.XX.201.010 | F69: 89000 | G69: 2020201.010 | H69: 1510 | I69: 44302 | K69: 44616 | L69: 0 | M69: 0 | N69: 0 | O69: 0 | P69: 0 | Q69: 0 | R69: 0 | S69: 0 | T69: 0 | U69: 0 | V69: 0 | W69: 0 | X69: 0 | Y69: 0 | Z69: 0 | AA69: 3 | AB69: 0 | AC69: 0 | AD69: 0 | AE69: 0 | AF69: 0 | AG69: 0 | AH69: =SUM(L69:AG69) -> 3 | AI69: 44628
A70: 0119000025 | B70: 01-0J410 | C70: APL | D70: 2026 | E70: 20.XX.201.010 | F70: 89000 | G70: 2020201.010 | H70: 1510 | I70: 44302 | K70: 44616 | L70: 0 | M70: 0 | N70: 0 | O70: 0 | P70: 0 | Q70: 0 | R70: 0 | S70: 0 | T70: 0 | U70: 0 | V70: 0 | W70: 0 | X70: 0 | Y70: 0 | Z70: 0 | AA70: 3 | AB70: 0 | AC70: 0 | AD70: 0 | AE70: 0 | AF70: 0 | AG70: 0 | AH70: =SUM(L70:AG70) -> 3 | AI70: 44628
A71: 0119000025 | B71: 01-0J410 | C71: APL | D71: 2027 | E71: 20.XX.201.010 | F71: 89000 | G71: 2020201.010 | H71: 1510 | I71: 44302 | K71: 44616 | L71: 0 | M71: 0 | N71: 0 | O71: 0 | P71: 0 | Q71: 0 | R71: 0 | S71: 0 | T71: 0 | U71: 0 | V71: 0 | W71: 0 | X71: 0 | Y71: 0 | Z71: 0 | AA71: 3 | AB71: 0 | AC71: 0 | AD71: 0 | AE71: 0 | AF71: 0 | AG71: 0 | AH71: =SUM(L71:AG71) -> 3 | AI71: 44628
A72: 0119000119 | B72: 01-0J890 | C72: APL | D72: 2024 | E72: 20.XX.201.010 | F72: 1024000 | G72: 2020201.010 | H72: 1510 | I72: 45023 | J72: 45023 | K72: 45372 | L72: 296 | M72: 0 | N72: 0 | O72: 0 | P72: 0 | Q72: 0 | R72: 0 | S72: 0 | T72: 0 | U72: 5 | V72: 0 | W72: 0 | X72: 246 | Y72: 0 | Z72: 0 | AA72: 0 | AB72: 0 | AC72: 25 | AD72: 0 | AE72: 0 | AF72: 0 | AG72: 0 | AH72: =SUM(L72:AG72) -> 572 | AI72: 44504
A73: 0119000119 | B73: 01-0J890 | C73: APL | D73: 2029 | E73: 20.XX.201.010 | F73: 1024000 | G73: 2020201.010 | H73: 1500 | I73: 45023 | J73: 45023 | K73: 45372 | L73: 0 | M73: 0 | N73: 0 | O73: 0 | P73: 0 | Q73: 0 | R73: 0 | S73: 0 | T73: 0 | U73: 0 | V73: 0 | W73: 0 | X73: 0 | Y73: 0 | Z73: 0 | AA73: 0 | AB73: 883 | AC73: 0 | AD73: 0 | AE73: 0 | AF73: 0 | AG73: 0 | AH73: =SUM(L73:AG73) -> 883 | AI73: 44504
A74: 0119000123 | B74: 01-0J930 | C74: APL | D74: 2024 | E74: 20.XX.201.121 | F74: 505000 | G74: 2020201.121 | H74: 1500 | I74: 45474 | J74: 45341 | K74: 45964 | L74: 0 | M74: 0 | N74: 0 | O74: 0 | P74: 0 | Q74: 0 | R74: 0 | S74: 0 | T74: 0 | U74: 0 | V74: 0 | W74: 0 | X74: 0 | Y74: 0 | Z74: 0 | AA74: 0 | AB74: 0 | AC74: 18 | AD74: 0 | AE74: 0 | AF74: 0 | AG74: 0 | AH74: =SUM(L74:AG74) -> 18 | AI74: 43873
A75: 0119000123 | B75: 01-0J930 | C75: APL | D75: 2029 | E75: 20.XX.201.121 | F75: 505000 | G75: 2020201.121 | H75: 1500 | I75: 45474 | J75: 45341 | K75: 45964 | L75: 0 | M75: 0 | N75: 0 | O75: 0 | P75: 0 | Q75: 0 | R75: 0 | S75: 0 | T75: 0 | U75: 0 | V75: 0 | W75: 30 | X75: 457 | Y75: 0 | Z75: 0 | AA75: 0 | AB75: 0 | AC75: 0 | AD75: 0 | AE75: 0 | AF75: 0 | AG75: 0 | AH75: =SUM(L75:AG75) -> 487 | AI75: 43873
A76: 0119000124 | B76: 01-0J940 | C76: APL | D76: 2024 | E76: 20.XX.201.121 | F76: 193000 | G76: 2020201.121 | H76: 1500 | I76: 45266 | J76: 45266 | K76: 45852 | L76: 0 | M76: 0 | N76: 0 | O76: 0 | P76: 0 | Q76: 0 | R76: 0 | S76: 0 | T76: 0 | U76: 0 | V76: 0 | W76: 0 | X76: 0 | Y76: 0 | Z76: 0 | AA76: 0 | AB76: 0 | AC76: 25 | AD76: 0 | AE76: 0 | AF76: 0 | AG76: 0 | AH76: =SUM(L76:AG76) -> 25 | AI76: 43993
A77: 0119000124 | B77: 01-0J940 | C77: APL | D77: 2025 | E77: 20.XX.201.121 | F77: 193000 | G77: 2020201.121 | H77: 1500 | I77: 45266 | J77: 45266 | K77: 45852 | L77: 64 | M77: 0 | N77: 0 | O77: 0 | P77: 0 | Q77: 0 | R77: 0 | S77: 0 | T77: 0 | U77: 8 | V77: 0 | W77: 0 | X77: 0 | Y77: 0 | Z77: 0 | AA77: 0 | AB77: 0 | AC77: 0 | AD77: 0 | AE77: 0 | AF77: 0 | AG77: 0 | AH77: =SUM(L77:AG77) -> 72 | AI77: 43993
A78: 0119000124 | B78: 01-0J940 | C78: APL | D78: 2026 | E78: 20.XX.201.121 | F78: 193000 | G78: 2020201.121 | H78: 1500 | I78: 45266 | J78: 45266 | K78: 45852 | L78: 63 | M78: 0 | N78: 0 | O78: 0 | P78: 0 | Q78: 0 | R78: 0 | S78: 0 | T78: 0 | U78: 13 | V78: 0 | W78: 0 | X78: 0 | Y78: 0 | Z78: 0 | AA78: 0 | AB78: 0 | AC78: 0 | AD78: 0 | AE78: 0 | AF78: 0 | AG78: 0 | AH78: =SUM(L78:AG78) -> 76 | AI78: 43993
A79: 0119000125 | B79: 01-0J950 | C79: APL | D79: 2026 | E79: 20.XX.201.121 | F79: 0 | G79: 2020201.121 | H79: 1500 | I79: 45964 | J79: 45964 | K79: 46371 | L79: 0 | M79: 0 | N79: 0 | O79: 0 | P79: 0 | Q79: 0 | R79: 0 | S79: 0 | T79: 0 | U79: 0 | V79: 0 | W79: 0 | X79: 0 | Y79: 0 | Z79: 0 | AA79: 8 | AB79: 0 | AC79: 4 | AD79: 0 | AE79: 0 | AF79: 0 | AG79: 0 | AH79: =SUM(L79:AG79) -> 12 | AI79: 44865
A80: 0119000129 | B80: 01-0J990 | C80: APL | D80: 2024 | E80: 20.XX.201.121 | F80: 21000 | G80: 2020201.151 | H80: 1510 | I80: 45280 | J80: 45250 | K80: 45931 | L80: 0 | M80: 0 | N80: 0 | O80: 0 | P80: 0 | Q80: 0 | R80: 0 | S80: 0 | T80: 0 | U80: 0 | V80: 0 | W80: 0 | X80: 0 | Y80: 0 | Z80: 0 | AA80: 0 | AB80: 0 | AC80: 21 | AD80: 0 | AE80: 0 | AF80: 0 | AG80: 0 | AH80: =SUM(L80:AG80) -> 21 | AI80: 43948
A81: 0119000130 | B81: 01-0K000 | C81: APL | D81: 2024 | E81: 20.XX.201.121 | F81: 106000 | G81: 2020201.121 | H81: 1500 | I81: 45327 | J81: 45327 | K81: 45839 | L81: 0 | M81: 0 | N81: 0 | O81: 0 | P81: 0 | Q81: 0 | R81: 0 | S81: 0 | T81: 0 | U81: 0 | V81: 0 | W81: 0 | X81: 13 | Y81: 0 | Z81: 0 | AA81: 0 | AB81: 0 | AC81: 0 | AD81: 0 | AE81: 0 | AF81: 0 | AG81: 0 | AH81: =SUM(L81:AG81) -> 13 | AI81: 44299
A82: 0119000130 | B82: 01-0K000 | C82: APL | D82: 2025 | E82: 20.XX.201.121 | F82: 106000 | G82: 2020201.121 | H82: 1500 | I82: 45327 | J82: 45327 | K82: 45839 | L82: 43 | M82: 0 | N82: 0 | O82: 0 | P82: 0 | Q82: 0 | R82: 0 | S82: 0 | T82: 0 | U82: 7 | V82: 0 | W82: 0 | X82: 0 | Y82: 0 | Z82: 0 | AA82: 0 | AB82: 0 | AC82: 0 | AD82: 0 | AE82: 0 | AF82: 0 | AG82: 0 | AH82: =SUM(L82:AG82) -> 50 | AI82: 44299
A83: 0119000130 | B83: 01-0K000 | C83: APL | D83: 2026 | E83: 20.XX.201.121 | F83: 106000 | G83: 2020201.121 | H83: 1500 | I83: 45327 | J83: 45327 | K83: 45839 | L83: 43 | M83: 0 | N83: 0 | O83: 0 | P83: 0 | Q83: 0 | R83: 0 | S83: 0 | T83: 0 | U83: 0 | V83: 0 | W83: 0 | X83: 0 | Y83: 0 | Z83: 0 | AA83: 0 | AB83: 0 | AC83: 0 | AD83: 0 | AE83: 0 | AF83: 0 | AG83: 0 | AH83: =SUM(L83:AG83) -> 43 | AI83: 44299
... A126: 0121000091 | B126: 01-0L270 | C126: APL | D126: 2028 | E126: 40.XX.201.151 | F126: 0 | G126: 2020201.119 | H126: 1500 | I126: 46540 | J126: 46540 | K126: 47301 | L126: 160 | M126: 0 | N126: 0 | O126: 0 | P126: 0 | Q126: 0 | R126: 0 | S126: 0 | T126: 0 | U126: 0 | V126: 0 | W126: 0 | X126: 0 | Y126: 0 | Z126: 0 | AA126: 0 | AB126: 0 | AC126: 0 | AD126: 0 | AE126: 0 | AF126: 0 | AG126: 0 | AH126: =SUM(L126:AG126) -> 160 | AI126: 44880
A127: 0121000091 | B127: 01-0L270 | C127: APL | D127: 2029 | E127: 40.XX.201.151 | F127: 0 | G127: 2020201.119 | H127: 1500 | I127: 46540 | J127: 46540 | K127: 47301 | M127: 0 | N127: 0 | O127: 0 | P127: 0 | Q127: 0 | R127: 0 | S127: 0 | T127: 0 | U127: 2 | V127: 0 | W127: 0 | X127: 57 | Y127: 0 | Z127: 0 | AA127: 0 | AB127: 395 | AC127: 0 | AD127: 0 | AE127: 0 | AF127: 0 | AG127: 0 | AH127: =SUM(L127:AG127) -> 454 | AI127: 44880
A128: 0121000093 | B128: 01-0L290 | C128: APL | D128: 2026 | E128: 40.XX.201.151 | F128: 0 | G128: 2020201.151 | H128: 1500 | I128: 46448 | J128: 46448 | K128: 47000 | L128: 0 | M128: 0 | N128: 0 | O128: 0 | P128: 0 | Q128: 0 | R128: 0 | S128: 0 | T128: 0 | U128: 0 | V128: 0 | W128: 0 | X128: 40 | Y128: 0 | Z128: 0 | AA128: 0 | AB128: 0 | AC128: 0 | AD128: 0 | AE128: 0 | AF128: 0 | AG128: 0 | AH128: =SUM(L128:AG128) -> 40 | AI128: 44851
A129: 0121000093 | B129: 01-0L290 | C129: APL | D129: 2027 | E129: 40.XX.201.151 | F129: 0 | G129: 2020201.151 | H129: 1500 | I129: 46448 | J129: 46448 | K129: 47000 | L129: 182 | M129: 0 | N129: 0 | O129: 0 | P129: 0 | Q129: 0 | R129: 0 | S129: 0 | T129: 0 | U129: 41 | V129: 0 | W129: 0 | X129: 0 | Y129: 0 | Z129: 0 | AA129: 0 | AB129: 0 | AC129: 95 | AD129: 0 | AE129: 0 | AF129: 0 | AG129: 0 | AH129: =SUM(L129:AG129) -> 318 | AI129: 44851
A130: 0121000093 | B130: 01-0L290 | C130: APL | D130: 2028 | E130: 40.XX.201.151 | F130: 0 | G130: 2020201.151 | H130: 1500 | I130: 46448 | J130: 46448 | K130: 47000 | L130: 0 | M130: 0 | N130: 0 | O130: 0 | P130: 0 | Q130: 0 | R130: 0 | S130: 0 | T130: 0 | U130: 54 | V130: 0 | W130: 0 | X130: 0 | Y130: 0 | Z130: 0 | AA130: 100 | AB130: 0 | AC130: 0 | AD130: 0 | AE130: 0 | AF130: 0 | AG130: 0 | AH130: =SUM(L130:AG130) -> 154 | AI130: 44851
A131: 0121000093 | B131: 01-0L290 | C131: APL | D131: 2029 | E131: 40.XX.201.151 | F131: 0 | G131: 2020201.151 | H131: 1500 | I131: 46448 | J131: 46448 | K131: 47000 | L131: 181 | M131: 0 | N131: 0 | O131: 0 | P131: 0 | Q131: 0 | R131: 0 | S131: 0 | T131: 0 | U131: 0 | V131: 0 | W131: 0 | X131: 79 | Y131: 0 | Z131: 0 | AA131: 0 | AB131: 0 | AC131: 0 | AD131: 0 | AE131: 0 | AF131: 0 | AG131: 0 | AH131: =SUM(L131:AG131) -> 260 | AI131: 44851
A132: 0121000095 | B132: 01-0L310 | C132: APL | D132: 2025 | E132: 40.XX.201.122 | F132: 0 | G132: 2020201.121 | H132: 1500 | I132: 45964 | J132: 45964 | K132: 46267 | L132: 0 | M132: 0 | N132: 0 | O132: 0 | P132: 0 | Q132: 0 | R132: 0 | S132: 0 | T132: 0 | U132: 0 | V132: 0 | W132: 0 | X132: 12 | Y132: 0 | Z132: 0 | AA132: 0 | AB132: 0 | AC132: 0 | AD132: 0 | AE132: 0 | AF132: 0 | AG132: 0 | AH132: =SUM(L132:AG132) -> 12 | AI132: 44910
A133: 0121000095 | B133: 01-0L310 | C133: APL | D133: 2026 | E133: 40.XX.201.122 | F133: 0 | G133: 2020201.121 | H133: 1500 | I133: 45964 | J133: 45964 | K133: 46267 | L133: 0 | M133: 0 | N133: 0 | O133: 0 | P133: 0 | Q133: 0 | R133: 0 | S133: 0 | T133: 0 | U133: 0 | V133: 0 | W133: 0 | X133: 0 | Y133: 0 | Z133: 0 | AA133: 2 | AB133: 0 | AC133: 0 | AD133: 0 | AE133: 0 | AF133: 0 | AG133: 0 | AH133: =SUM(L133:AG133) -> 2 | AI133: 44910
A134: 0121000105 | B134: 01-0L380 | C134: APL | D134: 2024 | E134: 20.XX.201.010 | F134: 1011000 | G134: 2020201.010 | H134: 1500 | I134: 45427 | J134: 45427 | K134: 46082 | L134: 15 | M134: 0 | N134: 0 | O134: 0 | P134: 0 | Q134: 0 | R134: 0 | S134: 0 | T134: 0 | U134: 1 | V134: 0 | W134: 0 | X134: 0 | Y134: 0 | Z134: 0 | AA134: 0 | AB134: 0 | AC134: 42 | AD134: 0 | AE134: 0 | AF134: 0 | AG134: 0 | AH134: =SUM(L134:AG134) -> 58 | AI134: 44614
A135: 0121000105 | B135: 01-0L380 | C135: APL | D135: 2025 | E135: 20.XX.201.010 | F135: 1011000 | G135: 2020201.010 | H135: 1500 | I135: 45427 | J135: 45427 | K135: 46082 | L135: 0 | M135: 0 | N135: 0 | O135: 0 | P135: 0 | Q135: 0 | R135: 0 | S135: 0 | T135: 0 | U135: 0 | V135: 0 | W135: 0 | X135: 0 | Y135: 0 | Z135: 0 | AA135: 0 | AB135: 927 | AC135: 0 | AD135: 0 | AE135: 0 | AF135: 0 | AG135: 0 | AH135: =SUM(L135:AG135) -> 927 | AI135: 44614
A136: 0121000105 | B136: 01-0L380 | C136: APL | D136: 2029 | E136: 20.XX.201.010 | F136: 1011000 | G136: 2020201.010 | H136: 1500 | I136: 45427 | J136: 45427 | K136: 46082 | L136: 0 | M136: 0 | N136: 0 | O136: 0 | P136: 0 | Q136: 0 | R136: 0 | S136: 0 | T136: 0 | U136: 0 | V136: 0 | W136: 0 | X136: 26 | Y136: 0 | Z136: 0 | AA136: 0 | AB136: 0 | AC136: 0 | AD136: 0 | AE136: 0 | AF136: 0 | AG136: 0 | AH136: =SUM(L136:AG136) -> 26 | AI136: 44614
A137: 0122000010 | B137: 01-0L430 | C137: APL | D137: 2024 | E137: 20.XX.201.010 | F137: 110000 | G137: 2020201.010 | H137: 1500 | I137: 45554 | J137: 45554 | K137: 45991 | L137: 0 | M137: 0 | N137: 0 | O137: 0 | P137: 0 | Q137: 0 | R137: 0 | S137: 0 | T137: 0 | U137: 0 | V137: 0 | W137: 0 | X137: 18 | Y137: 0 | Z137: 0 | AA137: 0 | AB137: 0 | AC137: 0 | AD137: 0 | AE137: 0 | AF137: 0 | AG137: 0 | AH137: =SUM(L137:AG137) -> 18 | AI137: 44636
A138: 0122000010 | B138: 01-0L430 | C138: APL | D138: 2025 | E138: 20.XX.201.010 | F138: 110000 | G138: 2020201.010 | H138: 1500 | I138: 45554 | J138: 45554 | K138: 45991 | L138: 36 | M138: 0 | N138: 0 | O138: 0 | P138: 0 | Q138: 0 | R138: 0 | S138: 0 | T138: 0 | U138: 4 | V138: 0 | W138: 0 | X138: 0 | Y138: 0 | Z138: 0 | AA138: 0 | AB138: 0 | AC138: 14 | AD138: 0 | AE138: 0 | AF138: 0 | AG138: 0 | AH138: =SUM(L138:AG138) -> 54 | AI138: 44636
A139: 0122000010 | B139: 01-0L430 | C139: APL | D139: 2026 | E139: 20.XX.201.010 | F139: 110000 | G139: 2020201.010 | H139: 1500 | I139: 45554 | J139: 45554 | K139: 45991 | L139: 36 | M139: 0 | N139: 0 | O139: 0 | P139: 0 | Q139: 0 | R139: 0 | S139: 0 | T139: 0 | U139: 2 | V139: 0 | W139: 0 | X139: 0 | Y139: 0 | Z139: 0 | AA139: 0 | AB139: 0 | AC139: 0 | AD139: 0 | AE139: 0 | AF139: 0 | AG139: 0 | AH139: =SUM(L139:AG139) -> 38 | AI139: 44636
... A158: 0123000062 | B158: 01-0H641 | C158: APL | D158: 2024 | E158: 20.XX.201.151 | F158: 0 | G158: 2020201.151 | H158: 1500 | I158: 45200 | J158: 45200 | K158: 45689 | L158: 23 | M158: 0 | N158: 0 | O158: 0 | P158: 0 | Q158: 0 | R158: 0 | S158: 0 | T158: 0 | U158: 3 | V158: 0 | W158: 0 | X158: 0 | Y158: 0 | Z158: 0 | AA158: 0 | AB158: 0 | AC158: 25 | AD158: 0 | AE158: 0 | AF158: 0 | AG158: 0 | AH158: =SUM(L158:AG158) -> 51 | AI158: 44956
A159: 0123000066 | B159: 01-0M760 | C159: APL | D159: 2026 | E159: 20.XX.201.2XX | F159: 0 | G159: 2020201.113 | H159: 1540 | I159: 46223 | J159: 46223 | K159: 46924 | M159: 0 | N159: 0 | O159: 0 | P159: 0 | Q159: 0 | R159: 0 | S159: 0 | T159: 0 | V159: 0 | W159: 20 | X159: 0 | Y159: 0 | Z159: 0 | AA159: 0 | AB159: 0 | AD159: 0 | AE159: 0 | AF159: 0 | AG159: 0 | AH159: =SUM(L159:AG159) -> 20 | AI159: 42137
A160: 0123000066 | B160: 01-0M760 | C160: APL | D160: 2027 | E160: 20.XX.201.2XX | F160: 0 | G160: 2020201.113 | H160: 1540 | I160: 46223 | J160: 46223 | K160: 46924 | L160: 490 | M160: 0 | N160: 0 | O160: 0 | P160: 0 | Q160: 0 | R160: 0 | S160: 0 | T160: 0 | U160: 35 | V160: 0 | W160: 0 | X160: 2084 | Y160: 0 | Z160: 0 | AA160: 0 | AB160: 12434 | AC160: 127 | AD160: 0 | AE160: 0 | AF160: 0 | AG160: 0 | AH160: =SUM(L160:AG160) -> 15170 | AI160: 44970
A161: 0213000005 | B161: 02-4F550 | C161: APL | D161: 2024 | E161: 20.XX.201.110 | F161: 81000 | G161: 2020201.110 | H161: 1510 | I161: 42475 | J161: 42438 | K161: 42908 | L161: 0 | M161: 0 | N161: 0 | O161: 0 | P161: 0 | Q161: 0 | R161: 0 | S161: 0 | T161: 0 | U161: 0 | V161: 0 | W161: 0 | X161: 0 | Y161: 0 | Z161: 0 | AA161: 0 | AB161: 20 | AC161: 0 | AD161: 0 | AE161: 0 | AF161: 0 | AG161: 0 | AH161: =SUM(L161:AG161) -> 20 | AI161: 42985
A162: 0214000013 | B162: 02-4G440 | C162: APL | D162: 2024 | E162: 20.XX.201.110 | F162: 237000 | G162: 2020201.110 | H162: 1510 | I162: 43706 | J162: 43615 | K162: 43913 | L162: 0 | M162: 0 | N162: 0 | O162: 0 | P162: 0 | Q162: 0 | R162: 0 | S162: 0 | T162: 0 | U162: 0 | V162: 0 | W162: 0 | X162: 0 | Y162: 0 | Z162: 0 | AA162: 0 | AB162: 16 | AC162: 0 | AD162: 0 | AE162: 0 | AF162: 0 | AG162: 0 | AH162: =SUM(L162:AG162) -> 16 | AI162: 43545
A163: 0214000049 | B163: 02-4G710 | C163: APL | D163: 2027 | E163: 40.XX.075 | F163: 0 | G163: 2020075.613 | H163: 1500 | I163: 53325 | J163: 53325 | K163: 53325 | L163: 10 | U163: 0 | V163: 0 | W163: 0 | X163: 0 | Y163: 0 | Z163: 0 | AA163: 0 | AH163: =SUM(L163:AG163) -> 10
A164: 0215000051 | B164: 02-0H560 | C164: APL | D164: 2024 | E164: 20.XX.201.151 | F164: 114000 | G164: 2020201.151 | H164: 1510 | I164: 43343 | J164: 43385 | K164: 43840 | L164: 0 | M164: 0 | N164: 0 | O164: 0 | P164: 0 | Q164: 0 | R164: 0 | S164: 0 | T164: 0 | U164: 0 | V164: 0 | W164: 0 | X164: 0 | Y164: 0 | Z164: 0 | AA164: 0 | AB164: 4 | AC164: 0 | AD164: 0 | AE164: 0 | AF164: 0 | AG164: 0 | AH164: =SUM(L164:AG164) -> 4 | AI164: 43518
A165: 0215000083 | B165: 02-0H920 | C165: APL | D165: 2024 | E165: 20.XX.075.600 | F165: 631000 | G165: 2020075.000 | H165: 1510 | I165: 44047 | J165: 44776 | K165: 45512 | L165: 0 | U165: 0 | V165: 0 | W165: 0 | X165: 0 | Y165: 0 | Z165: 0 | AA165: 74 | AB165: 0 | AH165: =SUM(L165:AG165) -> 74 | AI165: 43908
A166: 0215000083 | B166: 02-0H920 | C166: APL | D166: 2026 | E166: 20.XX.075.600 | F166: 631000 | G166: 2020075.600 | H166: 1510 | I166: 44047 | J166: 44776 | K166: 45512 | L166: 0 | M166: 0 | N166: 0 | O166: 0 | P166: 0 | Q166: 0 | R166: 0 | S166: 0 | T166: 0 | U166: 0 | V166: 0 | W166: 0 | X166: 0 | Y166: 0 | Z166: 0 | AA166: 0 | AB166: 650 | AC166: 0 | AD166: 0 | AE166: 0 | AF166: 0 | AG166: 0 | AH166: =SUM(L166:AG166) -> 650 | AI166: 43908
A167: 0216000024 | B167: 02-1H580 | C167: APL | D167: 2024 | E167: 20.XX.201.120 | F167: 911000 | G167: 2020201.120 | H167: 1510 | I167: 44440 | J167: 44183 | K167: 44861 | L167: 0 | M167: 0 | N167: 0 | O167: 0 | P167: 0 | Q167: 0 | R167: 0 | S167: 0 | T167: 0 | U167: 0 | V167: 0 | W167: 0 | X167: 0 | Y167: 0 | Z167: 0 | AA167: 0 | AB167: 210 | AC167: 0 | AD167: 0 | AE167: 0 | AF167: 0 | AG167: 0 | AH167: =SUM(L167:AG167) -> 210 | AI167: 44944
A168: 0216000031 | B168: 02-1H640 | C168: APL | D168: 2024 | E168: 20.XX.201.240 | F168: 1357000 | G168: 2020201.240 | H168: 1500 | I168: 43355 | K168: 43439 | L168: 0 | M168: 0 | N168: 0 | O168: 0 | P168: 0 | Q168: 0 | R168: 0 | S168: 0 | T168: 0 | U168: 0 | V168: 0 | W168: 0 | X168: 0 | Y168: 0 | Z168: 0 | AA168: 0 | AB168: 186 | AC168: 0 | AD168: 0 | AE168: 0 | AF168: 0 | AG168: 0 | AH168: =SUM(L168:AG168) -> 186 | AI168: 42914
A169: 0216000033 | B169: 02-1H720 | C169: APL | D169: 2024 | E169: 20.XX.201.378 | F169: 402000 | G169: 2020201.378 | H169: 1510 | I169: 42643 | J169: 43818 | K169: 44453 | L169: 0 | M169: 0 | N169: 0 | O169: 0 | P169: 0 | Q169: 0 | R169: 0 | S169: 0 | T169: 0 | U169: 0 | V169: 0 | W169: 0 | X169: 0 | Y169: 0 | Z169: 0 | AA169: 13 | AB169: 57 | AC169: 0 | AD169: 0 | AE169: 0 | AF169: 0 | AG169: 0 | AH169: =SUM(L169:AG169) -> 70 | AI169: 43713
A170: 0216000040 | B170: 02-1H360 | C170: APL | D170: 2024 | E170: 20.XX.201.111 | F170: 993000 | G170: 2020201.111 | H170: 1510 | I170: 44593 | J170: 44517 | K170: 45107 | L170: 0 | M170: 0 | N170: 0 | O170: 0 | P170: 0 | Q170: 0 | R170: 0 | S170: 0 | T170: 0 | U170: 0 | V170: 0 | W170: 0 | X170: 0 | Y170: 0 | Z170: 0 | AA170: 0 | AB170: 133 | AC170: 0 | AD170: 0 | AE170: 0 | AF170: 0 | AG170: 0 | AH170: =SUM(L170:AG170) -> 133 | AI170: 44426
...

Sheet PA&ED Adj
A1: Project ID | B1: EA | C1: PRSM Status | D1: Fiscal Year | E1: CTIPS Funding Sources | F1: CTIPS STIP/SHOPP Amount | G1: Funding Sources | H1: Task Code | I1: M200 | J1: M225 | K1: M410 | L1: 050 Acq of Real Property (k$) | M1: 052 Est Damages to Excess Land (k$) | N1: 053 Int on Condmntn (k$) | O1: 059 Acq of Personal Prop (k$) | P1: 080 Real Prop Excess Lands Acq (k$) | Q1: 083 Early Acq (k$) | R1: 090 Condmntn Deposits (k$) | S1: 130 Jury Recording Reporter Fees Exp Condmntn (k$) | T1: 131 Expert Appraiser Witness Condmntn (k$) | U1: 034-Title & Escrow (k$) | V1: 042 Railroad (k$) | W1: 051 Pos Loc Util (k$) | X1: 054 ROW Util Reloc(k$) | Y1: 055 Reloc Asst(k$) | Z1: 056 CI or Demo (k$) | AA1: 060 Proj Spec Permit (k$) | AB1: 081 Mitigation (k$) | AC1: 088 Proj Permit FeesFed Inelig (k$) | AD1: 170 Claims Legal Payments Fed Inelig (k$) | AE1: 230 Jury Recording Reptr Fees Exp–IC-Fed Inelig (k$) | AF1: 231 Exp Appr/ Witness IC-Fed Inelig (k$) | AG1: 253 Interest on IC- Fed Inelig (k$) | AH1: Total | AI1: Data Sheet Date | AJ1: Comments
A2: 0100000154 | B2: 01-40110 | C2: APL | D2: 2024 | E2: 20.XX.201.2XX | F2: 8465000 | G2: 2020201.110 | H2: 1500 | I2: 45512 | J2: 45512 | K2: 46239 | L2: 0 | M2: 0 | N2: 0 | O2: 0 | P2: 0 | Q2: 0 | R2: 0 | S2: 0 | T2: 0 | U2: 0 | V2: 0 | W2: 0 | X2: 66 | Y2: 0 | Z2: 0 | AA2: 0 | AB2: 0 | AC2: 0 | AD2: 0 | AE2: 0 | AF2: 0 | AG2: 0 | AH2: =SUM(L2:AG2) -> 66 | AI2: 42789
A3: 0100000154 | B3: 01-40110 | C3: APL | D3: 2025 | E3: 20.XX.201.2XX | F3: 8465000 | G3: 2020201.110 | H3: 1500 | I3: 45512 | J3: 45512 | K3: 46239 | L3: 0 | M3: 0 | N3: 0 | O3: 0 | P3: 0 | Q3: 0 | R3: 0 | S3: 0 | T3: 0 | U3: 8 | V3: 0 | W3: 0 | X3: 0 | Y3: 0 | Z3: 0 | AA3: 115 | AB3: 0 | AC3: 0 | AD3: 0 | AE3: 0 | AF3: 0 | AG3: 0 | AH3: =SUM(L3:AG3) -> 123 | AI3: 42789
A4: 0100000154 | B4: 01-40110 | C4: APL | D4: 2026 | E4: 20.XX.201.2XX | F4: 8465000 | G4: 2020201.110 | H4: 1500 | I4: 45512 | J4: 45512 | K4: 46239 | L4: 1679 | M4: 0 | N4: 0 | O4: 0 | P4: 0 | Q4: 0 | R4: 0 | S4: 0 | T4: 0 | U4: 0 | V4: 0 | W4: 0 | X4: 0 | Y4: 0 | Z4: 0 | AA4: 0 | AB4: 0 | AC4: 0 | AD4: 0 | AE4: 0 | AF4: 0 | AG4: 0 | AH4: =SUM(L4:AG4) -> 1679 | AI4: 44817
A5: 0100000154 | B5: 01-40110 | C5: APL | D5: 2027 | E5: 20.XX.201.2XX | F5: 8465000 | G5: 2020201.110 | H5: 1500 | I5: 45512 | J5: 45512 | K5: 46239 | L5: 0 | M5: 0 | N5: 0 | O5: 0 | P5: 0 | Q5: 0 | R5: 0 | S5: 0 | T5: 0 | U5: 26 | V5: 0 | W5: 0 | X5: 0 | Y5: 0 | Z5: 0 | AA5: 0 | AB5: 2413 | AC5: 0 | AD5: 0 | AE5: 0 | AF5: 0 | AG5: 0 | AH5: =SUM(L5:AG5) -> 2439 | AI5: 42789
A6: 0100000155 | B6: 01-40140 | C6: APL | D6: 2024 | E6: 20.XX.201.2XX | F6: 6324000 | G6: 2020201.110 | H6: 1510 | I6: 46583 | J6: 46639 | K6: 47007 | L6: 354 | M6: 0 | N6: 0 | O6: 0 | P6: 0 | Q6: 0 | R6: 0 | S6: 0 | T6: 0 | U6: 3 | V6: 0 | W6: 0 | X6: 15 | Y6: 0 | Z6: 0 | AA6: 0 | AB6: 0 | AC6: 14 | AD6: 0 | AE6: 0 | AF6: 0 | AG6: 0 | AH6: =SUM(L6:AG6) -> 386 | AI6: 42593
A7: 0100000155 | B7: 01-40140 | C7: APL | D7: 2025 | E7: 20.XX.201.2XX | F7: 6324000 | G7: 2020201.110 | H7: 1510 | I7: 46583 | J7: 46639 | K7: 47007 | L7: 409 | M7: 0 | N7: 0 | O7: 0 | P7: 0 | Q7: 0 | R7: 0 | S7: 0 | T7: 0 | U7: 10 | V7: 0 | W7: 0 | X7: 0 | Y7: 0 | Z7: 0 | AA7: 0 | AB7: 0 | AC7: 0 | AD7: 0 | AE7: 0 | AF7: 0 | AG7: 0 | AH7: =SUM(L7:AG7) -> 419 | AI7: 42593
A8: 0100000155 | B8: 01-40140 | C8: APL | D8: 2029 | E8: 20.XX.201.2XX | F8: 6324000 | G8: 2020201.110 | H8: 1510 | I8: 46583 | J8: 46639 | K8: 47007 | L8: 0 | M8: 0 | N8: 0 | O8: 0 | P8: 0 | Q8: 0 | R8: 0 | S8: 0 | T8: 0 | U8: 0 | V8: 0 | W8: 0 | X8: 287 | Y8: 0 | Z8: 0 | AA8: 0 | AB8: 5127 | AC8: 0 | AD8: 0 | AE8: 0 | AF8: 0 | AG8: 0 | AH8: =SUM(L8:AG8) -> 5414 | AI8: 42593
A9: 0100000193 | B9: 01-43640 | C9: APL | D9: 2024 | E9: 20.XX.201.110 | F9: 6499000 | G9: 2020201.110 | H9: 1510 | I9: 43909 | J9: 43945 | K9: 44301 | L9: 0 | M9: 0 | N9: 0 | O9: 0 | P9: 0 | Q9: 0 | R9: 0 | S9: 0 | T9: 0 | U9: 0 | V9: 0 | W9: 0 | X9: 0 | Y9: 0 | Z9: 0 | AA9: 0 | AB9: 3726 | AC9: 0 | AD9: 0 | AE9: 0 | AF9: 0 | AG9: 0 | AH9: =SUM(L9:AG9) -> 3726 | AI9: 43615
A10: 0100000266 | B10: 01-46480 | C10: APL | D10: 2024 | E10: 20.XX.201.310 | F10: 72000 | G10: 2020201.310 | H10: 1510 | I10: 44956 | J10: 45078 | K10: 45413 | L10: 0 | M10: 0 | N10: 0 | O10: 0 | P10: 0 | Q10: 0 | R10: 0 | S10: 0 | T10: 0 | U10: 0 | V10: 0 | W10: 0 | X10: 0 | Y10: 0 | Z10: 0 | AA10: 23 | AB10: 0 | AC10: 0 | AD10: 0 | AE10: 0 | AF10: 0 | AG10: 0 | AH10: =SUM(L10:AG10) -> 23 | AI10: 44673
A11: 0112000180 | B11: 01-43730 | C11: APL | D11: 2027 | E11: 20.XX.201.310 | F11: 2550000 | G11: 2020201.310 | H11: 1510 | I11: 42034 | J11: 42156 | K11: 42641 | L11: 0 | M11: 0 | N11: 0 | O11: 0 | P11: 0 | Q11: 0 | R11: 0 | S11: 0 | T11: 0 | U11: 0 | V11: 0 | W11: 0 | X11: 427 | Y11: 0 | Z11: 0 | AA11: 0 | AB11: 0 | AC11: 0 | AD11: 0 | AE11: 0 | AF11: 0 | AG11: 0 | AH11: =SUM(L11:AG11) -> 427 | AI11: 42451
A12: 0112000202 | B12: 01-26202 | C12: APL | D12: 2025 | E12: 20.XX.025.700, 20.XX.075.600 | F12: 21530000 | G12: 2020025.700 | H12: 1510 | I12: 32799 | J12: 39508 | K12: 41317 | L12: 0 | M12: 0 | N12: 0 | O12: 0 | P12: 0 | Q12: 0 | R12: 0 | S12: 0 | T12: 0 | U12: 0 | V12: 0 | W12: 0 | X12: 0 | Y12: 0 | Z12: 0 | AA12: 0 | AB12: 555 | AC12: 0 | AD12: 0 | AE12: 0 | AF12: 0 | AG12: 0 | AH12: =SUM(L12:AG12) -> 555 | AI12: 43740
A13: 0112000202 | B13: 01-26202 | C13: APL | D13: 2025 | E13: 20.XX.025.700, 20.XX.075.600 | F13: 21530000 | G13: 2020075.600 | H13: 1510 | I13: 32799 | J13: 39508 | K13: 41317 | L13: 0 | M13: 0 | N13: 0 | O13: 0 | P13: 0 | Q13: 0 | R13: 0 | S13: 0 | T13: 0 | U13: 0 | V13: 0 | W13: 0 | X13: 0 | Y13: 0 | Z13: 0 | AA13: 0 | AB13: 555 | AC13: 0 | AD13: 0 | AE13: 0 | AF13: 0 | AG13: 0 | AH13: =SUM(L13:AG13) -> 555 | AI13: 43740
A14: 0113000032 | B14: 01-0C720 | C14: APL | D14: 2024 | E14: 20.XX.075.600 | F14: 390000 | G14: 2020025.700 | H14: 1510 | I14: 45120 | J14: 45120 | K14: 45715 | L14: 158 | U14: 15 | V14: 0 | W14: 0 | X14: 88 | Y14: 0 | Z14: 0 | AA14: 0 | AC14: 16 | AH14: =SUM(L14:AG14) -> 277 | AI14: 43616
A15: 0113000032 | B15: 01-0C720 | C15: APL | D15: 2025 | E15: 20.XX.075.600 | F15: 390000 | G15: 2020025.700 | H15: 1510 | I15: 45120 | J15: 45120 | K15: 45715 | U15: 3 | V15: 0 | W15: 0 | X15: 0 | Y15: 0 | Z15: 7 | AA15: 0 | AH15: =SUM(L15:AG15) -> 10 | AI15: 43616
A16: 0113000090 | B16: 01-0E010 | C16: APL | D16: 2024 | E16: 20.XX.201.015 | F16: 3427000 | G16: 2020201.015 | H16: 1510 | I16: 44078 | J16: 44263 | K16: 44673 | L16: 146 | M16: 0 | N16: 0 | O16: 0 | P16: 0 | Q16: 0 | R16: 0 | S16: 0 | T16: 0 | U16: 0 | V16: 0 | W16: 0 | X16: 89 | Y16: 0 | Z16: 53 | AA16: 12 | AB16: 22 | AC16: 0 | AD16: 0 | AE16: 0 | AF16: 0 | AG16: 0 | AH16: =SUM(L16:AG16) -> 322 | AI16: 43917
A17: 0113000090 | B17: 01-0E010 | C17: APL | D17: 2025 | E17: 20.XX.201.015 | F17: 3427000 | G17: 2020201.015 | H17: 1510 | I17: 44078 | J17: 44263 | K17: 44673 | L17: 407 | M17: 0 | N17: 0 | O17: 0 | P17: 0 | Q17: 0 | R17: 0 | S17: 0 | T17: 0 | U17: 0 | V17: 0 | W17: 0 | X17: 0 | Y17: 0 | Z17: 0 | AA17: 12 | AB17: 0 | AC17: 0 | AD17: 0 | AE17: 0 | AF17: 0 | AG17: 0 | AH17: =SUM(L17:AG17) -> 419 | AI17: 43917
A18: 0113000106 | B18: 01-48400 | C18: APL | D18: 2024 | E18: 20.XX.201.151 | F18: 103000 | G18: 2020201.151 | H18: 1530 | I18: 44484 | J18: 44460 | K18: 44728 | L18: 0 | M18: 0 | N18: 0 | O18: 0 | P18: 0 | Q18: 0 | R18: 0 | S18: 0 | T18: 0 | U18: 0 | V18: 0 | W18: 0 | X18: 0 | Y18: 0 | Z18: 0 | AA18: 3 | AB18: 0 | AC18: 0 | AD18: 0 | AE18: 0 | AF18: 0 | AG18: 0 | AH18: =SUM(L18:AG18) -> 3 | AI18: 44468
A19: 0113000125 | B19: 01-0E110 | C19: APL | D19: 2024 | E19: 20.XX.201.112 | F19: 400000 | G19: 2020201.112 | H19: 1510 | I19: 44554 | J19: 44517 | K19: 44783 | L19: 0 | M19: 0 | N19: 0 | O19: 0 | P19: 0 | Q19: 0 | R19: 0 | S19: 0 | T19: 0 | U19: 0 | V19: 0 | W19: 0 | X19: 0 | Y19: 0 | Z19: 0 | AA19: 0 | AB19: 912 | AC19: 0 | AD19: 0 | AE19: 0 | AF19: 0 | AG19: 0 | AH19: =SUM(L19:AG19) -> 912 | AI19: 44509
A20: 0114000043 | B20: 01-29811 | C20: APL | D20: 2024 | E20: 20.XX.201.010 | F20: 9777000 | G20: 2020201.010 | H20: 1530 | I20: 42704 | J20: 42993 | K20: 43590 | L20: 0 | M20: 0 | N20: 0 | O20: 0 | P20: 0 | Q20: 0 | R20: 0 | S20: 0 | T20: 0 | U20: 0 | V20: 0 | W20: 0 | X20: 0 | Y20: 0 | Z20: 0 | AA20: 0 | AB20: 1138 | AC20: 0 | AD20: 0 | AE20: 0 | AF20: 0 | AG20: 0 | AH20: =SUM(L20:AG20) -> 1138 | AI20: 44645
A21: 0114000043 | B21: 01-29811 | C21: APL | D21: 2024 | E21: 20.XX.201.010 | F21: 9777000 | G21: 2020201.010 | H21: 1530 | I21: 42704 | J21: 42993 | K21: 43590 | L21: 198 | M21: 0 | N21: 0 | O21: 0 | P21: 0 | Q21: 0 | R21: 0 | S21: 0 | T21: 36 | U21: 0 | V21: 0 | W21: 0 | X21: 0 | Y21: 0 | Z21: 0 | AA21: 0 | AB21: 0 | AC21: 0 | AD21: 0 | AE21: 0 | AF21: 0 | AG21: 0 | AH21: =SUM(L21:AG21) -> 234 | AI21: 44645
A22: 0115000003 | B22: 01-0E720 | C22: APL | D22: 2024 | E22: 20.XX.201.010 | F22: 945000 | G22: 2020201.010 | H22: 1510 | I22: 43496 | J22: 43501 | K22: 43854 | L22: 0 | M22: 0 | N22: 0 | O22: 0 | P22: 0 | Q22: 0 | R22: 0 | S22: 0 | T22: 0 | U22: 0 | V22: 0 | W22: 0 | X22: 0 | Y22: 0 | Z22: 0 | AA22: 0 | AB22: 658 | AC22: 0 | AD22: 0 | AE22: 0 | AF22: 0 | AG22: 0 | AH22: =SUM(L22:AG22) -> 658 | AI22: 44680
A23: 0115000003 | B23: 01-0E720 | C23: APL | D23: 2025 | E23: 20.XX.201.010 | F23: 945000 | G23: 2020201.010 | H23: 1510 | I23: 43496 | J23: 43501 | K23: 43854 | L23: 88 | M23: 0 | N23: 0 | O23: 0 | P23: 0 | Q23: 0 | R23: 0 | S23: 0 | T23: 0 | U23: 0 | V23: 0 | W23: 0 | X23: 0 | Y23: 0 | Z23: 0 | AA23: 0 | AB23: 0 | AC23: 0 | AD23: 0 | AE23: 0 | AF23: 0 | AG23: 0 | AH23: =SUM(L23:AG23) -> 88 | AI23: 44680
A24: 0115000004 | B24: 01-0E730 | C24: APL | D24: 2024 | E24: 20.XX.201.010 | F24: 339000 | G24: 2020201.010 | H24: 1510 | I24: 43357 | J24: 43332 | K24: 43706 | L24: 0 | M24: 0 | N24: 0 | O24: 0 | P24: 0 | Q24: 0 | R24: 0 | S24: 0 | T24: 0 | U24: 0 | V24: 0 | W24: 0 | X24: 0 | Y24: 0 | Z24: 0 | AA24: 0 | AB24: 159 | AC24: 0 | AD24: 0 | AE24: 0 | AF24: 0 | AG24: 0 | AH24: =SUM(L24:AG24) -> 159 | AI24: 44657
A25: 0115000076 | B25: 01-0F160 | C25: APL | D25: 2024 | E25: 20.XX.201.010 | F25: 312000 | G25: 2020201.010 | H25: 1510 | I25: 44060 | J25: 44060 | K25: 44252 | L25: 0 | M25: 0 | N25: 0 | O25: 0 | P25: 0 | Q25: 0 | R25: 0 | S25: 0 | T25: 0 | U25: 0 | V25: 0 | W25: 0 | X25: 0 | Y25: 0 | Z25: 0 | AA25: 3 | AB25: 0 | AC25: 0 | AD25: 0 | AE25: 0 | AF25: 0 | AG25: 0 | AH25: =SUM(L25:AG25) -> 3 | AI25: 44628
A26: 0115000076 | B26: 01-0F160 | C26: APL | D26: 2025 | E26: 20.XX.201.010 | F26: 312000 | G26: 2020201.010 | H26: 1510 | I26: 44060 | J26: 44060 | K26: 44252 | L26: 0 | M26: 0 | N26: 0 | O26: 0 | P26: 0 | Q26: 0 | R26: 0 | S26: 0 | T26: 0 | U26: 0 | V26: 0 | W26: 0 | X26: 0 | Y26: 0 | Z26: 0 | AA26: 3 | AB26: 0 | AC26: 0 | AD26: 0 | AE26: 0 | AF26: 0 | AG26: 0 | AH26: =SUM(L26:AG26) -> 3 | AI26: 44628
A27: 0115000076 | B27: 01-0F160 | C27: APL | D27: 2026 | E27: 20.XX.201.010 | F27: 312000 | G27: 2020201.010 | H27: 1510 | I27: 44060 | J27: 44060 | K27: 44252 | L27: 0 | M27: 0 | N27: 0 | O27: 0 | P27: 0 | Q27: 0 | R27: 0 | S27: 0 | T27: 0 | U27: 0 | V27: 0 | W27: 0 | X27: 0 | Y27: 0 | Z27: 0 | AA27: 3 | AB27: 0 | AC27: 0 | AD27: 0 | AE27: 0 | AF27: 0 | AG27: 0 | AH27: =SUM(L27:AG27) -> 3 | AI27: 44628
... A38: 0117000115 | B38: 01-0H140 | C38: APL | D38: 2025 | E38: 20.XX.201.361 | F38: 804000 | G38: 2020201.361 | H38: 1530 | I38: 44732 | J38: 44939 | K38: 45474 | L38: 0 | M38: 0 | N38: 0 | O38: 0 | P38: 0 | Q38: 0 | R38: 0 | S38: 0 | T38: 0 | U38: 30 | V38: 0 | W38: 0 | X38: 0 | Y38: 0 | Z38: 0 | AA38: 0 | AB38: 0 | AC38: 0 | AD38: 0 | AE38: 0 | AF38: 0 | AG38: 0 | AH38: =SUM(L38:AG38) -> 30 | AI38: 44727
A39: 0117000116 | B39: 01-0H150 | C39: APL | D39: 2024 | E39: 20.XX.201.120 | F39: 109000 | G39: 2020201.121 | H39: 1510 | I39: 44722 | J39: 44783 | K39: 45200 | L39: 23 | U39: 0 | V39: 0 | W39: 0 | X39: 0 | Y39: 0 | Z39: 0 | AA39: 0 | AB39: 0 | AH39: =SUM(L39:AG39) -> 23 | AI39: 44705
A40: 0117000133 | B40: 01-43484 | C40: APL | D40: 2024 | E40: 20.XX.201.112 | F40: 385000 | G40: 2020201.112 | H40: 1510 | I40: 44617 | J40: 44536 | K40: 44937 | M40: 0 | N40: 0 | O40: 0 | P40: 0 | Q40: 0 | R40: 0 | S40: 0 | T40: 0 | U40: 0 | V40: 0 | W40: 0 | X40: 0 | Y40: 0 | Z40: 0 | AA40: 0 | AB40: 98 | AC40: 0 | AD40: 0 | AE40: 0 | AF40: 0 | AG40: 0 | AH40: =SUM(L40:AG40) -> 98 | AI40: 44585
A41: 0117000133 | B41: 01-43484 | C41: APL | D41: 2026 | E41: 20.XX.201.112 | F41: 385000 | G41: 2020201.112 | H41: 1500 | I41: 44617 | J41: 44536 | K41: 44937 | L41: 162 | M41: 0 | N41: 0 | O41: 0 | P41: 0 | Q41: 0 | R41: 0 | S41: 0 | T41: 0 | U41: 0 | V41: 0 | W41: 0 | X41: 0 | Y41: 0 | Z41: 0 | AA41: 0 | AB41: 0 | AC41: 0 | AD41: 0 | AE41: 0 | AF41: 0 | AG41: 0 | AH41: =SUM(L41:AG41) -> 162 | AI41: 44585
A42: 0117000140 | B42: 01-0H240 | C42: APL | D42: 2024 | E42: 20.XX.201.151 | F42: 700000 | G42: 2020201.151 | H42: 1510 | I42: 45352 | J42: 45352 | K42: 46157 | L42: 0 | M42: 0 | N42: 0 | O42: 0 | P42: 0 | Q42: 0 | R42: 0 | S42: 0 | T42: 0 | U42: 0 | V42: 0 | W42: 0 | X42: 18 | Y42: 0 | Z42: 0 | AA42: 0 | AB42: 0 | AC42: 0 | AD42: 0 | AE42: 0 | AF42: 0 | AG42: 0 | AH42: =SUM(L42:AG42) -> 18 | AI42: 44529
A43: 0117000140 | B43: 01-0H240 | C43: APL | D43: 2025 | E43: 20.XX.201.151 | F43: 700000 | G43: 2020201.151 | H43: 1510 | I43: 45352 | J43: 45352 | K43: 46157 | L43: 103 | M43: 0 | N43: 0 | O43: 0 | P43: 0 | Q43: 0 | R43: 0 | S43: 0 | T43: 0 | U43: 17 | V43: 0 | W43: 0 | X43: 0 | Y43: 0 | Z43: 0 | AA43: 0 | AB43: 0 | AC43: 82 | AD43: 0 | AE43: 0 | AF43: 0 | AG43: 0 | AH43: =SUM(L43:AG43) -> 202 | AI43: 44529
A44: 0117000140 | B44: 01-0H240 | C44: APL | D44: 2026 | E44: 20.XX.201.151 | F44: 700000 | G44: 2020201.151 | H44: 1510 | I44: 45352 | J44: 45352 | K44: 46157 | L44: 22 | M44: 0 | N44: 0 | O44: 0 | P44: 0 | Q44: 0 | R44: 0 | S44: 0 | T44: 0 | U44: 0 | V44: 0 | W44: 0 | X44: 0 | Y44: 0 | Z44: 0 | AA44: 0 | AB44: 0 | AC44: 0 | AD44: 0 | AE44: 0 | AF44: 0 | AG44: 0 | AH44: =SUM(L44:AG44) -> 22 | AI44: 44529
A45: 0117000169 | B45: 01-0H410 | C45: APL | D45: 2024 | E45: 20.XX.201.151 | F45: 474000 | G45: 2020201.151 | H45: 1510 | I45: 44733 | K45: 45266 | L45: 0 | M45: 0 | N45: 0 | O45: 0 | P45: 0 | Q45: 0 | R45: 0 | S45: 0 | T45: 0 | U45: 0 | V45: 0 | W45: 0 | X45: 0 | Y45: 0 | Z45: 0 | AA45: 356 | AB45: 0 | AC45: 0 | AD45: 0 | AE45: 0 | AF45: 0 | AG45: 0 | AH45: =SUM(L45:AG45) -> 356 | AI45: 44698
A46: 0117000169 | B46: 01-0H410 | C46: APL | D46: 2029 | E46: 20.XX.201.151 | F46: 474000 | G46: 2020201.151 | H46: 1510 | I46: 44733 | K46: 45266 | L46: 0 | M46: 0 | N46: 0 | O46: 0 | P46: 0 | Q46: 0 | R46: 0 | S46: 0 | T46: 0 | U46: 0 | V46: 0 | W46: 0 | X46: 7 | Y46: 0 | Z46: 0 | AA46: 0 | AB46: 0 | AC46: 0 | AD46: 0 | AE46: 0 | AF46: 0 | AG46: 0 | AH46: =SUM(L46:AG46) -> 7 | AI46: 44698
A47: 0117000223 | B47: 01-0A131 | C47: APL | D47: 2024 | E47: 20.XX.201.113 | F47: 251000 | G47: 2020201.113 | H47: 1530 | I47: 44180 | J47: 44195 | K47: 44792 | L47: 0 | M47: 0 | N47: 0 | O47: 0 | P47: 0 | Q47: 0 | R47: 0 | S47: 0 | T47: 0 | U47: 0 | V47: 0 | W47: 0 | X47: 0 | Y47: 0 | Z47: 0 | AA47: 24 | AB47: 0 | AC47: 0 | AD47: 0 | AE47: 0 | AF47: 0 | AG47: 0 | AH47: =SUM(L47:AG47) -> 24 | AI47: 44907
A48: 0117000245 | B48: 01-0H640 | C48: APL | D48: 2024 | E48: 20.XX.201.151 | F48: 1775000 | G48: 2020201.151 | H48: 1510 | I48: 45061 | J48: 45061 | K48: 45383 | L48: 26 | U48: 19 | V48: 0 | W48: 0 | X48: 0 | Y48: 0 | Z48: 0 | AB48: 823 | AC48: 24 | AH48: =SUM(L48:AG48) -> 892 | AI48: 44783
A49: 0117000245 | B49: 01-0H640 | C49: APL | D49: 2025 | E49: 20.XX.201.151 | F49: 1775000 | G49: 2020201.151 | H49: 1530 | I49: 45061 | J49: 45061 | K49: 45383 | L49: 0 | M49: 0 | N49: 0 | O49: 0 | P49: 0 | Q49: 0 | R49: 0 | S49: 0 | T49: 0 | U49: 0 | V49: 0 | W49: 0 | X49: 0 | Y49: 0 | Z49: 0 | AA49: 0 | AB49: 1224 | AC49: 0 | AD49: 0 | AE49: 0 | AF49: 0 | AG49: 0 | AH49: =SUM(L49:AG49) -> 1224 | AI49: 44873
A50: 0117000245 | B50: 01-0H640 | C50: APL | D50: 2025 | E50: 20.XX.201.151 | F50: 1775000 | G50: 2020201.151 | H50: 1510 | I50: 45061 | J50: 45061 | K50: 45383 | L50: 0 | M50: 0 | N50: 0 | O50: 0 | P50: 0 | Q50: 0 | R50: 0 | S50: 0 | T50: 0 | U50: 0 | V50: 0 | W50: 0 | X50: 0 | Y50: 0 | Z50: 0 | AA50: 0 | AB50: 824 | AC50: 17 | AD50: 0 | AE50: 0 | AF50: 0 | AG50: 0 | AH50: =SUM(L50:AG50) -> 841 | AI50: 44873
A51: 0117000246 | B51: 01-0H650 | C51: APL | D51: 2024 | E51: 20.XX.201.151 | F51: 1175000 | G51: 2020201.151 | H51: 1510 | I51: 45065 | J51: 45065 | K51: 45519 | L51: 165 | U51: 16 | V51: 0 | W51: 0 | X51: 0 | Y51: 0 | Z51: 0 | AA51: 51 | AC51: 52 | AH51: =SUM(L51:AG51) -> 284 | AI51: 44999
A52: 0117000246 | B52: 01-0H650 | C52: APL | D52: 2025 | E52: 20.XX.201.151 | F52: 1175000 | G52: 2020201.151 | H52: 1510 | I52: 45065 | J52: 45065 | K52: 45519 | L52: 165 | U52: 0 | V52: 0 | W52: 0 | X52: 0 | Y52: 0 | Z52: 0 | AA52: 0 | AB52: 231 | AH52: =SUM(L52:AG52) -> 396 | AI52: 44999
A53: 0118000078 | B53: 01-29841 | C53: APL | D53: 2024 | E53: 20.XX.025.700; 20.XX.075.600 | F53: 0 | G53: 2020025.700 | H53: 1500 | I53: 42704 | J53: 45672 | K53: 46357 | L53: 0 | M53: 0 | N53: 0 | O53: 0 | P53: 0 | Q53: 0 | R53: 0 | S53: 0 | T53: 0 | U53: 5 | V53: 0 | W53: 0 | X53: 176 | Y53: 0 | Z53: 0 | AA53: 182 | AB53: 0 | AC53: 0 | AD53: 0 | AE53: 0 | AF53: 0 | AG53: 0 | AH53: =SUM(L53:AG53) -> 363 | AI53: 44819
A54: 0118000078 | B54: 01-29841 | C54: APL | D54: 2025 | E54: 20.XX.025.700; 20.XX.075.600 | F54: 0 | G54: 2020025.700 | H54: 1500 | I54: 42704 | J54: 45672 | K54: 46357 | L54: 1292 | M54: 0 | N54: 0 | O54: 0 | P54: 0 | Q54: 0 | R54: 0 | S54: 0 | T54: 0 | U54: 0 | V54: 0 | W54: 0 | X54: 0 | Y54: 0 | Z54: 0 | AA54: 0 | AB54: 0 | AC54: 0 | AD54: 0 | AE54: 0 | AF54: 0 | AG54: 0 | AH54: =SUM(L54:AG54) -> 1292 | AI54: 44819
A55: 0118000078 | B55: 01-29841 | C55: APL | D55: 2027 | E55: 20.XX.025.700; 20.XX.075.600 | F55: 0 | G55: 2020075.600 | H55: 1500 | I55: 42704 | J55: 45672 | K55: 46357 | U55: 16 | V55: 0 | W55: 0 | X55: 3639 | Z55: 0 | AA55: 0 | AB55: 9690 | AH55: =SUM(L55:AG55) -> 13345 | AI55: 43636
A56: 0118000078 | B56: 01-29841 | C56: APL | D56: 2027 | E56: 20.XX.025.700; 20.XX.075.600 | F56: 0 | G56: 2020075.600 | H56: 1500 | I56: 42704 | J56: 45672 | K56: 46357 | L56: 0 | M56: 0 | N56: 0 | O56: 0 | P56: 0 | Q56: 0 | R56: 0 | S56: 0 | T56: 0 | U56: 0 | V56: 0 | W56: 0 | X56: 0 | Y56: 0 | Z56: 0 | AA56: 0 | AB56: 4505 | AC56: 0 | AD56: 0 | AE56: 0 | AF56: 0 | AG56: 0 | AH56: =SUM(L56:AG56) -> 4505 | AI56: 44819
A57: 0118000079 | B57: 01-29831 | C57: APL | D57: 2024 | E57: 20.XX.025.700; 20.XX.075.600 | F57: 0 | G57: 2020025.700 | H57: 1500 | I57: 42704 | J57: 45672 | K57: 46357 | L57: 0 | M57: 0 | N57: 0 | O57: 0 | P57: 0 | Q57: 0 | R57: 0 | S57: 0 | T57: 0 | U57: 13 | V57: 0 | W57: 0 | X57: 126 | Y57: 0 | Z57: 0 | AA57: 332 | AB57: 0 | AC57: 0 | AD57: 0 | AE57: 0 | AF57: 0 | AG57: 0 | AH57: =SUM(L57:AG57) -> 471 | AI57: 44819
A58: 0118000079 | B58: 01-29831 | C58: APL | D58: 2026 | E58: 20.XX.025.700; 20.XX.075.600 | F58: 0 | G58: 2020075.600 | H58: 1500 | I58: 42704 | J58: 45672 | K58: 46357 | L58: 7332 | M58: 0 | N58: 0 | O58: 0 | P58: 0 | Q58: 0 | R58: 0 | S58: 0 | T58: 0 | U58: 0 | V58: 0 | W58: 0 | X58: 0 | Y58: 25 | Z58: 49 | AA58: 0 | AB58: 0 | AC58: 0 | AD58: 0 | AE58: 0 | AF58: 0 | AG58: 0 | AH58: =SUM(L58:AG58) -> 7406 | AI58: 44089
A59: 0118000079 | B59: 01-29831 | C59: APL | D59: 2027 | E59: 20.XX.025.700; 20.XX.075.600 | F59: 0 | G59: 2020025.700 | H59: 1500 | I59: 42704 | J59: 45672 | K59: 46357 | U59: 50 | V59: 0 | W59: 0 | X59: 10547 | AA59: 0 | AB59: 12526 | AH59: =SUM(L59:AG59) -> 23123 | AI59: 43636
A60: 0118000079 | B60: 01-29831 | C60: APL | D60: 2027 | E60: 20.XX.025.700; 20.XX.075.600 | F60: 0 | G60: 2020075.600 | H60: 1500 | I60: 42704 | J60: 45672 | K60: 46357 | L60: 0 | M60: 0 | N60: 0 | O60: 0 | P60: 0 | Q60: 0 | R60: 0 | S60: 0 | T60: 0 | U60: 0 | V60: 0 | W60: 0 | X60: 9571 | Y60: 0 | Z60: 0 | AA60: 0 | AB60: 0 | AC60: 0 | AD60: 0 | AE60: 0 | AF60: 0 | AG60: 0 | AH60: =SUM(L60:AG60) -> 9571 | AI60: 44818
A61: 0118000113 | B61: 01-0H830 | C61: APL | D61: 2025 | E61: 20.XX.201.010 | F61: 0 | G61: 2020201.010 | H61: 1500 | I61: 46269 | J61: 46269 | K61: 46816 | L61: 0 | M61: 0 | N61: 0 | O61: 0 | P61: 0 | Q61: 0 | R61: 0 | S61: 0 | T61: 0 | U61: 0 | V61: 0 | W61: 80 | X61: 0 | Y61: 0 | Z61: 0 | AA61: 0 | AB61: 0 | AC61: 0 | AD61: 0 | AE61: 0 | AF61: 0 | AG61: 0 | AH61: =SUM(L61:AG61) -> 80 | AI61: 44978
A62: 0118000113 | B62: 01-0H830 | C62: APL | D62: 2026 | E62: 20.XX.201.010 | F62: 0 | G62: 2020201.010 | H62: 1500 | I62: 46269 | J62: 46269 | K62: 46816 | L62: 2391 | M62: 0 | N62: 0 | O62: 0 | P62: 0 | Q62: 0 | R62: 0 | S62: 0 | T62: 0 | U62: 48 | V62: 0 | W62: 0 | X62: 0 | Y62: 0 | Z62: 62 | AA62: 0 | AB62: 0 | AC62: 42 | AD62: 0 | AE62: 0 | AF62: 0 | AG62: 0 | AH62: =SUM(L62:AG62) -> 2543 | AI62: 44978
A63: 0118000113 | B63: 01-0H830 | C63: APL | D63: 2027 | E63: 20.XX.201.010 | F63: 0 | G63: 2020201.010 | H63: 1500 | I63: 46269 | J63: 46269 | K63: 46816 | L63: 0 | M63: 0 | N63: 0 | O63: 0 | P63: 0 | Q63: 0 | R63: 0 | S63: 0 | T63: 0 | U63: 12 | V63: 0 | W63: 0 | X63: 1316 | Y63: 92 | Z63: 0 | AA63: 0 | AB63: 1582 | AC63: 0 | AD63: 0 | AE63: 0 | AF63: 0 | AG63: 0 | AH63: =SUM(L63:AG63) -> 3002 | AI63: 44978
A64: 0118000117 | B64: 01-0H840 | C64: APL | D64: 2024 | E64: 20.XX.201.010 | F64: 560000 | G64: 2020201.010 | H64: 1530 | I64: 44096 | J64: 44074 | K64: 44872 | L64: 0 | M64: 0 | N64: 0 | O64: 0 | P64: 0 | Q64: 0 | R64: 0 | S64: 0 | T64: 0 | U64: 0 | V64: 0 | W64: 0 | X64: 0 | Y64: 0 | Z64: 98 | AA64: 3 | AB64: 68 | AC64: 0 | AD64: 0 | AE64: 0 | AF64: 0 | AG64: 0 | AH64: =SUM(L64:AG64) -> 169 | AI64: 44049
A65: 0118000190 | B65: 01-0J210 | C65: APL | D65: 2024 | E65: 20.XX.201.121 | F65: 52000 | G65: 2020201.121 | H65: 1510 | I65: 45008 | J65: 44919 | K65: 45474 | L65: 0 | M65: 0 | N65: 0 | O65: 0 | P65: 0 | Q65: 0 | R65: 0 | S65: 0 | T65: 0 | U65: 0 | V65: 0 | W65: 0 | X65: 0 | Y65: 0 | Z65: 0 | AA65: 0 | AB65: 0 | AC65: 9 | AD65: 0 | AE65: 0 | AF65: 0 | AG65: 0 | AH65: =SUM(L65:AG65) -> 9 | AI65: 44851
A66: 0118000190 | B66: 01-0J210 | C66: APL | D66: 2025 | E66: 20.XX.201.121 | F66: 52000 | G66: 2020201.121 | H66: 1510 | I66: 45008 | J66: 44919 | K66: 45474 | L66: 7 | M66: 0 | N66: 0 | O66: 0 | P66: 0 | Q66: 0 | R66: 0 | S66: 0 | T66: 0 | U66: 0 | V66: 0 | W66: 0 | X66: 0 | Y66: 0 | Z66: 0 | AA66: 0 | AB66: 0 | AC66: 0 | AD66: 0 | AE66: 0 | AF66: 0 | AG66: 0 | AH66: =SUM(L66:AG66) -> 7 | AI66: 44851
A67: 0118000190 | B67: 01-0J210 | C67: APL | D67: 2026 | E67: 20.XX.201.121 | F67: 52000 | G67: 2020201.121 | H67: 1510 | I67: 45008 | J67: 44919 | K67: 45474 | L67: 0 | M67: 0 | N67: 0 | O67: 0 | P67: 0 | Q67: 0 | R67: 0 | S67: 0 | T67: 0 | U67: 0 | V67: 0 | W67: 0 | X67: 16 | Y67: 0 | Z67: 0 | AA67: 0 | AB67: 0 | AC67: 0 | AD67: 0 | AE67: 0 | AF67: 0 | AG67: 0 | AH67: =SUM(L67:AG67) -> 16 | AI67: 44851
A68: 0119000025 | B68: 01-0J410 | C68: APL | D68: 2024 | E68: 20.XX.201.010 | F68: 89000 | G68: 2020201.010 | H68: 1510 | I68: 44302 | K68: 44616 | L68: 0 | M68: 0 | N68: 0 | O68: 0 | P68: 0 | Q68: 0 | R68: 0 | S68: 0 | T68: 0 | U68: 0 | V68: 0 | W68: 0 | X68: 0 | Y68: 0 | Z68: 0 | AA68: 3 | AB68: 0 | AC68: 0 | AD68: 0 | AE68: 0 | AF68: 0 | AG68: 0 | AH68: =SUM(L68:AG68) -> 3 | AI68: 44628
A69: 0119000025 | B69: 01-0J410 | C69: APL | D69: 2025 | E69: 20.XX.201.010 | F69: 89000 | G69: 2020201.010 | H69: 1510 | I69: 44302 | K69: 44616 | L69: 0 | M69: 0 | N69: 0 | O69: 0 | P69: 0 | Q69: 0 | R69: 0 | S69: 0 | T69: 0 | U69: 0 | V69: 0 | W69: 0 | X69: 0 | Y69: 0 | Z69: 0 | AA69: 3 | AB69: 0 | AC69: 0 | AD69: 0 | AE69: 0 | AF69: 0 | AG69: 0 | AH69: =SUM(L69:AG69) -> 3 | AI69: 44628
A70: 0119000025 | B70: 01-0J410 | C70: APL | D70: 2026 | E70: 20.XX.201.010 | F70: 89000 | G70: 2020201.010 | H70: 1510 | I70: 44302 | K70: 44616 | L70: 0 | M70: 0 | N70: 0 | O70: 0 | P70: 0 | Q70: 0 | R70: 0 | S70: 0 | T70: 0 | U70: 0 | V70: 0 | W70: 0 | X70: 0 | Y70: 0 | Z70: 0 | AA70: 3 | AB70: 0 | AC70: 0 | AD70: 0 | AE70: 0 | AF70: 0 | AG70: 0 | AH70: =SUM(L70:AG70) -> 3 | AI70: 44628
A71: 0119000025 | B71: 01-0J410 | C71: APL | D71: 2027 | E71: 20.XX.201.010 | F71: 89000 | G71: 2020201.010 | H71: 1510 | I71: 44302 | K71: 44616 | L71: 0 | M71: 0 | N71: 0 | O71: 0 | P71: 0 | Q71: 0 | R71: 0 | S71: 0 | T71: 0 | U71: 0 | V71: 0 | W71: 0 | X71: 0 | Y71: 0 | Z71: 0 | AA71: 3 | AB71: 0 | AC71: 0 | AD71: 0 | AE71: 0 | AF71: 0 | AG71: 0 | AH71: =SUM(L71:AG71) -> 3 | AI71: 44628
A72: 0119000119 | B72: 01-0J890 | C72: APL | D72: 2024 | E72: 20.XX.201.010 | F72: 1024000 | G72: 2020201.010 | H72: 1510 | I72: 45023 | J72: 45023 | K72: 45372 | L72: 296 | M72: 0 | N72: 0 | O72: 0 | P72: 0 | Q72: 0 | R72: 0 | S72: 0 | T72: 0 | U72: 5 | V72: 0 | W72: 0 | X72: 246 | Y72: 0 | Z72: 0 | AA72: 0 | AB72: 0 | AC72: 25 | AD72: 0 | AE72: 0 | AF72: 0 | AG72: 0 | AH72: =SUM(L72:AG72) -> 572 | AI72: 44504
A73: 0119000119 | B73: 01-0J890 | C73: APL | D73: 2029 | E73: 20.XX.201.010 | F73: 1024000 | G73: 2020201.010 | H73: 1500 | I73: 45023 | J73: 45023 | K73: 45372 | L73: 0 | M73: 0 | N73: 0 | O73: 0 | P73: 0 | Q73: 0 | R73: 0 | S73: 0 | T73: 0 | U73: 0 | V73: 0 | W73: 0 | X73: 0 | Y73: 0 | Z73: 0 | AA73: 0 | AB73: 883 | AC73: 0 | AD73: 0 | AE73: 0 | AF73: 0 | AG73: 0 | AH73: =SUM(L73:AG73) -> 883 | AI73: 44504
A74: 0119000123 | B74: 01-0J930 | C74: APL | D74: 2024 | E74: 20.XX.201.121 | F74: 505000 | G74: 2020201.121 | H74: 1500 | I74: 45474 | J74: 45341 | K74: 45964 | L74: 0 | M74: 0 | N74: 0 | O74: 0 | P74: 0 | Q74: 0 | R74: 0 | S74: 0 | T74: 0 | U74: 0 | V74: 0 | W74: 0 | X74: 0 | Y74: 0 | Z74: 0 | AA74: 0 | AB74: 0 | AC74: 18 | AD74: 0 | AE74: 0 | AF74: 0 | AG74: 0 | AH74: =SUM(L74:AG74) -> 18 | AI74: 43873
A75: 0119000123 | B75: 01-0J930 | C75: APL | D75: 2029 | E75: 20.XX.201.121 | F75: 505000 | G75: 2020201.121 | H75: 1500 | I75: 45474 | J75: 45341 | K75: 45964 | L75: 0 | M75: 0 | N75: 0 | O75: 0 | P75: 0 | Q75: 0 | R75: 0 | S75: 0 | T75: 0 | U75: 0 | V75: 0 | W75: 30 | X75: 457 | Y75: 0 | Z75: 0 | AA75: 0 | AB75: 0 | AC75: 0 | AD75: 0 | AE75: 0 | AF75: 0 | AG75: 0 | AH75: =SUM(L75:AG75) -> 487 | AI75: 43873
A76: 0119000124 | B76: 01-0J940 | C76: APL | D76: 2024 | E76: 20.XX.201.121 | F76: 193000 | G76: 2020201.121 | H76: 1500 | I76: 45266 | J76: 45266 | K76: 45852 | L76: 0 | M76: 0 | N76: 0 | O76: 0 | P76: 0 | Q76: 0 | R76: 0 | S76: 0 | T76: 0 | U76: 0 | V76: 0 | W76: 0 | X76: 0 | Y76: 0 | Z76: 0 | AA76: 0 | AB76: 0 | AC76: 25 | AD76: 0 | AE76: 0 | AF76: 0 | AG76: 0 | AH76: =SUM(L76:AG76) -> 25 | AI76: 43993
A77: 0119000124 | B77: 01-0J940 | C77: APL | D77: 2025 | E77: 20.XX.201.121 | F77: 193000 | G77: 2020201.121 | H77: 1500 | I77: 45266 | J77: 45266 | K77: 45852 | L77: 64 | M77: 0 | N77: 0 | O77: 0 | P77: 0 | Q77: 0 | R77: 0 | S77: 0 | T77: 0 | U77: 8 | V77: 0 | W77: 0 | X77: 0 | Y77: 0 | Z77: 0 | AA77: 0 | AB77: 0 | AC77: 0 | AD77: 0 | AE77: 0 | AF77: 0 | AG77: 0 | AH77: =SUM(L77:AG77) -> 72 | AI77: 43993
A78: 0119000124 | B78: 01-0J940 | C78: APL | D78: 2026 | E78: 20.XX.201.121 | F78: 193000 | G78: 2020201.121 | H78: 1500 | I78: 45266 | J78: 45266 | K78: 45852 | L78: 63 | M78: 0 | N78: 0 | O78: 0 | P78: 0 | Q78: 0 | R78: 0 | S78: 0 | T78: 0 | U78: 13 | V78: 0 | W78: 0 | X78: 0 | Y78: 0 | Z78: 0 | AA78: 0 | AB78: 0 | AC78: 0 | AD78: 0 | AE78: 0 | AF78: 0 | AG78: 0 | AH78: =SUM(L78:AG78) -> 76 | AI78: 43993
A79: 0119000125 | B79: 01-0J950 | C79: APL | D79: 2026 | E79: 20.XX.201.121 | F79: 0 | G79: 2020201.121 | H79: 1500 | I79: 45964 | J79: 45964 | K79: 46371 | L79: 0 | M79: 0 | N79: 0 | O79: 0 | P79: 0 | Q79: 0 | R79: 0 | S79: 0 | T79: 0 | U79: 0 | V79: 0 | W79: 0 | X79: 0 | Y79: 0 | Z79: 0 | AA79: 8 | AB79: 0 | AC79: 4 | AD79: 0 | AE79: 0 | AF79: 0 | AG79: 0 | AH79: =SUM(L79:AG79) -> 12 | AI79: 44865
A80: 0119000129 | B80: 01-0J990 | C80: APL | D80: 2024 | E80: 20.XX.201.121 | F80: 21000 | G80: 2020201.151 | H80: 1510 | I80: 45280 | J80: 45250 | K80: 45931 | L80: 0 | M80: 0 | N80: 0 | O80: 0 | P80: 0 | Q80: 0 | R80: 0 | S80: 0 | T80: 0 | U80: 0 | V80: 0 | W80: 0 | X80: 0 | Y80: 0 | Z80: 0 | AA80: 0 | AB80: 0 | AC80: 21 | AD80: 0 | AE80: 0 | AF80: 0 | AG80: 0 | AH80: =SUM(L80:AG80) -> 21 | AI80: 43948
A81: 0119000130 | B81: 01-0K000 | C81: APL | D81: 2024 | E81: 20.XX.201.121 | F81: 106000 | G81: 2020201.121 | H81: 1500 | I81: 45327 | J81: 45327 | K81: 45839 | L81: 0 | M81: 0 | N81: 0 | O81: 0 | P81: 0 | Q81: 0 | R81: 0 | S81: 0 | T81: 0 | U81: 0 | V81: 0 | W81: 0 | X81: 13 | Y81: 0 | Z81: 0 | AA81: 0 | AB81: 0 | AC81: 0 | AD81: 0 | AE81: 0 | AF81: 0 | AG81: 0 | AH81: =SUM(L81:AG81) -> 13 | AI81: 44299
A82: 0119000130 | B82: 01-0K000 | C82: APL | D82: 2025 | E82: 20.XX.201.121 | F82: 106000 | G82: 2020201.121 | H82: 1500 | I82: 45327 | J82: 45327 | K82: 45839 | L82: 43 | M82: 0 | N82: 0 | O82: 0 | P82: 0 | Q82: 0 | R82: 0 | S82: 0 | T82: 0 | U82: 7 | V82: 0 | W82: 0 | X82: 0 | Y82: 0 | Z82: 0 | AA82: 0 | AB82: 0 | AC82: 0 | AD82: 0 | AE82: 0 | AF82: 0 | AG82: 0 | AH82: =SUM(L82:AG82) -> 50 | AI82: 44299
A83: 0119000130 | B83: 01-0K000 | C83: APL | D83: 2026 | E83: 20.XX.201.121 | F83: 106000 | G83: 2020201.121 | H83: 1500 | I83: 45327 | J83: 45327 | K83: 45839 | L83: 43 | M83: 0 | N83: 0 | O83: 0 | P83: 0 | Q83: 0 | R83: 0 | S83: 0 | T83: 0 | U83: 0 | V83: 0 | W83: 0 | X83: 0 | Y83: 0 | Z83: 0 | AA83: 0 | AB83: 0 | AC83: 0 | AD83: 0 | AE83: 0 | AF83: 0 | AG83: 0 | AH83: =SUM(L83:AG83) -> 43 | AI83: 44299
... A126: 0121000091 | B126: 01-0L270 | C126: APL | D126: 2028 | E126: 40.XX.201.151 | F126: 0 | G126: 2020201.119 | H126: 1500 | I126: 46540 | J126: 46540 | K126: 47301 | L126: 160 | M126: 0 | N126: 0 | O126: 0 | P126: 0 | Q126: 0 | R126: 0 | S126: 0 | T126: 0 | U126: 0 | V126: 0 | W126: 0 | X126: 0 | Y126: 0 | Z126: 0 | AA126: 0 | AB126: 0 | AC126: 0 | AD126: 0 | AE126: 0 | AF126: 0 | AG126: 0 | AH126: =SUM(L126:AG126) -> 160 | AI126: 44880
A127: 0121000091 | B127: 01-0L270 | C127: APL | D127: 2029 | E127: 40.XX.201.151 | F127: 0 | G127: 2020201.119 | H127: 1500 | I127: 46540 | J127: 46540 | K127: 47301 | M127: 0 | N127: 0 | O127: 0 | P127: 0 | Q127: 0 | R127: 0 | S127: 0 | T127: 0 | U127: 2 | V127: 0 | W127: 0 | X127: 57 | Y127: 0 | Z127: 0 | AA127: 0 | AB127: 395 | AC127: 0 | AD127: 0 | AE127: 0 | AF127: 0 | AG127: 0 | AH127: =SUM(L127:AG127) -> 454 | AI127: 44880
A128: 0121000093 | B128: 01-0L290 | C128: APL | D128: 2026 | E128: 40.XX.201.151 | F128: 0 | G128: 2020201.151 | H128: 1500 | I128: 46448 | J128: 46448 | K128: 47000 | L128: 0 | M128: 0 | N128: 0 | O128: 0 | P128: 0 | Q128: 0 | R128: 0 | S128: 0 | T128: 0 | U128: 0 | V128: 0 | W128: 0 | X128: 40 | Y128: 0 | Z128: 0 | AA128: 0 | AB128: 0 | AC128: 0 | AD128: 0 | AE128: 0 | AF128: 0 | AG128: 0 | AH128: =SUM(L128:AG128) -> 40 | AI128: 44851
A129: 0121000093 | B129: 01-0L290 | C129: APL | D129: 2027 | E129: 40.XX.201.151 | F129: 0 | G129: 2020201.151 | H129: 1500 | I129: 46448 | J129: 46448 | K129: 47000 | L129: 182 | M129: 0 | N129: 0 | O129: 0 | P129: 0 | Q129: 0 | R129: 0 | S129: 0 | T129: 0 | U129: 41 | V129: 0 | W129: 0 | X129: 0 | Y129: 0 | Z129: 0 | AA129: 0 | AB129: 0 | AC129: 95 | AD129: 0 | AE129: 0 | AF129: 0 | AG129: 0 | AH129: =SUM(L129:AG129) -> 318 | AI129: 44851
A130: 0121000093 | B130: 01-0L290 | C130: APL | D130: 2028 | E130: 40.XX.201.151 | F130: 0 | G130: 2020201.151 | H130: 1500 | I130: 46448 | J130: 46448 | K130: 47000 | L130: 0 | M130: 0 | N130: 0 | O130: 0 | P130: 0 | Q130: 0 | R130: 0 | S130: 0 | T130: 0 | U130: 54 | V130: 0 | W130: 0 | X130: 0 | Y130: 0 | Z130: 0 | AA130: 100 | AB130: 0 | AC130: 0 | AD130: 0 | AE130: 0 | AF130: 0 | AG130: 0 | AH130: =SUM(L130:AG130) -> 154 | AI130: 44851
A131: 0121000093 | B131: 01-0L290 | C131: APL | D131: 2029 | E131: 40.XX.201.151 | F131: 0 | G131: 2020201.151 | H131: 1500 | I131: 46448 | J131: 46448 | K131: 47000 | L131: 181 | M131: 0 | N131: 0 | O131: 0 | P131: 0 | Q131: 0 | R131: 0 | S131: 0 | T131: 0 | U131: 0 | V131: 0 | W131: 0 | X131: 79 | Y131: 0 | Z131: 0 | AA131: 0 | AB131: 0 | AC131: 0 | AD131: 0 | AE131: 0 | AF131: 0 | AG131: 0 | AH131: =SUM(L131:AG131) -> 260 | AI131: 44851
A132: 0121000095 | B132: 01-0L310 | C132: APL | D132: 2025 | E132: 40.XX.201.122 | F132: 0 | G132: 2020201.121 | H132: 1500 | I132: 45964 | J132: 45964 | K132: 46267 | L132: 0 | M132: 0 | N132: 0 | O132: 0 | P132: 0 | Q132: 0 | R132: 0 | S132: 0 | T132: 0 | U132: 0 | V132: 0 | W132: 0 | X132: 12 | Y132: 0 | Z132: 0 | AA132: 0 | AB132: 0 | AC132: 0 | AD132: 0 | AE132: 0 | AF132: 0 | AG132: 0 | AH132: =SUM(L132:AG132) -> 12 | AI132: 44910
A133: 0121000095 | B133: 01-0L310 | C133: APL | D133: 2026 | E133: 40.XX.201.122 | F133: 0 | G133: 2020201.121 | H133: 1500 | I133: 45964 | J133: 45964 | K133: 46267 | L133: 0 | M133: 0 | N133: 0 | O133: 0 | P133: 0 | Q133: 0 | R133: 0 | S133: 0 | T133: 0 | U133: 0 | V133: 0 | W133: 0 | X133: 0 | Y133: 0 | Z133: 0 | AA133: 2 | AB133: 0 | AC133: 0 | AD133: 0 | AE133: 0 | AF133: 0 | AG133: 0 | AH133: =SUM(L133:AG133) -> 2 | AI133: 44910
A134: 0121000105 | B134: 01-0L380 | C134: APL | D134: 2024 | E134: 20.XX.201.010 | F134: 1011000 | G134: 2020201.010 | H134: 1500 | I134: 45427 | J134: 45427 | K134: 46082 | L134: 15 | M134: 0 | N134: 0 | O134: 0 | P134: 0 | Q134: 0 | R134: 0 | S134: 0 | T134: 0 | U134: 1 | V134: 0 | W134: 0 | X134: 0 | Y134: 0 | Z134: 0 | AA134: 0 | AB134: 0 | AC134: 42 | AD134: 0 | AE134: 0 | AF134: 0 | AG134: 0 | AH134: =SUM(L134:AG134) -> 58 | AI134: 44614
A135: 0121000105 | B135: 01-0L380 | C135: APL | D135: 2025 | E135: 20.XX.201.010 | F135: 1011000 | G135: 2020201.010 | H135: 1500 | I135: 45427 | J135: 45427 | K135: 46082 | L135: 0 | M135: 0 | N135: 0 | O135: 0 | P135: 0 | Q135: 0 | R135: 0 | S135: 0 | T135: 0 | U135: 0 | V135: 0 | W135: 0 | X135: 0 | Y135: 0 | Z135: 0 | AA135: 0 | AB135: 927 | AC135: 0 | AD135: 0 | AE135: 0 | AF135: 0 | AG135: 0 | AH135: =SUM(L135:AG135) -> 927 | AI135: 44614
A136: 0121000105 | B136: 01-0L380 | C136: APL | D136: 2029 | E136: 20.XX.201.010 | F136: 1011000 | G136: 2020201.010 | H136: 1500 | I136: 45427 | J136: 45427 | K136: 46082 | L136: 0 | M136: 0 | N136: 0 | O136: 0 | P136: 0 | Q136: 0 | R136: 0 | S136: 0 | T136: 0 | U136: 0 | V136: 0 | W136: 0 | X136: 26 | Y136: 0 | Z136: 0 | AA136: 0 | AB136: 0 | AC136: 0 | AD136: 0 | AE136: 0 | AF136: 0 | AG136: 0 | AH136: =SUM(L136:AG136) -> 26 | AI136: 44614
A137: 0122000010 | B137: 01-0L430 | C137: APL | D137: 2024 | E137: 20.XX.201.010 | F137: 110000 | G137: 2020201.010 | H137: 1500 | I137: 45554 | J137: 45554 | K137: 45991 | L137: 0 | M137: 0 | N137: 0 | O137: 0 | P137: 0 | Q137: 0 | R137: 0 | S137: 0 | T137: 0 | U137: 0 | V137: 0 | W137: 0 | X137: 18 | Y137: 0 | Z137: 0 | AA137: 0 | AB137: 0 | AC137: 0 | AD137: 0 | AE137: 0 | AF137: 0 | AG137: 0 | AH137: =SUM(L137:AG137) -> 18 | AI137: 44636
A138: 0122000010 | B138: 01-0L430 | C138: APL | D138: 2025 | E138: 20.XX.201.010 | F138: 110000 | G138: 2020201.010 | H138: 1500 | I138: 45554 | J138: 45554 | K138: 45991 | L138: 36 | M138: 0 | N138: 0 | O138: 0 | P138: 0 | Q138: 0 | R138: 0 | S138: 0 | T138: 0 | U138: 4 | V138: 0 | W138: 0 | X138: 0 | Y138: 0 | Z138: 0 | AA138: 0 | AB138: 0 | AC138: 14 | AD138: 0 | AE138: 0 | AF138: 0 | AG138: 0 | AH138: =SUM(L138:AG138) -> 54 | AI138: 44636
A139: 0122000010 | B139: 01-0L430 | C139: APL | D139: 2026 | E139: 20.XX.201.010 | F139: 110000 | G139: 2020201.010 | H139: 1500 | I139: 45554 | J139: 45554 | K139: 45991 | L139: 36 | M139: 0 | N139: 0 | O139: 0 | P139: 0 | Q139: 0 | R139: 0 | S139: 0 | T139: 0 | U139: 2 | V139: 0 | W139: 0 | X139: 0 | Y139: 0 | Z139: 0 | AA139: 0 | AB139: 0 | AC139: 0 | AD139: 0 | AE139: 0 | AF139: 0 | AG139: 0 | AH139: =SUM(L139:AG139) -> 38 | AI139: 44636
... A158: 0123000062 | B158: 01-0H641 | C158: APL | D158: 2024 | E158: 20.XX.201.151 | F158: 0 | G158: 2020201.151 | H158: 1500 | I158: 45200 | J158: 45200 | K158: 45689 | L158: 23 | M158: 0 | N158: 0 | O158: 0 | P158: 0 | Q158: 0 | R158: 0 | S158: 0 | T158: 0 | U158: 3 | V158: 0 | W158: 0 | X158: 0 | Y158: 0 | Z158: 0 | AA158: 0 | AB158: 0 | AC158: 25 | AD158: 0 | AE158: 0 | AF158: 0 | AG158: 0 | AH158: =SUM(L158:AG158) -> 51 | AI158: 44956
A159: 0123000066 | B159: 01-0M760 | C159: APL | D159: 2026 | E159: 20.XX.201.2XX | F159: 0 | G159: 2020201.113 | H159: 1540 | I159: 46223 | J159: 46223 | K159: 46924 | M159: 0 | N159: 0 | O159: 0 | P159: 0 | Q159: 0 | R159: 0 | S159: 0 | T159: 0 | V159: 0 | W159: 20 | X159: 0 | Y159: 0 | Z159: 0 | AA159: 0 | AB159: 0 | AD159: 0 | AE159: 0 | AF159: 0 | AG159: 0 | AH159: =SUM(L159:AG159) -> 20 | AI159: 42137
A160: 0123000066 | B160: 01-0M760 | C160: APL | D160: 2027 | E160: 20.XX.201.2XX | F160: 0 | G160: 2020201.113 | H160: 1540 | I160: 46223 | J160: 46223 | K160: 46924 | L160: 490 | M160: 0 | N160: 0 | O160: 0 | P160: 0 | Q160: 0 | R160: 0 | S160: 0 | T160: 0 | U160: 35 | V160: 0 | W160: 0 | X160: 2084 | Y160: 0 | Z160: 0 | AA160: 0 | AB160: 12434 | AC160: 127 | AD160: 0 | AE160: 0 | AF160: 0 | AG160: 0 | AH160: =SUM(L160:AG160) -> 15170 | AI160: 44970
A161: 0213000005 | B161: 02-4F550 | C161: APL | D161: 2024 | E161: 20.XX.201.110 | F161: 81000 | G161: 2020201.110 | H161: 1510 | I161: 42475 | J161: 42438 | K161: 42908 | L161: 0 | M161: 0 | N161: 0 | O161: 0 | P161: 0 | Q161: 0 | R161: 0 | S161: 0 | T161: 0 | U161: 0 | V161: 0 | W161: 0 | X161: 0 | Y161: 0 | Z161: 0 | AA161: 0 | AB161: 20 | AC161: 0 | AD161: 0 | AE161: 0 | AF161: 0 | AG161: 0 | AH161: =SUM(L161:AG161) -> 20 | AI161: 42985
A162: 0214000013 | B162: 02-4G440 | C162: APL | D162: 2024 | E162: 20.XX.201.110 | F162: 237000 | G162: 2020201.110 | H162: 1510 | I162: 43706 | J162: 43615 | K162: 43913 | L162: 0 | M162: 0 | N162: 0 | O162: 0 | P162: 0 | Q162: 0 | R162: 0 | S162: 0 | T162: 0 | U162: 0 | V162: 0 | W162: 0 | X162: 0 | Y162: 0 | Z162: 0 | AA162: 0 | AB162: 16 | AC162: 0 | AD162: 0 | AE162: 0 | AF162: 0 | AG162: 0 | AH162: =SUM(L162:AG162) -> 16 | AI162: 43545
A163: 0215000051 | B163: 02-0H560 | C163: APL | D163: 2024 | E163: 20.XX.201.151 | F163: 114000 | G163: 2020201.151 | H163: 1510 | I163: 43343 | J163: 43385 | K163: 43840 | L163: 0 | M163: 0 | N163: 0 | O163: 0 | P163: 0 | Q163: 0 | R163: 0 | S163: 0 | T163: 0 | U163: 0 | V163: 0 | W163: 0 | X163: 0 | Y163: 0 | Z163: 0 | AA163: 0 | AB163: 4 | AC163: 0 | AD163: 0 | AE163: 0 | AF163: 0 | AG163: 0 | AH163: =SUM(L163:AG163) -> 4 | AI163: 43518
A164: 0215000083 | B164: 02-0H920 | C164: APL | D164: 2024 | E164: 20.XX.075.600 | F164: 631000 | G164: 2020075.000 | H164: 1510 | I164: 44047 | J164: 44776 | K164: 45512 | L164: 0 | U164: 0 | V164: 0 | W164: 0 | X164: 0 | Y164: 0 | Z164: 0 | AA164: 74 | AB164: 0 | AH164: =SUM(L164:AG164) -> 74 | AI164: 43908
A165: 0215000083 | B165: 02-0H920 | C165: APL | D165: 2026 | E165: 20.XX.075.600 | F165: 631000 | G165: 2020075.600 | H165: 1510 | I165: 44047 | J165: 44776 | K165: 45512 | L165: 0 | M165: 0 | N165: 0 | O165: 0 | P165: 0 | Q165: 0 | R165: 0 | S165: 0 | T165: 0 | U165: 0 | V165: 0 | W165: 0 | X165: 0 | Y165: 0 | Z165: 0 | AA165: 0 | AB165: 650 | AC165: 0 | AD165: 0 | AE165: 0 | AF165: 0 | AG165: 0 | AH165: =SUM(L165:AG165) -> 650 | AI165: 43908
A166: 0216000024 | B166: 02-1H580 | C166: APL | D166: 2024 | E166: 20.XX.201.120 | F166: 911000 | G166: 2020201.120 | H166: 1510 | I166: 44440 | J166: 44183 | K166: 44861 | L166: 0 | M166: 0 | N166: 0 | O166: 0 | P166: 0 | Q166: 0 | R166: 0 | S166: 0 | T166: 0 | U166: 0 | V166: 0 | W166: 0 | X166: 0 | Y166: 0 | Z166: 0 | AA166: 0 | AB166: 210 | AC166: 0 | AD166: 0 | AE166: 0 | AF166: 0 | AG166: 0 | AH166: =SUM(L166:AG166) -> 210 | AI166: 44944
A167: 0216000031 | B167: 02-1H640 | C167: APL | D167: 2024 | E167: 20.XX.201.240 | F167: 1357000 | G167: 2020201.240 | H167: 1500 | I167: 43355 | K167: 43439 | L167: 0 | M167: 0 | N167: 0 | O167: 0 | P167: 0 | Q167: 0 | R167: 0 | S167: 0 | T167: 0 | U167: 0 | V167: 0 | W167: 0 | X167: 0 | Y167: 0 | Z167: 0 | AA167: 0 | AB167: 186 | AC167: 0 | AD167: 0 | AE167: 0 | AF167: 0 | AG167: 0 | AH167: =SUM(L167:AG167) -> 186 | AI167: 42914
A168: 0216000033 | B168: 02-1H720 | C168: APL | D168: 2024 | E168: 20.XX.201.378 | F168: 402000 | G168: 2020201.378 | H168: 1510 | I168: 42643 | J168: 43818 | K168: 44453 | L168: 0 | M168: 0 | N168: 0 | O168: 0 | P168: 0 | Q168: 0 | R168: 0 | S168: 0 | T168: 0 | U168: 0 | V168: 0 | W168: 0 | X168: 0 | Y168: 0 | Z168: 0 | AA168: 13 | AB168: 57 | AC168: 0 | AD168: 0 | AE168: 0 | AF168: 0 | AG168: 0 | AH168: =SUM(L168:AG168) -> 70 | AI168: 43713
A169: 0216000040 | B169: 02-1H360 | C169: APL | D169: 2024 | E169: 20.XX.201.111 | F169: 993000 | G169: 2020201.111 | H169: 1510 | I169: 44593 | J169: 44517 | K169: 45107 | L169: 0 | M169: 0 | N169: 0 | O169: 0 | P169: 0 | Q169: 0 | R169: 0 | S169: 0 | T169: 0 | U169: 0 | V169: 0 | W169: 0 | X169: 0 | Y169: 0 | Z169: 0 | AA169: 0 | AB169: 133 | AC169: 0 | AD169: 0 | AE169: 0 | AF169: 0 | AG169: 0 | AH169: =SUM(L169:AG169) -> 133 | AI169: 44426
A170: 0216000125 | B170: 02-0H730 | C170: APL | D170: 2026 | E170: 20.XX.201.2XX | F170: 543000 | G170: 2020201.120 | H170: 1500 | I170: 45936 | J170: 45908 | K170: 46419 | L170: 9 | M170: 0 | N170: 0 | O170: 0 | P170: 0 | Q170: 0 | R170: 0 | S170: 0 | T170: 0 | U170: 2 | V170: 0 | W170: 0 | X170: 13 | Y170: 0 | Z170: 0 | AA170: 0 | AB170: 0 | AC170: 19 | AD170: 0 | AE170: 0 | AF170: 0 | AG170: 0 | AH170: =SUM(L170:AG170) -> 43 | AI170: 44375
...

Sheet FY24 Reimbursed Allocation - 1
A1: Project ID | B1: EA | C1: PRSM Status | D1: Fiscal Year | E1: CTIPS Funding Sources | F1: CTIPS STIP/SHOPP Amount | G1: Funding Sources | H1: Task Code | I1: PAED (M200) | J1: Reg RW (M225) | K1: RW Cert (M410) | L1: 050 Acq of Real Property (k$) | M1: 052 Est Damages to Excess Land (k$) | N1: 053 Int on Condmntn (k$) | O1: 059 Acq of Personal Prop (k$) | P1: 080 Real Prop Excess Lands Acq (k$) | Q1: 083 Early Acq (k$) | R1: 090 Condmntn Deposits (k$) | S1: 130 Jury Recording Reporter Fees Exp Condmntn (k$) | T1: 131 Expert Appraiser Witness Condmntn (k$) | U1: 034-Title & Escrow (k$) | V1: 042 Railroad (k$) | W1: 051 Pos Loc Util (k$) | X1: 054 ROW Util Reloc(k$) | Y1: 055 Reloc Asst(k$) | Z1: 056 CI or Demo (k$) | AA1: 060 Proj Spec Permit (k$) | AB1: 081 Mitigation (k$) | AC1: 088 Proj Permit FeesFed Inelig (k$) | AD1: 170 Claims Legal Payments Fed Inelig (k$) | AE1: 230 Jury Recording Reptr Fees Exp–IC-Fed Inelig (k$) | AF1: 231 Exp Appr/ Witness IC-Fed Inelig (k$) | AG1: 253 Interest on IC- Fed Inelig (k$) | AH1: Total | AI1: 050 Acq of Real Property (k$) | AJ1: 052 Est Damages to Excess Land (k$) | AK1: 053 Int on Condmntn (k$) | AL1: 059 Acq of Personal Prop (k$) | AM1: 080 Real Prop Excess Lands Acq (k$) | AN1: 083 Early Acq (k$) | AO1: 090 Condmntn Deposits (k$) | AP1: 130 Jury Recording Reporter Fees Exp Condmntn (k$) | AQ1: 131 Expert Appraiser Witness Condmntn (k$) | AR1: 034-Title & Escrow (k$) | AS1: 042 Railroad (k$) | AT1: 051 Pos Loc Util (k$) | AU1: 054 ROW Util Reloc(k$) | AV1: 055 Reloc Asst(k$) | AW1: 056 CI or Demo (k$) | AX1: 060 Proj Spec Permit (k$) | AY1: 081 Mitigation (k$) | AZ1: 088 Proj Permit FeesFed Inelig (k$) | BA1: 170 Claims Legal Payments Fed Inelig (k$) | BB1: 230 Jury Recording Reptr Fees Exp–IC-Fed Inelig (k$) | BC1: 231 Exp Appr/ Witness IC-Fed Inelig (k$) | BD1: 253 Interest on IC- Fed Inelig (k$) | BE1: Total | BF1: FY24 RCFP Total | BG1: HQ Adjusted Total | BH1: HQ Comments
A2: 03-0H931 | B2: 03-0H931 | C2: APL | D2: 2024 | E2: 20.XX.400.232 | F2: 0 | G2: 2020400.232 | H2: 1540 | I2: 45628 | J2: 45698 | K2: 46094 | L2: 13960 | M2: 0 | N2: 0 | O2: 0 | P2: 0 | Q2: 0 | R2: 0 | S2: 0 | T2: 0 | U2: 0 | V2: 0 | W2: 0 | X2: 380 | Y2: 239 | Z2: 143 | AA2: 0 | AB2: 2254 | AC2: 0 | AD2: 0 | AE2: 0 | AF2: 0 | AG2: 0 | AH2: =SUM(L2:AG2) -> 16976 | AI2: 0 | AJ2: 0 | AK2: 0 | AL2: 0 | AM2: 0 | AN2: 0 | AO2: 0 | AP2: 0 | AQ2: 0 | AR2: 0 | AS2: 0 | AT2: 0 | AU2: 0 | AV2: 0 | AW2: 0 | AX2: 0 | AY2: 0 | AZ2: 0 | BA2: 0 | BB2: 0 | BC2: 0 | BD2: 0 | BE2: =SUM(AI2:BD2) -> 0 | BF2: =AH2 -> 16976 | BG2: =BE2 -> 0 | BH2: Future Funds no programming, pushed money out
A3: 03-2C990 | B3: 03-2C990 | C3: APL | D3: 2024 | E3: 40.XX.400.00 | F3: 0 | G3: 2020400.000 | H3: 1500 | I3: 46583 | J3: 46313 | K3: 46495 | L3: 0 | M3: 0 | N3: 0 | O3: 0 | P3: 0 | Q3: 0 | R3: 0 | S3: 0 | T3: 0 | U3: 25 | V3: 0 | W3: 0 | X3: 30 | Y3: 0 | Z3: 0 | AA3: 0 | AB3: 0 | AC3: 66 | AD3: 0 | AE3: 0 | AF3: 0 | AG3: 0 | AH3: =SUM(L3:AG3) -> 121 | AI3: 0 | AJ3: 0 | AK3: 0 | AL3: 0 | AM3: 0 | AN3: 0 | AO3: 0 | AP3: 0 | AQ3: 0 | AR3: 25 | AS3: 0 | AT3: 0 | AU3: 30 | AV3: 0 | AW3: 0 | AX3: 0 | AY3: 0 | AZ3: 66 | BA3: 0 | BB3: 0 | BC3: 0 | BD3: 0 | BE3: =SUM(AI3:BD3) -> 121 | BF3: =AH3 -> 121 | BG3: 112 | BH3: Reduced $9k
A4: 03-3H900 | B4: 03-3H900 | C4: APL | D4: 2024 | E4: 40.XX.075.600 | F4: 0 | G4: 2020400.210 | H4: 1500 | I4: 45231 | J4: 45291 | K4: 45733 | L4: 2754 | M4: 0 | N4: 0 | O4: 0 | P4: 0 | Q4: 0 | R4: 0 | S4: 0 | T4: 0 | U4: 0 | V4: 0 | W4: 0 | X4: 1680 | Y4: 0 | Z4: 0 | AA4: 0 | AB4: 729 | AC4: 0 | AD4: 0 | AE4: 0 | AF4: 0 | AG4: 0 | AH4: =SUM(L4:AG4) -> 5163 | AI4: 0 | AJ4: 0 | AK4: 0 | AL4: 0 | AM4: 0 | AN4: 0 | AO4: 0 | AP4: 0 | AQ4: 0 | AR4: 0 | AS4: 0 | AT4: 0 | AU4: 0 | AV4: 0 | AW4: 0 | AX4: 0 | AY4: 0 | AZ4: 0 | BA4: 0 | BB4: 0 | BC4: 0 | BD4: 0 | BE4: =SUM(AI4:BD4) -> 0 | BF4: =AH4 -> 5163 | BG4: =BE4 -> 0 | BH4: Future Funds no programming, pushed money out
A5: 03-4H580 | B5: 03-4H580 | C5: APL | D5: 2024 | E5: 20.XX.400.100 | F5: 0 | G5: 2020400.100 | H5: 1500 | I5: 45231 | J5: 45412 | K5: 45775 | L5: 621 | M5: 0 | N5: 0 | O5: 0 | P5: 0 | Q5: 0 | R5: 0 | S5: 0 | T5: 0 | U5: 0 | V5: 0 | W5: 0 | X5: 0 | Y5: 0 | Z5: 0 | AA5: 0 | AB5: 0 | AC5: 50 | AD5: 0 | AE5: 0 | AF5: 0 | AG5: 0 | AH5: =SUM(L5:AG5) -> 671 | AI5: 0 | AJ5: 0 | AK5: 0 | AL5: 0 | AM5: 0 | AN5: 0 | AO5: 0 | AP5: 0 | AQ5: 0 | AR5: 0 | AS5: 0 | AT5: 0 | AU5: 0 | AV5: 0 | AW5: 0 | AX5: 0 | AY5: 0 | AZ5: 50 | BA5: 0 | BB5: 0 | BC5: 0 | BD5: 0 | BE5: =SUM(AI5:BD5) -> 50 | BF5: =AH5 -> 671 | BG5: =BE5 -> 50 | BH5: Removed Acq
A6: 03-4H580 | B6: 03-4H580 | C6: APL | D6: 2024 | E6: 20.XX.400.100 | F6: 0 | G6: 2020400.100 | H6: 1500 | I6: 45231 | J6: 45412 | K6: 45775 | L6: 621 | M6: 0 | N6: 0 | O6: 0 | P6: 0 | Q6: 0 | R6: 0 | S6: 0 | T6: 0 | U6: 0 | V6: 0 | W6: 0 | X6: 2471 | Y6: 0 | Z6: 0 | AA6: 0 | AB6: 277 | AC6: 49 | AD6: 0 | AE6: 0 | AF6: 0 | AG6: 0 | AH6: =SUM(L6:AG6) -> 3418 | AI6: 0 | AJ6: 0 | AK6: 0 | AL6: 0 | AM6: 0 | AN6: 0 | AO6: 0 | AP6: 0 | AQ6: 0 | AR6: 0 | AS6: 0 | AT6: 0 | AU6: 0 | AV6: 0 | AW6: 0 | AX6: 0 | AY6: 0 | AZ6: 0 | BA6: 0 | BB6: 0 | BC6: 0 | BD6: 0 | BE6: =SUM(AI6:BD6) -> 0 | BF6: =AH6 -> 3418 | BG6: =BE6 -> 0 | BH6: Reduced RWC FY 25
A7: 04-26473 | B7: 04-26473 | C7: APL | D7: 2024 | E7: 20.XX.400.100 | F7: 0 | G7: 2020400.100 | H7: 1510 | K7: 45306 | L7: 1874 | M7: 0 | N7: 0 | O7: 0 | P7: 0 | Q7: 0 | R7: 0 | S7: 0 | T7: 0 | U7: 29 | V7: 0 | W7: 25 | X7: 1000 | Y7: 0 | Z7: 0 | AA7: 0 | AB7: 0 | AC7: 57 | AD7: 0 | AE7: 0 | AF7: 0 | AG7: 0 | AH7: =SUM(L7:AG7) -> 2985 | AI7: 1405.5 | AJ7: 0 | AK7: 0 | AL7: 0 | AM7: 0 | AN7: 0 | AO7: 0 | AP7: 0 | AQ7: 0 | AR7: 29 | AS7: 0 | AT7: 25 | AU7: 1000 | AV7: 0 | AW7: 0 | AX7: 0 | AY7: 0 | AZ7: 57 | BA7: 0 | BB7: 0 | BC7: 0 | BD7: 0 | BE7: =SUM(AI7:BD7) -> 2516.5 | BF7: =AH7 -> 2985 | BG7: =BE7 -> 2516.5 | BH7: Reduced Acq 25%
A8: 04-2Q800 | B8: 04-2Q800 | C8: APL | D8: 2024 | E8: 40.XX.400.100 | F8: 0 | G8: 2020400.100 | H8: 1510 | I8: 44447 | K8: 45215 | L8: 29 | M8: 0 | N8: 0 | O8: 0 | P8: 0 | Q8: 0 | R8: 0 | S8: 0 | T8: 0 | U8: 0 | V8: 0 | W8: 0 | X8: 25 | Y8: 0 | Z8: 0 | AA8: 0 | AB8: 0 | AC8: 0 | AD8: 0 | AE8: 0 | AF8: 0 | AG8: 0 | AH8: =SUM(L8:AG8) -> 54 | AI8: 21.75 | AJ8: 0 | AK8: 0 | AL8: 0 | AM8: 0 | AN8: 0 | AO8: 0 | AP8: 0 | AQ8: 0 | AR8: 0 | AS8: 0 | AT8: 0 | AU8: 25 | AV8: 0 | AW8: 0 | AX8: 0 | AY8: 0 | AZ8: 0 | BA8: 0 | BB8: 0 | BC8: 0 | BD8: 0 | BE8: =SUM(AI8:BD8) -> 46.75 | BF8: =AH8 -> 54 | BG8: =BE8 -> 46.75 | BH8: Reduced Acq 25%
A9: 04-3G900 | B9: 04-3G900 | C9: APL | D9: 2024 | E9: 20.XX.201.310 | F9: 4331000 | G9: 2020400.100 | H9: 1510 | I9: 43203 | K9: 44952 | L9: 0 | M9: 0 | N9: 0 | O9: 0 | P9: 0 | Q9: 0 | R9: 0 | S9: 0 | T9: 0 | U9: 0 | V9: 0 | W9: 0 | X9: 0 | Y9: 0 | Z9: 0 | AA9: 0 | AB9: 244 | AC9: 0 | AD9: 0 | AE9: 0 | AF9: 0 | AG9: 0 | AH9: =SUM(L9:AG9) -> 244 | AI9: 0 | AJ9: 0 | AK9: 0 | AL9: 0 | AM9: 0 | AN9: 0 | AO9: 0 | AP9: 0 | AQ9: 0 | AR9: 0 | AS9: 0 | AT9: 0 | AU9: 0 | AV9: 0 | AW9: 0 | AX9: 0 | AY9: 244 | AZ9: 0 | BA9: 0 | BB9: 0 | BC9: 0 | BD9: 0 | BE9: =SUM(AI9:BD9) -> 244 | BF9: =AH9 -> 244 | BG9: =BE9 -> 244
A10: 04-4A130 | B10: 04-4A130 | C10: APL | D10: 2024 | E10: 20.XX.400.100 | F10: 0 | G10: 2020400.100 | H10: 1510 | I10: 42748 | K10: 44981 | L10: 0 | M10: 0 | N10: 0 | O10: 0 | P10: 0 | Q10: 0 | R10: 0 | S10: 0 | T10: 0 | U10: 0 | V10: 0 | W10: 0 | X10: 26 | Y10: 0 | Z10: 0 | AA10: 0 | AB10: 0 | AC10: 0 | AD10: 0 | AE10: 0 | AF10: 0 | AG10: 0 | AH10: =SUM(L10:AG10) -> 26 | AI10: 0 | AJ10: 0 | AK10: 0 | AL10: 0 | AM10: 0 | AN10: 0 | AO10: 0 | AP10: 0 | AQ10: 0 | AR10: 0 | AS10: 0 | AT10: 0 | AU10: 26 | AV10: 0 | AW10: 0 | AX10: 0 | AY10: 0 | AZ10: 0 | BA10: 0 | BB10: 0 | BC10: 0 | BD10: 0 | BE10: =SUM(AI10:BD10) -> 26 | BF10: =AH10 -> 26 | BG10: =BE10 -> 26
A11: 05-0N702 | B11: 05-0N702 | C11: APL | D11: 2024 | E11: 20.XX.075.600 | F11: 4613000 | G11: 2020400.100 | H11: 1510 | I11: 41877 | J11: 43298 | K11: 44239 | L11: 0 | M11: 0 | N11: 0 | O11: 0 | P11: 0 | Q11: 0 | R11: 0 | S11: 0 | T11: 0 | U11: 0 | V11: 0 | W11: 0 | X11: 0 | Y11: 0 | Z11: 0 | AA11: 2 | AB11: 0 | AC11: 0 | AD11: 0 | AE11: 0 | AF11: 0 | AG11: 0 | AH11: =SUM(L11:AG11) -> 2 | AI11: 0 | AJ11: 0 | AK11: 0 | AL11: 0 | AM11: 0 | AN11: 0 | AO11: 0 | AP11: 0 | AQ11: 0 | AR11: 0 | AS11: 0 | AT11: 0 | AU11: 0 | AV11: 0 | AW11: 0 | AX11: 2 | AY11: 0 | AZ11: 0 | BA11: 0 | BB11: 0 | BC11: 0 | BD11: 0 | BE11: =SUM(AI11:BD11) -> 2 | BF11: =AH11 -> 2 | BG11: =BE11 -> 2
A12: 05-1G490 | B12: 05-1G490 | C12: APL | D12: 2024 | E12: 20.XX.400.100 | F12: 0 | G12: 2020400.100 | H12: 1530 | I12: 44012 | J12: 44496 | K12: 45063 | L12: 0 | M12: 0 | N12: 0 | O12: 0 | P12: 0 | Q12: 0 | R12: 0 | S12: 0 | T12: 0 | U12: 0 | V12: 0 | W12: 0 | X12: 449 | Y12: 0 | Z12: 0 | AA12: 0 | AB12: 0 | AC12: 0 | AD12: 0 | AE12: 0 | AF12: 0 | AG12: 0 | AH12: =SUM(L12:AG12) -> 449 | AI12: 0 | AJ12: 0 | AK12: 0 | AL12: 0 | AM12: 0 | AN12: 0 | AO12: 0 | AP12: 0 | AQ12: 0 | AR12: 0 | AS12: 0 | AT12: 0 | AU12: 449 | AV12: 0 | AW12: 0 | AX12: 0 | AY12: 0 | AZ12: 0 | BA12: 0 | BB12: 0 | BC12: 0 | BD12: 0 | BE12: =SUM(AI12:BD12) -> 449 | BF12: =AH12 -> 449 | BG12: =BE12 -> 449
A13: 05-1M820 | B13: 05-1M820 | C13: APL | D13: 2024 | E13: 40.XX.400.100 | F13: 0 | G13: 2020400.100 | H13: 1510 | I13: 45827 | J13: 45828 | K13: 45971 | L13: 250 | M13: 0 | N13: 0 | O13: 0 | P13: 0 | Q13: 0 | R13: 0 | S13: 0 | T13: 0 | U13: 9 | V13: 0 | W13: 0 | X13: 60 | Y13: 0 | Z13: 0 | AA13: 120 | AB13: 300 | AC13: 0 | AD13: 0 | AE13: 0 | AF13: 0 | AG13: 0 | AH13: =SUM(L13:AG13) -> 739 | AI13: 187.5 | AJ13: 0 | AK13: 0 | AL13: 0 | AM13: 0 | AN13: 0 | AO13: 0 | AP13: 0 | AQ13: 0 | AR13: 9 | AS13: 0 | AT13: 0 | AU13: 60 | AV13: 0 | AW13: 0 | AX13: 120 | AY13: 0 | AZ13: 0 | BA13: 0 | BB13: 0 | BC13: 0 | BD13: 0 | BE13: =SUM(AI13:BD13) -> 376.5 | BF13: =AH13 -> 739 | BG13: =BE13 -> 376.5 | BH13: RWC FY 25 or later, removed mitigation, reduced Acq 25%
A14: 05-1P680 | B14: 05-1P680 | C14: APL | D14: 2024 | E14: 2020400.100 | F14: 0 | G14: 2020400.100 | H14: 1530 | I14: 45209 | J14: 45077 | K14: 45355 | L14: 0 | M14: 0 | N14: 0 | O14: 0 | P14: 0 | Q14: 0 | R14: 0 | S14: 0 | T14: 0 | U14: 0 | V14: 45 | W14: 0 | X14: 0 | Y14: 0 | Z14: 0 | AA14: 0 | AB14: 0 | AC14: 0 | AD14: 0 | AE14: 0 | AF14: 0 | AG14: 0 | AH14: =SUM(L14:AG14) -> 45 | AI14: 0 | AJ14: 0 | AK14: 0 | AL14: 0 | AM14: 0 | AN14: 0 | AO14: 0 | AP14: 0 | AQ14: 0 | AR14: 0 | AS14: 45 | AT14: 0 | AU14: 0 | AV14: 0 | AW14: 0 | AX14: 0 | AY14: 0 | AZ14: 0 | BA14: 0 | BB14: 0 | BC14: 0 | BD14: 0 | BE14: =SUM(AI14:BD14) -> 45 | BF14: =AH14 -> 45 | BG14: =BE14 -> 45
A15: 05-48541 | B15: 05-48541 | C15: APL | D15: 2024 | E15: 20.XX.400.100 | F15: 0 | G15: 2020400.000 | H15: 1530 | I15: 45915 | J15: 46153 | K15: 46735 | L15: 0 | M15: 0 | N15: 0 | O15: 0 | P15: 0 | Q15: 0 | R15: 0 | S15: 0 | T15: 0 | U15: 0 | V15: 0 | W15: 0 | X15: 0 | Y15: 0 | Z15: 0 | AA15: 0 | AB15: 0 | AC15: 4 | AD15: 0 | AE15: 0 | AF15: 0 | AG15: 0 | AH15: =SUM(L15:AG15) -> 4 | AI15: 0 | AJ15: 0 | AK15: 0 | AL15: 0 | AM15: 0 | AN15: 0 | AO15: 0 | AP15: 0 | AQ15: 0 | AR15: 0 | AS15: 0 | AT15: 0 | AU15: 0 | AV15: 0 | AW15: 0 | AX15: 0 | AY15: 0 | AZ15: 4 | BA15: 0 | BB15: 0 | BC15: 0 | BD15: 0 | BE15: =SUM(AI15:BD15) -> 4 | BF15: =AH15 -> 4 | BG15: =BE15 -> 4
A16: 06-0G900 | B16: 06-0G900 | C16: APL | D16: 2024 | E16: 20.XX.400.140 | F16: 0 | G16: 2020400.140 | H16: 1510 | I16: 40792 | J16: 40855 | K16: 41505 | L16: 0 | M16: 0 | N16: 0 | O16: 0 | P16: 0 | Q16: 0 | R16: 0 | S16: 0 | T16: 0 | U16: 0 | V16: 0 | W16: 0 | X16: 0 | Y16: 0 | Z16: 0 | AA16: 0 | AB16: 1500 | AC16: 0 | AD16: 0 | AE16: 0 | AF16: 0 | AG16: 0 | AH16: =SUM(L16:AG16) -> 1500 | AI16: 0 | AJ16: 0 | AK16: 0 | AL16: 0 | AM16: 0 | AN16: 0 | AO16: 0 | AP16: 0 | AQ16: 0 | AR16: 0 | AS16: 0 | AT16: 0 | AU16: 0 | AV16: 0 | AW16: 0 | AX16: 0 | AY16: 1500 | AZ16: 0 | BA16: 0 | BB16: 0 | BC16: 0 | BD16: 0 | BE16: =SUM(AI16:BD16) -> 1500 | BF16: =AH16 -> 1500 | BG16: =BE16 -> 1500
A17: 06-0H220 | B17: 06-0H220 | C17: APL | D17: 2024 | E17: 20.XX.075.600 | F17: 602000 | G17: 2020400.100 | H17: 1510 | I17: 44316 | J17: 44621 | K17: 45505 | L17: 42 | M17: 0 | N17: 0 | O17: 0 | P17: 0 | Q17: 0 | R17: 0 | S17: 0 | T17: 0 | U17: 0 | V17: 0 | W17: 0 | X17: 411 | Y17: 0 | Z17: 0 | AA17: 25 | AB17: 0 | AC17: 0 | AD17: 0 | AE17: 0 | AF17: 0 | AG17: 0 | AH17: =SUM(L17:AG17) -> 478 | AI17: 31.5 | AJ17: 0 | AK17: 0 | AL17: 0 | AM17: 0 | AN17: 0 | AO17: 0 | AP17: 0 | AQ17: 0 | AR17: 0 | AS17: 0 | AT17: 0 | AU17: 411 | AV17: 0 | AW17: 0 | AX17: 25 | AY17: 0 | AZ17: 0 | BA17: 0 | BB17: 0 | BC17: 0 | BD17: 0 | BE17: =SUM(AI17:BD17) -> 467.5 | BF17: =AH17 -> 478 | BG17: =BE17 -> 467.5 | BH17: Reduced Acq 25%
A18: 06-0H240 | B18: 06-0H240 | C18: APL | D18: 2024 | E18: 20.XX.400.100 | F18: 0 | G18: 2020400.100 | H18: 1510 | I18: 44956 | J18: 45092 | K18: 45823 | L18: 2529 | M18: 0 | N18: 0 | O18: 0 | P18: 0 | Q18: 0 | R18: 0 | S18: 0 | T18: 0 | U18: 45 | V18: 0 | W18: 0 | X18: 856 | Y18: 818 | Z18: 245 | AA18: 27 | AB18: 0 | AC18: 0 | AD18: 0 | AE18: 0 | AF18: 0 | AG18: 0 | AH18: =SUM(L18:AG18) -> 4520 | AI18: 1896.75 | AJ18: 0 | AK18: 0 | AL18: 0 | AM18: 0 | AN18: 0 | AO18: 0 | AP18: 0 | AQ18: 0 | AR18: 45 | AS18: 0 | AT18: 0 | AU18: 0 | AV18: 818 | AW18: 245 | AX18: 27 | AY18: 0 | AZ18: 0 | BA18: 0 | BB18: 0 | BC18: 0 | BD18: 0 | BE18: =SUM(AI18:BD18) -> 3031.75 | BF18: =AH18 -> 4520 | BG18: =BE18 -> 3031.75 | BH18: RWC FY 25 or later, removed utilities, reduced Acq 25%
A19: 06-0H241 | B19: 06-0H241 | C19: APL | D19: 2024 | E19: 20.XX.400.100 | F19: 0 | G19: 2020400.100 | H19: 1510 | I19: 44956 | J19: 45031 | K19: 45460 | L19: 1879 | M19: 0 | N19: 0 | O19: 0 | P19: 0 | Q19: 0 | R19: 0 | S19: 0 | T19: 0 | U19: 31 | V19: 63 | W19: 0 | X19: 333 | Y19: 14 | Z19: 0 | AA19: 30 | AB19: 0 | AC19: 0 | AD19: 0 | AE19: 0 | AF19: 0 | AG19: 0 | AH19: =SUM(L19:AG19) -> 2350 | AI19: 1409.25 | AJ19: 0 | AK19: 0 | AL19: 0 | AM19: 0 | AN19: 0 | AO19: 0 | AP19: 0 | AQ19: 0 | AR19: 31 | AS19: 63 | AT19: 0 | AU19: 333 | AV19: 14 | AW19: 0 | AX19: 30 | AY19: 0 | AZ19: 0 | BA19: 0 | BB19: 0 | BC19: 0 | BD19: 0 | BE19: =SUM(AI19:BD19) -> 1880.25 | BF19: =AH19 -> 2350 | BG19: =BE19 -> 1880.25 | BH19: Reduced Acq 25%
A20: 06-0H241 | B20: 06-0H241 | C20: APL | D20: 2024 | E20: 20.XX.400.100 | F20: 0 | G20: 2020400.100 | H20: 1530 | I20: 44956 | J20: 45031 | K20: 45460 | L20: 1333 | M20: 0 | N20: 0 | O20: 0 | P20: 0 | Q20: 0 | R20: 0 | S20: 0 | T20: 0 | U20: 0 | V20: 0 | W20: 0 | X20: 0 | Y20: 0 | Z20: 0 | AA20: 0 | AB20: 0 | AC20: 0 | AD20: 0 | AE20: 0 | AF20: 0 | AG20: 0 | AH20: =SUM(L20:AG20) -> 1333 | AI20: 999.75 | AJ20: 0 | AK20: 0 | AL20: 0 | AM20: 0 | AN20: 0 | AO20: 0 | AP20: 0 | AQ20: 0 | AR20: 0 | AS20: 0 | AT20: 0 | AU20: 0 | AV20: 0 | AW20: 0 | AX20: 0 | AY20: 0 | AZ20: 0 | BA20: 0 | BB20: 0 | BC20: 0 | BD20: 0 | BE20: =SUM(AI20:BD20) -> 999.75 | BF20: =AH20 -> 1333 | BG20: =BE20 -> 999.75 | BH20: Reduced Acq 25%
A21: 06-0P910 | B21: 06-0P910 | C21: APL | D21: 2024 | E21: 20.XX.400.100 | F21: 0 | G21: 2020400.100 | H21: 1530 | I21: 45100 | J21: 45200 | K21: 45778 | L21: 891 | M21: 0 | N21: 0 | O21: 0 | P21: 0 | Q21: 0 | R21: 0 | S21: 0 | T21: 0 | U21: 19 | V21: 63 | W21: 0 | X21: 219 | Y21: 0 | Z21: 0 | AA21: 17 | AB21: 0 | AC21: 0 | AD21: 0 | AE21: 0 | AF21: 0 | AG21: 0 | AH21: =SUM(L21:AG21) -> 1209 | AI21: 668.25 | AJ21: 0 | AK21: 0 | AL21: 0 | AM21: 0 | AN21: 0 | AO21: 0 | AP21: 0 | AQ21: 0 | AR21: 19 | AS21: 63 | AT21: 0 | AU21: 219 | AV21: 0 | AW21: 0 | AX21: 17 | AY21: 0 | AZ21: 0 | BA21: 0 | BB21: 0 | BC21: 0 | BD21: 0 | BE21: =SUM(AI21:BD21) -> 986.25 | BF21: =AH21 -> 1209 | BG21: =BE21 -> 986.25 | BH21: Reduced Acq 25%
A22: 06-0X951 | B22: 06-0X951 | C22: APL | D22: 2024 | E22: 20.XX.400.100 | F22: 0 | G22: 2020400.100 | H22: 1510 | I22: 44573 | J22: 44573 | K22: 45078 | L22: 819 | M22: 0 | N22: 0 | O22: 0 | P22: 0 | Q22: 0 | R22: 0 | S22: 0 | T22: 0 | U22: 16 | V22: 0 | W22: 0 | X22: 256 | Y22: 0 | Z22: 0 | AA22: 0 | AB22: 0 | AC22: 0 | AD22: 0 | AE22: 0 | AF22: 0 | AG22: 0 | AH22: =SUM(L22:AG22) -> 1091 | AI22: 614.25 | AJ22: 0 | AK22: 0 | AL22: 0 | AM22: 0 | AN22: 0 | AO22: 0 | AP22: 0 | AQ22: 0 | AR22: 16 | AS22: 0 | AT22: 0 | AU22: 0 | AV22: 0 | AW22: 0 | AX22: 0 | AY22: 0 | AZ22: 0 | BA22: 0 | BB22: 0 | BC22: 0 | BD22: 0 | BE22: =SUM(AI22:BD22) -> 630.25 | BF22: =AH22 -> 1091 | BG22: 630 | BH22: Reduced Acq 25% Removed UT
A23: 06-1C280 | B23: 06-1C280 | C23: APL | D23: 2024 | E23: 40.XX.400.100 | F23: 0 | G23: 2020400.100 | H23: 1530 | I23: 45278 | J23: 45272 | K23: 45901 | L23: 415 | M23: 0 | N23: 0 | O23: 0 | P23: 0 | Q23: 0 | R23: 0 | S23: 0 | T23: 0 | U23: 8 | V23: 0 | W23: 0 | X23: 0 | Y23: 0 | Z23: 0 | AA23: 0 | AB23: 0 | AC23: 0 | AD23: 0 | AE23: 0 | AF23: 0 | AG23: 0 | AH23: =SUM(L23:AG23) -> 423 | AI23: 0 | AJ23: 0 | AK23: 0 | AL23: 0 | AM23: 0 | AN23: 0 | AO23: 0 | AP23: 0 | AQ23: 0 | AR23: 8 | AS23: 0 | AT23: 0 | AU23: 0 | AV23: 0 | AW23: 0 | AX23: 0 | AY23: 0 | AZ23: 0 | BA23: 0 | BB23: 0 | BC23: 0 | BD23: 0 | BE23: =SUM(AI23:BD23) -> 8 | BF23: =AH23 -> 423 | BG23: 8 | BH23: Removed Acq
A24: 06-1E400 | B24: 06-1E400 | C24: APL | D24: 2024 | E24: MMBN | F24: 0 | G24: 2020400.100 | H24: 1510 | I24: 45184 | K24: 45328 | L24: 0 | M24: 0 | N24: 0 | O24: 0 | P24: 0 | Q24: 0 | R24: 0 | S24: 0 | T24: 0 | U24: 0 | V24: 0 | W24: 0 | X24: 207 | Y24: 0 | Z24: 0 | AA24: 0 | AB24: 0 | AC24: 0 | AD24: 0 | AE24: 0 | AF24: 0 | AG24: 0 | AH24: =SUM(L24:AG24) -> 207 | AI24: 0 | AJ24: 0 | AK24: 0 | AL24: 0 | AM24: 0 | AN24: 0 | AO24: 0 | AP24: 0 | AQ24: 0 | AR24: 0 | AS24: 0 | AT24: 0 | AU24: 207 | AV24: 0 | AW24: 0 | AX24: 0 | AY24: 0 | AZ24: 0 | BA24: 0 | BB24: 0 | BC24: 0 | BD24: 0 | BE24: =SUM(AI24:BD24) -> 207 | BF24: =AH24 -> 207 | BG24: =BE24 -> 207
A25: 06-1E670 | B25: 06-1E670
A26: 06-1E920 | B26: 06-1E920 | C26: APL | D26: 2024 | E26: 20.XX.400.100 | F26: 0 | G26: 2020400.100 | H26: 1510 | I26: 45033 | K26: 45100 | L26: 34 | M26: 0 | N26: 0 | O26: 0 | P26: 0 | Q26: 0 | R26: 0 | S26: 0 | T26: 0 | U26: 1 | V26: 0 | W26: 0 | X26: 0 | Y26: 0 | Z26: 0 | AA26: 0 | AB26: 0 | AC26: 0 | AD26: 0 | AE26: 0 | AF26: 0 | AG26: 0 | AH26: =SUM(L26:AG26) -> 35 | AI26: 25.5 | AJ26: 0 | AK26: 0 | AL26: 0 | AM26: 0 | AN26: 0 | AO26: 0 | AP26: 0 | AQ26: 0 | AR26: 1 | AS26: 0 | AT26: 0 | AU26: 0 | AV26: 0 | AW26: 0 | AX26: 0 | AY26: 0 | AZ26: 0 | BA26: 0 | BB26: 0 | BC26: 0 | BD26: 0 | BE26: =SUM(AI26:BD26) -> 26.5 | BF26: =AH26 -> 35 | BG26: =BE26 -> 26.5 | BH26: Reduced Acq 25%
A27: 06-34253 | B27: 06-34253 | C27: APL | D27: 2024 | E27: 20.XX.075.600 | F27: 750000 | G27: 2020400.100 | H27: 1510 | I27: 35173 | J27: 37358 | K27: 42170 | L27: 0 | M27: 0 | N27: 0 | O27: 0 | P27: 0 | Q27: 0 | R27: 0 | S27: 0 | T27: 0 | U27: 24 | V27: 0 | W27: 0 | X27: 1650 | Y27: 100 | Z27: 33 | AA27: 0 | AB27: 2183 | AC27: 0 | AD27: 0 | AE27: 0 | AF27: 0 | AG27: 0 | AH27: =SUM(L27:AG27) -> 3990 | AI27: 0 | AJ27: 0 | AK27: 0 | AL27: 0 | AM27: 0 | AN27: 0 | AO27: 0 | AP27: 0 | AQ27: 0 | AR27: 24 | AS27: 0 | AT27: 0 | AU27: 1650 | AV27: 100 | AW27: 33 | AX27: 0 | AY27: 2183 | AZ27: 0 | BA27: 0 | BB27: 0 | BC27: 0 | BD27: 0 | BE27: =SUM(AI27:BD27) -> 3990 | BF27: =AH27 -> 3990 | BG27: =BE27 -> 3990
A28: 06-39460 | B28: 06-39460 | C28: APL | D28: 2024 | E28: 20.XX.400.100 | F28: 0 | G28: 2020400.100 | H28: 1510 | I28: 42243 | J28: 42327 | K28: 43223 | L28: 10 | M28: 0 | N28: 0 | O28: 0 | P28: 0 | Q28: 0 | R28: 0 | S28: 0 | T28: 0 | U28: 0 | V28: 0 | W28: 0 | X28: 0 | Y28: 0 | Z28: 12 | AA28: 0 | AB28: 0 | AC28: 0 | AD28: 0 | AE28: 0 | AF28: 0 | AG28: 0 | AH28: =SUM(L28:AG28) -> 22 | AI28: 7.5 | AJ28: 0 | AK28: 0 | AL28: 0 | AM28: 0 | AN28: 0 | AO28: 0 | AP28: 0 | AQ28: 0 | AR28: 0 | AS28: 0 | AT28: 0 | AU28: 0 | AV28: 0 | AW28: 12 | AX28: 0 | AY28: 0 | AZ28: 0 | BA28: 0 | BB28: 0 | BC28: 0 | BD28: 0 | BE28: =SUM(AI28:BD28) -> 19.5 | BF28: =AH28 -> 22 | BG28: =BE28 -> 19.5 | BH28: Reduced Acq 25%
A29: 07-1218W | B29: 07-1218W | C29: APL | D29: 2024 | E29: 20.XX.025.700, 20.XX.075.600 | F29: 36430000 | G29: 2020075.600 | H29: 1510 | I29: 36889 | J29: 41052 | K29: 41052 | L29: 2000 | M29: 0 | N29: 0 | O29: 0 | P29: 0 | Q29: 0 | R29: 0 | S29: 0 | T29: 0 | U29: 0 | V29: 0 | W29: 0 | X29: 0 | Y29: 0 | Z29: 0 | AA29: 0 | AB29: 0 | AC29: 0 | AD29: 0 | AE29: 0 | AF29: 0 | AG29: 0 | AH29: =SUM(L29:AG29) -> 2000 | AI29: 1500 | AJ29: 0 | AK29: 0 | AL29: 0 | AM29: 0 | AN29: 0 | AO29: 0 | AP29: 0 | AQ29: 0 | AR29: 0 | AS29: 0 | AT29: 0 | AU29: 0 | AV29: 0 | AW29: 0 | AX29: 0 | AY29: 0 | AZ29: 0 | BA29: 0 | BB29: 0 | BC29: 0 | BD29: 0 | BE29: =SUM(AI29:BD29) -> 1500 | BF29: =AH29 -> 2000 | BG29: =BE29 -> 1500 | BH29: Reduced Acq 25%
A30: 07-29360 | B30: 07-29360 | C30: APL | D30: 2024 | E30: 20.XX.400.100 | F30: 0 | G30: 2020400.100 | H30: 1510 | I30: 42550 | J30: 43220 | K30: 44085 | L30: 1500 | M30: 0 | N30: 0 | O30: 0 | P30: 0 | Q30: 0 | R30: 0 | S30: 0 | T30: 0 | U30: 0 | V30: 0 | W30: 0 | X30: 0 | Y30: 0 | Z30: 0 | AA30: 0 | AB30: 0 | AC30: 0 | AD30: 0 | AE30: 0 | AF30: 0 | AG30: 0 | AH30: =SUM(L30:AG30) -> 1500 | AI30: 1125 | AJ30: 0 | AK30: 0 | AL30: 0 | AM30: 0 | AN30: 0 | AO30: 0 | AP30: 0 | AQ30: 0 | AR30: 0 | AS30: 0 | AT30: 0 | AU30: 0 | AV30: 0 | AW30: 0 | AX30: 0 | AY30: 0 | AZ30: 0 | BA30: 0 | BB30: 0 | BC30: 0 | BD30: 0 | BE30: =SUM(AI30:BD30) -> 1125 | BF30: =AH30 -> 1500 | BG30: =BE30 -> 1125 | BH30: Reduced Acq 25%
A31: 07-38860 | B31: 07-38860 | C31: APL | D31: 2024 | E31: 20.XX.400.100 | F31: 0 | G31: 2020201.010 | H31: 1500 | I31: 45107 | J31: 44869 | K31: 45323 | L31: 253 | M31: 0 | N31: 0 | O31: 0 | P31: 0 | Q31: 0 | R31: 0 | S31: 0 | T31: 0 | U31: 0 | V31: 0 | W31: 0 | X31: 0 | Y31: 0 | Z31: 0 | AA31: 0 | AB31: 0 | AC31: 0 | AD31: 0 | AE31: 0 | AF31: 0 | AG31: 0 | AH31: =SUM(L31:AG31) -> 253 | AI31: 189.75 | AJ31: 0 | AK31: 0 | AL31: 0 | AM31: 0 | AN31: 0 | AO31: 0 | AP31: 0 | AQ31: 0 | AR31: 0 | AS31: 0 | AT31: 0 | AU31: 0 | AV31: 0 | AW31: 0 | AX31: 0 | AY31: 0 | AZ31: 0 | BA31: 0 | BB31: 0 | BC31: 0 | BD31: 0 | BE31: =SUM(AI31:BD31) -> 189.75 | BF31: =AH31 -> 253 | BG31: =BE31 -> 189.75 | BH31: Reduced Acq 25%
A32: 08-1M810 | B32: 08-1M810 | C32: APL | D32: 2024 | E32: 40.XX.400.100 | F32: 0 | G32: 2020400.100 | H32: 1510 | I32: 45261 | K32: 45201 | L32: 0 | M32: 0 | N32: 0 | O32: 0 | P32: 0 | Q32: 0 | R32: 0 | S32: 0 | T32: 0 | U32: 0 | V32: 0 | W32: 0 | X32: 0 | Y32: 0 | Z32: 0 | AA32: 0 | AB32: 0 | AC32: 20 | AD32: 0 | AE32: 0 | AF32: 0 | AG32: 0 | AH32: =SUM(L32:AG32) -> 20 | AI32: 0 | AJ32: 0 | AK32: 0 | AL32: 0 | AM32: 0 | AN32: 0 | AO32: 0 | AP32: 0 | AQ32: 0 | AR32: 0 | AS32: 0 | AT32: 0 | AU32: 0 | AV32: 0 | AW32: 0 | AX32: 0 | AY32: 0 | AZ32: 20 | BA32: 0 | BB32: 0 | BC32: 0 | BD32: 0 | BE32: =SUM(AI32:BD32) -> 20 | BF32: =AH32 -> 20 | BG32: =BE32 -> 20
A33: 10-1E280 | B33: 10-1E280 | C33: APL | D33: 2024 | E33: 20.XX.400.100 | F33: 0 | G33: 2020800.200 | H33: 1530 | I33: 44741 | J33: 44866 | K33: 45628 | L33: 33450 | M33: 0 | N33: 0 | O33: 0 | P33: 0 | Q33: 0 | R33: 0 | S33: 0 | T33: 0 | U33: 379 | V33: 0 | W33: 0 | X33: 152 | Y33: 1114 | Z33: 642 | AA33: 8 | AB33: 0 | AC33: 0 | AD33: 0 | AE33: 0 | AF33: 132 | AG33: 0 | AH33: =SUM(L33:AG33) -> 35877 | AI33: 0 | AJ33: 0 | AK33: 0 | AL33: 0 | AM33: 0 | AN33: 0 | AO33: 0 | AP33: 0 | AQ33: 0 | AR33: 0 | AS33: 0 | AT33: 0 | AU33: 0 | AV33: 0 | AW33: 0 | AX33: 0 | AY33: 0 | AZ33: 0 | BA33: 0 | BB33: 0 | BC33: 0 | BD33: 0 | BE33: =SUM(AI33:BD33) -> 0 | BF33: =AH33 -> 35877 | BG33: =BE33 -> 0 | BH33: No programming
A34: 10-1P930 | B34: 10-1P930 | C34: APL | D34: 2024 | E34: MMBN | F34: 0 | G34: 2020400.100 | H34: 1510 | J34: 45531 | K34: 45679 | L34: 0 | M34: 0 | N34: 0 | O34: 0 | P34: 0 | Q34: 0 | R34: 0 | S34: 0 | T34: 0 | U34: 0 | V34: 22 | W34: 0 | X34: 0 | Y34: 0 | Z34: 0 | AA34: 0 | AB34: 0 | AC34: 0 | AD34: 0 | AE34: 0 | AF34: 0 | AG34: 0 | AH34: =SUM(L34:AG34) -> 22 | AI34: 0 | AJ34: 0 | AK34: 0 | AL34: 0 | AM34: 0 | AN34: 0 | AO34: 0 | AP34: 0 | AQ34: 0 | AR34: 0 | AS34: 22 | AT34: 0 | AU34: 0 | AV34: 0 | AW34: 0 | AX34: 0 | AY34: 0 | AZ34: 0 | BA34: 0 | BB34: 0 | BC34: 0 | BD34: 0 | BE34: =SUM(AI34:BD34) -> 22 | BF34: =AH34 -> 22 | BG34: =BE34 -> 22
A35: 10-1P950 | B35: 10-1P950 | C35: APL | D35: 2024 | E35: MMBN | F35: 0 | G35: 2020400.100 | H35: 1510 | I35: 45261 | J35: 45199 | K35: 45292 | L35: 0 | M35: 0 | N35: 0 | O35: 0 | P35: 0 | Q35: 0 | R35: 0 | S35: 0 | T35: 0 | U35: 0 | V35: 1 | W35: 0 | X35: 0 | Y35: 0 | Z35: 0 | AA35: 0 | AB35: 0 | AC35: 0 | AD35: 0 | AE35: 0 | AF35: 0 | AG35: 0 | AH35: =SUM(L35:AG35) -> 1 | AI35: 0 | AJ35: 0 | AK35: 0 | AL35: 0 | AM35: 0 | AN35: 0 | AO35: 0 | AP35: 0 | AQ35: 0 | AR35: 0 | AS35: 1 | AT35: 0 | AU35: 0 | AV35: 0 | AW35: 0 | AX35: 0 | AY35: 0 | AZ35: 0 | BA35: 0 | BB35: 0 | BC35: 0 | BD35: 0 | BE35: =SUM(AI35:BD35) -> 1 | BF35: =AH35 -> 1 | BG35: =BE35 -> 1
A36: 10-1Q140 | B36: 10-1Q140 | C36: APL | D36: 2024 | E36: 20.XX.400.100 | F36: 0 | G36: 2020400.100 | H36: 1510 | I36: 45016 | J36: 45223 | K36: 45078 | L36: 0 | M36: 0 | N36: 0 | O36: 0 | P36: 0 | Q36: 0 | R36: 0 | S36: 0 | T36: 0 | U36: 0 | V36: 55 | W36: 0 | X36: 0 | Y36: 0 | Z36: 0 | AA36: 0 | AB36: 0 | AC36: 0 | AD36: 0 | AE36: 0 | AF36: 0 | AG36: 0 | AH36: =SUM(L36:AG36) -> 55 | AI36: 0 | AJ36: 0 | AK36: 0 | AL36: 0 | AM36: 0 | AN36: 0 | AO36: 0 | AP36: 0 | AQ36: 0 | AR36: 0 | AS36: 55 | AT36: 0 | AU36: 0 | AV36: 0 | AW36: 0 | AX36: 0 | AY36: 0 | AZ36: 0 | BA36: 0 | BB36: 0 | BC36: 0 | BD36: 0 | BE36: =SUM(AI36:BD36) -> 55 | BF36: =AH36 -> 55 | BG36: =BE36 -> 55
A37: 10-1Q220 | B37: 10-1Q220 | C37: APL | D37: 2024 | E37: 40.XX.400.100 | F37: 0 | G37: 2020400.100 | H37: 1510 | I37: 45110 | J37: 44928 | K37: 45293 | L37: 0 | M37: 0 | N37: 0 | O37: 0 | P37: 0 | Q37: 0 | R37: 0 | S37: 0 | T37: 0 | U37: 0 | V37: 40 | W37: 0 | X37: 0 | Y37: 0 | Z37: 0 | AA37: 0 | AB37: 0 | AC37: 0 | AD37: 0 | AE37: 0 | AF37: 0 | AG37: 0 | AH37: =SUM(L37:AG37) -> 40 | AI37: 0 | AJ37: 0 | AK37: 0 | AL37: 0 | AM37: 0 | AN37: 0 | AO37: 0 | AP37: 0 | AQ37: 0 | AR37: 0 | AS37: 40 | AT37: 0 | AU37: 0 | AV37: 0 | AW37: 0 | AX37: 0 | AY37: 0 | AZ37: 0 | BA37: 0 | BB37: 0 | BC37: 0 | BD37: 0 | BE37: =SUM(AI37:BD37) -> 40 | BF37: =AH37 -> 40 | BG37: =BE37 -> 40
A38: 11-0223U | B38: 11-0223U | C38: APL | D38: 2024 | E38: 20.XX.400.100 | F38: 0 | G38: 2020400.100 | H38: 1510 | I38: 40724 | K38: 41813 | L38: 0 | M38: 0 | N38: 0 | O38: 0 | P38: 0 | Q38: 0 | R38: 0 | S38: 0 | T38: 0 | U38: 0 | V38: 0 | W38: 0 | X38: 1183 | Y38: 0 | Z38: 0 | AA38: 0 | AB38: 0 | AC38: 0 | AD38: 0 | AE38: 0 | AF38: 0 | AG38: 0 | AH38: =SUM(L38:AG38) -> 1183 | AI38: 0 | AJ38: 0 | AK38: 0 | AL38: 0 | AM38: 0 | AN38: 0 | AO38: 0 | AP38: 0 | AQ38: 0 | AR38: 0 | AS38: 0 | AT38: 0 | AU38: 1183 | AV38: 0 | AW38: 0 | AX38: 0 | AY38: 0 | AZ38: 0 | BA38: 0 | BB38: 0 | BC38: 0 | BD38: 0 | BE38: =SUM(AI38:BD38) -> 1183 | BF38: =AH38 -> 1183 | BG38: =BE38 -> 1183
A39: 11-05634 | B39: 11-05634 | C39: APL | D39: 2024 | E39: 20.XX.400.100 | F39: 0 | G39: 2020400.100 | H39: 1510 | I39: 41000 | L39: 2922 | M39: 0 | N39: 0 | O39: 0 | P39: 0 | Q39: 0 | R39: 0 | S39: 0 | T39: 0 | U39: 0 | V39: 0 | W39: 0 | X39: 0 | Y39: 0 | Z39: 0 | AA39: 0 | AB39: 0 | AC39: 0 | AD39: 0 | AE39: 0 | AF39: 0 | AG39: 0 | AH39: =SUM(L39:AG39) -> 2922 | AI39: 2191.5 | AJ39: 0 | AK39: 0 | AL39: 0 | AM39: 0 | AN39: 0 | AO39: 0 | AP39: 0 | AQ39: 0 | AR39: 0 | AS39: 0 | AT39: 0 | AU39: 0 | AV39: 0 | AW39: 0 | AX39: 0 | AY39: 0 | AZ39: 0 | BA39: 0 | BB39: 0 | BC39: 0 | BD39: 0 | BE39: =SUM(AI39:BD39) -> 2191.5 | BF39: =AH39 -> 2922 | BG39: =BE39 -> 2191.5 | BH39: Reduced Acq 25%
A40: 11-14665 | B40: 11-14665 | C40: APL | D40: 2024 | E40: 20.XX.400.100 | F40: 0 | G40: 2020400.100 | H40: 1510 | I40: 42354 | K40: 45562 | L40: 645 | M40: 0 | N40: 0 | O40: 0 | P40: 0 | Q40: 0 | R40: 0 | S40: 0 | T40: 0 | U40: 104 | V40: 0 | W40: 0 | X40: 0 | Y40: 216 | Z40: 84 | AA40: 0 | AB40: 0 | AC40: 21 | AD40: 0 | AE40: 0 | AF40: 0 | AG40: 0 | AH40: =SUM(L40:AG40) -> 1070 | AI40: 483.75 | AJ40: 0 | AK40: 0 | AL40: 0 | AM40: 0 | AN40: 0 | AO40: 0 | AP40: 0 | AQ40: 0 | AR40: 104 | AS40: 0 | AT40: 0 | AU40: 0 | AV40: 216 | AW40: 84 | AX40: 0 | AY40: 0 | AZ40: 21 | BA40: 0 | BB40: 0 | BC40: 0 | BD40: 0 | BE40: =SUM(AI40:BD40) -> 908.75 | BF40: =AH40 -> 1070 | BG40: =BE40 -> 908.75 | BH40: Reduced Acq 25%
A41: 11-2E154 | B41: 11-2E154 | C41: APL | D41: 2024 | E41: 20.XX.400.100 | F41: 0 | G41: 2020400.100 | H41: 1510 | I41: 43420 | K41: 44124 | L41: 79 | M41: 0 | N41: 0 | O41: 0 | P41: 0 | Q41: 0 | R41: 0 | S41: 0 | T41: 0 | U41: 0 | V41: 0 | W41: 0 | X41: 0 | Y41: 0 | Z41: 0 | AA41: 0 | AB41: 0 | AC41: 0 | AD41: 0 | AE41: 0 | AF41: 0 | AG41: 0 | AH41: =SUM(L41:AG41) -> 79 | AI41: 59.25 | AJ41: 0 | AK41: 0 | AL41: 0 | AM41: 0 | AN41: 0 | AO41: 0 | AP41: 0 | AQ41: 0 | AR41: 0 | AS41: 0 | AT41: 0 | AU41: 0 | AV41: 0 | AW41: 0 | AX41: 0 | AY41: 0 | AZ41: 0 | BA41: 0 | BB41: 0 | BC41: 0 | BD41: 0 | BE41: =SUM(AI41:BD41) -> 59.25 | BF41: =AH41 -> 79 | BG41: =BE41 -> 59.25 | BH41: Reduced Acq 25%
A42: 11-2T170 | B42: 11-2T170 | C42: APL | D42: 2024 | E42: 20.XX.400.100 | F42: 0 | G42: 2020400.100 | H42: 1510 | I42: 41570 | K42: 44042 | L42: 724 | M42: 0 | N42: 0 | O42: 0 | P42: 0 | Q42: 0 | R42: 0 | S42: 0 | T42: 0 | U42: 77 | V42: 0 | W42: 0 | X42: 0 | Y42: 0 | Z42: 0 | AA42: 0 | AB42: 0 | AC42: 75 | AD42: 0 | AE42: 0 | AF42: 0 | AG42: 0 | AH42: =SUM(L42:AG42) -> 876 | AI42: 543 | AJ42: 0 | AK42: 0 | AL42: 0 | AM42: 0 | AN42: 0 | AO42: 0 | AP42: 0 | AQ42: 0 | AR42: 77 | AS42: 0 | AT42: 0 | AU42: 0 | AV42: 0 | AW42: 0 | AX42: 0 | AY42: 0 | AZ42: 75 | BA42: 0 | BB42: 0 | BC42: 0 | BD42: 0 | BE42: =SUM(AI42:BD42) -> 695 | BF42: =AH42 -> 876 | BG42: =BE42 -> 695 | BH42: Reduced Acq 25%
A43: 12-0C120 | B43: 12-0C120 | C43: APL | D43: 2024 | E43: 20.XX.400.100 | F43: 0 | G43: 2020400.100 | H43: 1500 | I43: 46206 | K43: 46577 | L43: 1000 | M43: 0 | N43: 0 | O43: 0 | P43: 0 | Q43: 0 | R43: 0 | S43: 0 | T43: 0 | U43: 0 | V43: 0 | W43: 0 | X43: 216 | Y43: 0 | Z43: 0 | AA43: 0 | AB43: 0 | AC43: 503 | AD43: 0 | AE43: 0 | AF43: 0 | AG43: 0 | AH43: =SUM(L43:AG43) -> 1719 | AI43: 750 | AJ43: 0 | AK43: 0 | AL43: 0 | AM43: 0 | AN43: 0 | AO43: 0 | AP43: 0 | AQ43: 0 | AR43: 0 | AS43: 0 | AT43: 0 | AU43: 216 | AV43: 0 | AW43: 0 | AX43: 0 | AY43: 0 | AZ43: 503 | BA43: 0 | BB43: 0 | BC43: 0 | BD43: 0 | BE43: =SUM(AI43:BD43) -> 1469 | BF43: =AH43 -> 1719 | BG43: =BE43 -> 1469 | BH43: Reduced Acq 25%
A44: 12-0K021 | B44: 12-0K021 | C44: APL | D44: 2024 | E44: 20.XX.400.232 | F44: 0 | G44: 2020400.232 | H44: 1510 | I44: 41795 | J44: 42437 | K44: 43606 | L44: 44 | M44: 0 | N44: 0 | O44: 0 | P44: 0 | Q44: 0 | R44: 0 | S44: 0 | T44: 0 | U44: 0 | V44: 0 | W44: 0 | X44: 0 | Y44: 40 | Z44: 60 | AA44: 0 | AB44: 0 | AC44: 0 | AD44: 0 | AE44: 0 | AF44: 0 | AG44: 0 | AH44: =SUM(L44:AG44) -> 144 | AI44: 33 | AJ44: 0 | AK44: 0 | AL44: 0 | AM44: 0 | AN44: 0 | AO44: 0 | AP44: 0 | AQ44: 0 | AR44: 0 | AS44: 0 | AT44: 0 | AU44: 0 | AV44: 40 | AW44: 60 | AX44: 0 | AY44: 0 | AZ44: 0 | BA44: 0 | BB44: 0 | BC44: 0 | BD44: 0 | BE44: =SUM(AI44:BD44) -> 133 | BF44: =AH44 -> 144 | BG44: =BE44 -> 133 | BH44: Reduced Acq 25%
A45: 12-0K870 | B45: 12-0K870 | C45: APL | D45: 2024 | E45: 20.XX.400.100 | F45: 0 | G45: 2020400.100 | H45: 1510 | I45: 43412 | K45: 45195 | L45: 675 | M45: 0 | N45: 0 | O45: 0 | P45: 0 | Q45: 0 | R45: 0 | S45: 0 | T45: 0 | U45: 2 | V45: 0 | W45: 0 | X45: 200 | Y45: 0 | Z45: 0 | AA45: 0 | AB45: 0 | AC45: 8 | AD45: 0 | AE45: 0 | AF45: 0 | AG45: 0 | AH45: =SUM(L45:AG45) -> 885 | AI45: 506.25 | AJ45: 0 | AK45: 0 | AL45: 0 | AM45: 0 | AN45: 0 | AO45: 0 | AP45: 0 | AQ45: 0 | AR45: 2 | AS45: 0 | AT45: 0 | AU45: 200 | AV45: 0 | AW45: 0 | AX45: 0 | AY45: 0 | AZ45: 8 | BA45: 0 | BB45: 0 | BC45: 0 | BD45: 0 | BE45: =SUM(AI45:BD45) -> 716.25 | BF45: =AH45 -> 885 | BG45: =BE45 -> 716.25 | BH45: Reduced Acq 25%
A46: 12-0T430 | B46: 12-0T430 | C46: APL | D46: 2024 | E46: 20.XX.400.100 | F46: 0 | G46: 2020400.100 | H46: 1510 | I46: 44851 | K46: 45016 | L46: 0 | M46: 0 | N46: 0 | O46: 0 | P46: 0 | Q46: 0 | R46: 0 | S46: 0 | T46: 0 | U46: 0 | V46: 35 | W46: 0 | X46: 0 | Y46: 0 | Z46: 0 | AA46: 0 | AB46: 0 | AC46: 0 | AD46: 0 | AE46: 0 | AF46: 0 | AG46: 0 | AH46: =SUM(L46:AG46) -> 35 | AI46: 0 | AJ46: 0 | AK46: 0 | AL46: 0 | AM46: 0 | AN46: 0 | AO46: 0 | AP46: 0 | AQ46: 0 | AR46: 0 | AS46: 35 | AT46: 0 | AU46: 0 | AV46: 0 | AW46: 0 | AX46: 0 | AY46: 0 | AZ46: 0 | BA46: 0 | BB46: 0 | BC46: 0 | BD46: 0 | BE46: =SUM(AI46:BD46) -> 35 | BF46: =AH46 -> 35 | BG46: =BE46 -> 35
A47: 12-0T440 | B47: 12-0T440 | C47: APL | D47: 2024 | E47: 20.XX.400.100 | F47: 0 | G47: 2010400.100 | H47: 1500 | I47: 45017 | J47: 45016 | K47: 45473 | L47: 0 | M47: 0 | N47: 0 | O47: 0 | P47: 0 | Q47: 0 | R47: 0 | S47: 0 | T47: 0 | U47: 0 | V47: 38 | W47: 0 | X47: 0 | Y47: 0 | Z47: 0 | AA47: 0 | AB47: 0 | AC47: 0 | AD47: 0 | AE47: 0 | AF47: 0 | AG47: 0 | AH47: =SUM(L47:AG47) -> 38 | AI47: 0 | AJ47: 0 | AK47: 0 | AL47: 0 | AM47: 0 | AN47: 0 | AO47: 0 | AP47: 0 | AQ47: 0 | AR47: 0 | AS47: 38 | AT47: 0 | AU47: 0 | AV47: 0 | AW47: 0 | AX47: 0 | AY47: 0 | AZ47: 0 | BA47: 0 | BB47: 0 | BC47: 0 | BD47: 0 | BE47: =SUM(AI47:BD47) -> 38 | BF47: =AH47 -> 38 | BG47: =BE47 -> 38
L48: =SUBTOTAL(9,L2:L47) -> 20568 | M48: =SUBTOTAL(9,M2:M47) -> 0 | N48: =SUBTOTAL(9,N2:N47) -> 0 | O48: =SUBTOTAL(9,O2:O47) -> 0 | P48: =SUBTOTAL(9,P2:P47) -> 0 | Q48: =SUBTOTAL(9,Q2:Q47) -> 0 | R48: =SUBTOTAL(9,R2:R47) -> 0 | S48: =SUBTOTAL(9,S2:S47) -> 0 | ... BG48: =SUBTOTAL(9,BG2:BG47) -> 27999.75

Sheet FY24-25 STIP-SHOPP Allocation 
A1: PROJECT INFORMATION | P1: ALLOCATION | R1: CATEGORY OF COMMITMENTS
A2: Dist-EA | B2: Project ID | C2: PPNO | D2: CO | E2: RTE | F2: Back Post Mile | G2: Ahead Post Mile | H2: Project Description | I2: Programming Document | J2: Category of Spending | K2: Fund Reservation? | L2: R/W Capital Program Year | M2: Total STIP/SHOPP R/W Capital Programmed Amount | N2: Total STIP/SHOPP R/W Capital Project Encumbrances and Expenditures as of 06/30/25 | P2: FY 2024-2025 STIP/SHOPP CTC Annual Allocation Amount | Q2: FY 2024-2025 Encumbrances and Expenditures as of 06/30/25 | R2: Programmed RW Capital Encumbrances and Expenditures | S2: Encumbrances and Expenditures during the PA&ED phase | T2: Encumbrances and Expenditures Exceeding Programming | U2: Inverse Encumbrances and Expenditures | V2: Comments
A3: 01-0A111 | B3: 0116000148 | C3: 2301B | D3: HUM | E3: 101 | F3: 53.9 | G3: 53.9 | H3: IN HUMBOLDT CO IN RIO DELL AT EEL RIVER BR #04-0016R | I3: SHOPP | J3: 5 | K3: N | L3: 24/25 | M3: 2390000 | N3: 204483 | O3: =N3-M3 -> -2185517 | P3: 1064000 | Q3: 153571.91 | R3: 153571.91 | S3: 0 | T3: 0 | U3: 0
A4: 01-0A131 | B4: 0117000223 | C4: 4692 | D4: MEN | E4: 162 | F4: 8 | G4: 8.4 | H4: IN MENDOCINO CO NEAR LONGVALE FROM 8.0 MILES TO 8.4 MILES E OF RTE 101 AT EEL RIVER BR | I4: SHOPP | J4: - | K4: N | L4: 21/22 | M4: 251000 | N4: 535824 | O4: =N4-M4 -> 284824 | P4: 23000 | Q4: 0 | R4: 0 | S4: 0 | T4: 0 | U4: 0
A5: 01-0B220 | B5: 0112000110 | C5: 4546 | D5: MEN | E5: 001 | F5: 59.8 | G5: 62.1 | H5: IN MENDOCINO COUNTY IN FORT BRAGG FROM ROUTE 20 TO PUDDING CREEK BRIDGE. | I5: SHOPP | J5: 5/7 | K5: Y | L5: 24/25 | M5: 279000 | N5: 340485 | O5: =N5-M5 -> 61485 | P5: 0 | Q5: 109720 | R5: 48235 | S5: 0 | T5: 61485 | U5: 0 | V5: Commitments exceeding the programmed amount are managed within the fund reservation established in the CTC adopted Fund Estimate
A6: 01-0C500 | B6: 0112000292 | C6: 2363 | D6: HUM | E6: 036 | F6: 11.3 | G6: 34.6 | H6: IN HUMBOLDT CO ON RTE 36 AT HELY CREEK BR 04-0092, AT LITTLE LARABEE CREEK BR 04-0102 AND AT BUTTE CREEK BR 04-0116. | I6: SHOPP | J6: 5 | K6: N | L6: 21/22 | M6: 997000 | N6: 512355 | O6: =N6-M6 -> -484645 | P6: 0 | Q6: 41613.25 | R6: 41613.25 | S6: 0 | T6: 0 | U6: 0
A7: 01-0C720 | B7: 0113000032 | C7: 4579 | D7: MEN | E7: 001 | F7: 0.6 | G7: 1 | H7: IN MENDOCINO CO AT GUALALA FROM CENTER ST TO OCEAN DR | I7: STIP | J7: 1 | K7: N | L7: 20/21 | M7: 390000 | N7: 261538 | O7: =N7-M7 -> -128462 | P7: 272000 | Q7: 223192.25 | R7: 223192.25 | S7: 0 | T7: 0 | U7: 0
A8: 01-0E010 | B8: 0113000090 | C8: 2379 | D8: HUM | E8: 036 | F8: 0.1 | G8: 1.65 | H8: IN HUMBOLDT CO NEAR ALTON FROM 0.1 MILE E OF RTE 36/101 SEPARATION TO 1.65 MILE E OF RTE 36/101 SEPARATION | I8: SHOPP | J8: - | K8: N | L8: 21/22 | M8: 3427000 | N8: 2636034 | O8: =N8-M8 -> -790966 | P8: 223000 | Q8: 0 | R8: 0 | S8: 0 | T8: 0 | U8: 0
A9: 01-0E110 | B9: 0113000125 | C9: 4588 | D9: MEN | E9: 001 | F9: 31.4 | G9: 31.4 | H9: IN MENDOCINO CO NEAR ELK FROM 0.2 MILE S OF ELK CREEK BR TO 0.2 MILE N OF ELK CREEK BR | I9: SHOPP | J9: - | K9: N | L9: 21/22 | M9: 400000 | N9: 133267 | O9: =N9-M9 -> -266733 | P9: 664000 | Q9: 0 | R9: 0 | S9: 0 | T9: 0 | U9: 0
A10: 01-0E112 | B10: 0123000037 | C10: 4588M | D10: MEN | E10: 001 | F10: 31.4 | G10: 31.4 | H10: IN MENDOCINO CO NEAR ELK CREEK BR TO 0.2 MILE N OF ELK CREEK BR. | I10: SHOPP | J10: - | K10: N | L10: 25/26 | M10: 1850000 | N10: 1754715 | O10: =N10-M10 -> -95285 | P10: 298800 | Q10: 0 | R10: 0 | S10: 0 | T10: 0 | U10: 0
A11: 01-0E720 | B11: 0115000003 | C11: 3102 | D11: LAK | E11: 029 | F11: 12.7 | G11: 14.5 | H11: IN LAKE CO NEAR LOWER LAKE FROM 0.8 MILE N OF SPRUCE GROVE RD-S TO 0.4 MILE S OF HOFACKER LANE | I11: SHOPP | J11: - | K11: N | L11: 19/20 | M11: 945000 | N11: 146494 | O11: =N11-M11 -> -798506 | P11: 378000 | Q11: 0 | R11: 0 | S11: 0 | T11: 0 | U11: 0
A12: 01-0E730 | B12: 0115000004 | C12: 3203 | D12: LAK | E12: 029 | F12: 17.7 | G12: 20.7 | H12: IN LAKE CO AT LOWER LAKE AT VARIOUS LOCATIONS FROM 0.1 MI S OF C ST TO 0.2 MI N OF BELL PARK AVE | I12: SHOPP | J12: - | K12: N | L12: 19/20 | M12: 339000 | N12: 123161 | O12: =N12-M12 -> -215839 | P12: 634000 | Q12: 0 | R12: 0 | S12: 0 | T12: 0 | U12: 0
A13: 01-0F280 | B13: 0115000099 | C13: 1112 | D13: DN | E13: 101 | F13: 12.7 | G13: 16.5 | H13: IN DEL NORTE CO FROM WILSON CREEK BR TO 3.8 MI N OF WILSON CREEK BR. | I13: SHOPP | J13: 6 | K13: N | L13: 30/31 | M13: 205000 | N13: 89255 | O13: =N13-M13 -> -115745 | P13: 0 | Q13: 1000 | R13: 0 | S13: 1000 | T13: 0 | U13: 0 | V13: Commitments during the PA&ED phase are made pursuant to CTC Resolution G-19-01, Section 2.5
A14: 01-0F650 | B14: 0116000041 | C14: 4629 | D14: MEN | E14: 001 | F14: 4.64 | G14: 4.64 | H14: IN MENDOCINO CO NEAR ANCHOR BAY AT SUNSET DR AN NEAR FOR BRAGG O/O4 MILES NO OF TREGONING DR. | I14: SHOPP | J14: 5/6 | K14: N | L14: 25/26 | M14: 350000 | N14: 7753 | O14: =N14-M14 -> -342247 | P14: 0 | Q14: 7753 | R14: 1000 | S14: 6753 | T14: 0 | U14: 0 | V14: Commitments during the PA&ED phase are made pursuant to CTC Resolution G-19-01, Section 2.5
A15: 01-0F710 | B15: 0116000047 | C15: 4630 | D15: MEN | E15: 001 | F15: 6.4 | G15: 9.5 | H15: IN MENDOCINO CO NEAR GUALALA FROM 0.3 MILE N OF HAVENS NECK DR TO GYPSY FLAT RD AND FROM 0.5 TO 0.25 MILE S OF IVERSEN RD | I15: SHOPP | J15: 5 | K15: N | L15: 23/24 | M15: 1226000 | N15: 395603 | O15: =N15-M15 -> -830397 | P15: 597000 | Q15: 1200 | R15: 1200 | S15: 0 | T15: 0 | U15: 0
A16: 01-0F711 | B16: 0124000099 | C16: 4630M | D16: MEN | E16: 001 | F16: 6.4 | G16: 10.4 | H16: IN MENDOCINO COUNTY NEAR GUALALA FROM 0.4 MILE NORTH OF HAVEN NECK DR TO 0.7 MILE NORTH OF IVERSEN ROAD. | I16: SHOPP | J16: 5 | K16: N | L16: 24/25 | M16: 707000 | N16: 17999 | O16: =N16-M16 -> -689001 | P16: 0 | Q16: 17999 | R16: 17999 | S16: 0 | T16: 0 | U16: 0
A17: 01-0G330 | B17: 0116000170 | C17: 4647 | D17: LAK | E17: 020 | F17: 5.1 | G17: 5.8 | H17: IN LAKE CO NEAR UPPER LAKE FROM 0.4 MILE WOF WITTER SPRINGS RD TO 0.3 MILE E OF WITTER SPRINGS RD | I17: SHOPP | J17: - | K17: N | L17: 19/20 | M17: 832000 | N17: 440135 | O17: =N17-M17 -> -391865 | P17: 165000 | Q17: 0 | R17: 0 | S17: 0 | T17: 0 | U17: 0
A18: 01-0G750 | B18: 0117000056 | C18: 3113 | D18: LAK | E18: 175 | F18: 17.4 | G18: 23.5 | H18: IN LAKE CO NEAR MIDDLETOWN FROM 0.2 MI E OF GROUSE SPRINGS RD-145 TO 0.1 MI E OF SOCRATES RD-145 TO 0.1 MI E OF SOCRATES MINE-RD 111. | I18: SHOPP | J18: 5 | K18: N | L18: 16/17 | M18: 25000 | N18: 8946 | O18: =N18-M18 -> -16054 | P18: 0 | Q18: 4600 | R18: 4600 | S18: 0 | T18: 0 | U18: 0 | V18: Emergency opening delegated under CTC Resolution G-11, as amended by G-11-16
A19: 01-0H140 | B19: 0117000115 | C19: 4675 | D19: MEN | E19: 101 | F19: 9.9 | G19: 11.2 | H19: IN MENDOCINO CO AT HOPLAND FROM 0.1 MILE N OF FELIZ CREEK BR TO 0.2 MILE N OF FIRST ST | I19: SHOPP | J19: 5 | K19: N | L19: 24/25 | M19: 1110000 | N19: 275528 | O19: =N19-M19 -> -834472 | P19: 317000 | Q19: 133304.09 | R19: 133304.09 | S19: 0 | T19: 0 | U19: 0
A20: 01-0H210 | B20: 0117000130 | C20: 4681 | D20: MED | E20: 175 | F20: 0 | G20: 0 | H20: IN MENDOCINO CO NEAR HOPLAND FROM 1 MILE E OF BUCKMAN DR-RD 105B TO 0.3 MILE E OF MOTORCYCLE PARK ENT & IN LAKE CO FROM 0.5 TO 3.0 MILE E OF ME-LAK CO LINE. | I20: SHOPP | J20: 5 | K20: N | L20: 16/17 | M20: 50000 | N20: 30184 | O20: =N20-M20 -> -19816 | P20: 0 | Q20: 10250 | R20: 10250 | S20: 0 | T20: 0 | U20: 0 | V20: Emergency opening delegated under CTC Resolution G-11, as amended by G-11-16
A21: 01-0H240 | B21: 0117000140 | C21: 2484 | D21: HUM | E21: 254 | F21: 0 | G21: 43 | H21: IN HUMBOLDT CO AT VARIOUS LOCATION FROM RTE 101/254 SEPARATION TO 0.1 MILE N OF HOLMES FLAT RD. (SPLIT TO CHILD EA 01-0H245 AND 01-0H246.) | I21: SHOPP | J21: 7 | K21: Y | L21: - | M21: 0 | N21: 41913 | O21: =N21-M21 -> 41913 | P21: 79000 | Q21: 13000 | R21: 0 | S21: 0 | T21: 13000 | U21: 0 | V21: Commitments exceeding the programmed amount are managed within the fund reservation established in the CTC adopted Fund Estimate
A22: 01-0H410 | B22: 0117000169 | C22: 2487 | D22: HUM | E22: 169 | F22: 15.07 | G22: 33.75 | H22: IN HUMBOLDT CO NEAR WEITCHPEC AT VARIOUS LOCATIONS FROM 0.6 MILE E OF PECWAN CREEK TO 0.1 MILE E OF OLD VILLAGE RD | I22: SHOPP | J22: - | K22: N | L22: 23/24 | M22: 474000 | N22: 29043 | O22: =N22-M22 -> -444957 | P22: 329000 | Q22: 0 | R22: 0 | S22: 0 | T22: 0 | U22: 0
A23: 01-0H640 | B23: 0117000245 | C23: 2497 | D23: HUM | E23: 101 | F23: 2.4 | G23: 53.9 | H23: IN HUMBOLDT CO AT VARIOUS LOCATIONS FROM 2.4 MILES N OF THE MENDOCINO CO BORDER TO EEL RIVER BR #04-0016R. | I23: SHOPP | J23: 5 | K23: N | L23: 23/24 | M23: 264000 | N23: 189258 | O23: =N23-M23 -> -74742 | P23: 0 | Q23: 554 | R23: 554 | S23: 0 | T23: 0 | U23: 0
A24: 01-0H641 | B24: 0123000062 | C24: 2597 | D24: HUM | E24: 101 | F24: 0.9 | G24: 0.9 | H24: IN HUMBOLDT CO AT ONE LOCATION WITHIN THE COMMUNITY OF COOKS VALLEY, 0.9 MILES N OF THE MENDOCINO CO BORDER | I24: SHOPP | J24: 5 | K24: N | L24: 25/26 | M24: 51000 | N24: 3000 | O24: =N24-M24 -> -48000 | P24: 40000 | Q24: 3000 | R24: 3000 | S24: 0 | T24: 0 | U24: 0
A25: 01-0H650 | B25: 0117000246 | C25: 2498 | D25: HUM | E25: 101 | F25: 56.6 | G25: 137.1 | H25: IN HUMBOLDT CO NEAR ALTON FROM 0.3 MILE S OF VAN DUZEN RIVER BR #4-17 TO DEL NORTE CO LINE | I25: SHOPP | J25: 5 | K25: N | L25: 24/25 | M25: 802000 | N25: 228925 | O25: =N25-M25 -> -573075 | P25: 428000 | Q25: 750 | R25: 750 | S25: 0 | T25: 0 | U25: 0
A26: 01-0H840 | B26: 0118000117 | C26: 3123 | D26: LAK | E26: 020 | F26: 2 | G26: 2.8 | H26: IN LAKE CO ABOUT 6 MILES W OF UPPER LAKE FROM 0.6 MILE W OF IRVINE AVE TO 0.1 MILE E OF MID LAKE RD. | I26: SHOPP | J26: 5 | K26: N | L26: 21/22 | M26: 560000 | N26: 499370 | O26: =N26-M26 -> -60630 | P26: 0 | Q26: 11385 | R26: 11385 | S26: 0 | T26: 0 | U26: 0
A27: 01-0J210 | B27: 0118000190 | C27: 1129 | D27: DN | E27: 101 | F27: 2.6 | G27: 23.81 | H27: IN DEL NORTE COUNTY IN AND NEAR KLAMATH FROM 1.2 MILES SOUTH OF KLAMATH RIVER OVERFLOW TO 1.1 MILE NORTH OF HAMILTON ROAD. | I27: SHOPP | J27: 5 | K27: N | L27: 24/25 | M27: 52000 | N27: 8600 | O27: =N27-M27 -> -43400 | P27: 0 | Q27: 1000 | R27: 1000 | S27: 0 | T27: 0 | U27: 0
A28: 01-0J410 | B28: 0119000025 | C28: 2522 | D28: HUM | E28: 299 | F28: 30.7 | G28: 33.4 | H28: IN HUMBOLDT CO NEAR WILLOW CREEK FROM 0.1 MILE E OF CEDAR CREEK RD TO 0.2 MILE E OF E FORK WILLOW CREEK BR | I28: SHOPP | J28: - | K28: N | L28: 21/22 | M28: 89000 | N28: 32099 | O28: =N28-M28 -> -56901 | P28: 3000 | Q28: 0 | R28: 0 | S28: 0 | T28: 0 | U28: 0
A29: 01-0J630 | B29: 0119000069 | C29: 8510 | D29: MEN | E29: 253 | F29: 0 | G29: 3 | H29: IN MENDOCINO COUNTY NEAR BOONVILLE FROM THE 253/128 JUNCTION TO 0.4 MILE WEST OF SODA CREEK BRIDGE. | I29: SHOPP | J29: 5 | K29: N | L29: 18/19 | M29: 50000 | N29: 4158 | O29: =N29-M29 -> -45842 | P29: 0 | Q29: 3808.22 | R29: 3808.22 | S29: 0 | T29: 0 | U29: 0
A30: 01-0J801 | B30: 0120000032 | C30: 2535 | D30: HUM | E30: 299 | F30: 8 | G30: 9.2 | H30: IN HUMBOLDT CO NEAR BLUE LAKE FROM 0.9 TO 1.7 MILES E OF BLUE LAKE BLVD | I30: SHOPP | J30: 5 | K30: N | L30: 24/25 | M30: 993000 | N30: 38694 | O30: =N30-M30 -> -954306 | P30: 294000 | Q30: 38693.5 | R30: 38693.5 | S30: 0 | T30: 0 | U30: 0
A31: 01-0J890 | B31: 0119000119 | C31: 2525 | D31: HUM | E31: 036 | F31: 3.9 | G31: 6 | H31: IN HUMBOLDT CO AT CARLOTTA FROM 0.2 MILE WOF FISHER RD TO 0.2 MILE WOF WILDER RD | I31: SHOPP | J31: 5 | K31: N | L31: 23/24 | M31: 1311000 | N31: 199694 | O31: =N31-M31 -> -1111306 | P31: 49000 | Q31: 17530.12 | R31: 17530.12 | S31: 0 | T31: 0 | U31: 0
A32: 01-0J930 | B32: 0119000123 | C32: 3132 | D32: LAK | E32: 029 | F32: 11.9 | G32: 23.6 | H32: IN LAKE CO NEAR CLEAR LAKE FROM SPRUCE GROVE RD TO DIENER DR/RD 543. | I32: SHOPP | J32: 5 | K32: N | L32: 25/26 | M32: 505000 | N32: 10614 | O32: =N32-M32 -> -494386 | P32: 0 | Q32: 10613.75 | R32: 10613.75 | S32: 0 | T32: 0 | U32: 0
A33: 01-0J940 | B33: 0119000124 | C33: 4738 | D33: MEN | E33: 001 | F33: 14.745 | G33: 33.91 | H33: IN MENDOCINO CO IN & NEAR POINT ARENA FROM 0.2 MILE S OF IVERSON AVE TO PHILO GREENWOOD RD | I33: SHOPP | J33: 5 | K33: N | L33: 25/26 | M33: 511000 | N33: 65362 | O33: =N33-M33 -> -445638 | P33: 22000 | Q33: 47022 | R33: 47022 | S33: 0 | T33: 0 | U33: 0
A34: 01-0J990 | B34: 0119000129 | C34: 4743 | D34: MEN | E34: 101 | F34: 91.32 | G34: 106.8 | H34: IN MENDOCINO CO NEAR LEGGETT FROM 0.1 MI N OF RTE 1 JUNCTION TO THE MENDOCINO-HUMBOLDT CO LINE | I34: SHOPP | J34: - | K34: N | L34: 25/26 | M34: 21000 | N34: 0 | O34: =N34-M34 -> -21000 | P34: 18000 | Q34: 0 | R34: 0 | S34: 0 | T34: 0 | U34: 0
A35: 01-0K000 | B35: 0119000130 | C35: 4744 | D35: MEN | E35: 128 | F35: 17.9 | G35: 30.7 | H35: IN MENDOCINO CO AT REILLY HEIGHTS AND BOONVILLE FROM MILL CREEK BR TO ROBINSON CREEK BR | I35: SHOPP | J35: 5/6 | K35: N | L35: 25/26 | M35: 172000 | N35: 17420 | O35: =N35-M35 -> -154580 | P35: 15000 | Q35: 17420 | R35: 17170 | S35: 250 | T35: 0 | U35: 0 | V35: Commitments during the PA&ED phase are made pursuant to CTC Resolution G-19-01, Section 2.5
A36: 01-0K010 | B36: 0119000131 | C36: 7028 | D36: MEN | E36: 101 | F36: 27 | G36: 27.4 | H36: IN MENDOCINO CO ON RTE 101 AT VARIOUS UKIAH MAINTENANCE STATION AND ON RTE 128 AT BOONVILLE MAINTENANCE STATION. | I36: SHOPP | J36: 6 | K36: N | L36: 25/26 | M36: 29000 | N36: 2917 | O36: =N36-M36 -> -26083 | P36: 0 | Q36: 2916.75 | R36: 0 | S36: 2916.75 | T36: 0 | U36: 0 | V36: Commitments during the PA&ED phase are made pursuant to CTC Resolution G-19-01, Section 2.5
A37: 01-0K140 | B37: 0120000033 | C37: 1138 | D37: DN | E37: 101 | F37: 12.6 | G37: 13.2 | H37: IN DEL NORTE CO NEAR KLAMATH FROM WILSON CREEK BR TO 0.5 MILE N OF WILSON CREEK BR | I37: SHOPP LONG LEAD | J37: - | K37: N | L37: 28/29 | M37: 6425000 | N37: 0 | O37: =N37-M37 -> -6425000 | P37: 24000 | Q37: 0 | R37: 0 | S37: 0 | T37: 0 | U37: 0
A38: 01-0K150 | B38: 0120000035 | C38: 2536 | D38: HUM | E38: 101 | F38: 125.2 | G38: 125.62 | H38: IN HUMBOLDT CO NEAR ORICK FROM 0.9 MI S OF S PRAIRIE CR PARK UC TO 0.5 MI S OF S PRAIRIE CR PARK UC | I38: SHOPP | J38: 5 | K38: N | L38: 24/25 | M38: 800000 | N38: 9538 | O38: =N38-M38 -> -790462 | P38: 14000 | Q38: 6987.5 | R38: 6987.5 | S38: 0 | T38: 0 | U38: 0
A39: 01-0K680 | B39: 0120000134 | C39: 4754 | D39: MEN | E39: 128 | F39: 0 | G39: 50.5 | H39: IN MENDOCINO COUNTY ON ROUTE 128 AT VARIOUS LOCATIONS FROM JUNCTION ROUTE 1 TO 2.1 MILES EAST OF MOUNTAIN HOUSE RD-111. | I39: SHOPP | J39: 6 | K39: N | L39: 27/28 | M39: 866000 | N39: 63148 | O39: =N39-M39 -> -802852 | P39: 0 | Q39: 31438.75 | R39: 0 | S39: 31438.75 | T39: 0 | U39: 0 | V39: Commitments during the PA&ED phase are made pursuant to CTC Resolution G-19-01, Section 2.5
A40: 01-0K940 | B40: 0121000033 | C40: 2544 | D40: HUM | E40: 101 | F40: 73.3 | G40: 76.1 | H40: IN HUMBOLDT CO IN AND NEAR EUREKA FROM 0.3 MILE S OF SPRUCE POINT NBOUND OFF RAMP TO 0.1 MILE N OF TRUESDALE ST | I40: SHOPP | J40: 5 | K40: N | L40: 23/24 | M40: 634000 | N40: 207544 | O40: =N40-M40 -> -426456 | P40: 106000 | Q40: 62580 | R40: 62580 | S40: 0 | T40: 0 | U40: 0
A41: 01-0K950 | B41: 0121000034 | C41: 1144 | D41: DN | E41: 101 | F41: 15.6 | G41: 16.2 | H41: IN DEL NORTE CO ABOUT 10 MILES S OF CRESCENT CITY FROM 3 MILES N TO 3.6 MILES N OF WILSON CREEK BR | I41: SHOPP | J41: - | K41: N | L41: 24/25 | M41: 37000 | N41: 2917 | O41: =N41-M41 -> -34083 | P41: 20000 | Q41: 0 | R41: 0 | S41: 0 | T41: 0 | U41: 0
A42: 01-0L020 | B42: 0121000042 | C42: 4760 | D42: MEN | E42: 162 | F42: 29.18 | G42: 30.68 | H42: IN MENDOCINO CO IN COVELO FROM HOWARD ST TO COVELO RANGER STA. | I42: SHOPP | J42: - | K42: N | L42: 21/22 | M42: 500000 | N42: 318301 | O42: =N42-M42 -> -181699 | P42: 98000 | Q42: 0 | R42: 0 | S42: 0 | T42: 0 | U42: 0
A43: 01-0L110 | B43: 0121000072 | C43: 4763 | D43: MEN | E43: 101 | F43: 9.5 | G43: 10.8 | H43: IN MENDOCINO CO IN AND NEAR HOPLAND FROM HOPLAND OVERHEAD TO FELIZ CREEK BR | I43: SHOPP | J43: 5/6 | K43: N | L43: 25/26 | M43: 879000 | N43: 7138 | O43: =N43-M43 -> -871862 | P43: 36000 | Q43: 7138.12 | R43: 4169.37 | S43: 2968.75 | T43: 0 | U43: 0 | V43: Commitments during the PA&ED phase are made pursuant to CTC Resolution G-19-01, Section 2.5
A44: 01-0L220 | B44: 0121000085 | C44: 3216 | D44: LAK | E44: 029 | F44: 17.6 | G44: 18 | H44: IN LAKE CO FROM 0.2 MILE S OF N C ST-RD 141S TO 0.1 MILE N OF C ST-RD 141S | I44: SHOPP | J44: - | K44: N | L44: 25/26 | M44: 30000 | N44: 0 | O44: =N44-M44 -> -30000 | P44: 6000 | Q44: 0 | R44: 0 | S44: 0 | T44: 0 | U44: 0
A45: 01-0L310 | B45: 0121000095 | C45: 2551 | D45: HUM | E45: 101 | F45: 0 | G45: 10.269 | H45: IN HUMBOLDT CO NEAR GARBERVILLE FROM HUMBOLDT CO LINE TO 1.4 MILES N OF E BRANCH SO FORK OF THE EEL BRIDGE 4-39. | I45: SHOPP | J45: 6 | K45: N | L45: 26/27 | M45: 14000 | N45: 0 | O45: =N45-M45 -> -14000 | P45: 0 | Q45: 7600 | R45: 0 | S45: 7600 | T45: 0 | U45: 0 | V45: Commitments during the PA&ED phase are made pursuant to CTC Resolution G-19-01, Section 2.5
A46: 01-0L380 | B46: 0121000105 | C46: 4772 | D46: MEN | E46: 101 | F46: 39.8 | G46: 40.4 | H46: IN MENDOCINO CO ABOUT 6 MILES S OF WILLITS FROM 0.9 MILE S TO 1.5 MILES S OF FORESTRY ENTRANCE RD | I46: SHOPP | J46: 5 | K46: N | L46: 25/26 | M46: 1011000 | N46: 28465 | O46: =N46-M46 -> -982535 | P46: 354000 | Q46: 28465 | R46: 28465 | S46: 0 | T46: 0 | U46: 0
A47: 01-0L590 | B47: 0122000027 | C47: 3208 | D47: LAK | E47: 029 | F47: 5 | G47: 5.9 | H47: IN LAKE CO AT MIDDLETOWN FROM 0.1 MI S OF CENTRAL PARK RD TO 0.1 MI N OF YOUNG ST. | I47: SHOPP | J47: 6 | K47: N | L47: 26/27 | M47: 305000 | N47: 59000 | O47: =N47-M47 -> -246000 | P47: 0 | Q47: 59000 | R47: 0 | S47: 59000 | T47: 0 | U47: 0 | V47: Commitments during the PA&ED phase are made pursuant to CTC Resolution G-19-01, Section 2.5
A48: 01-0L770 | B48: 0122000045 | C48: 2568 | D48: HUM | E48: 96 | F48: 38.9 | G48: 38.9 | H48: IN HUMBOLDT CO NEAR ORLEANS ON RTE 96 AT THE ORLEANS MAINTENANCE STATION AND NEAR BLUE LAKE ON RTE 299 AT TRUCK SCALE HOUSE | I48: SHOPP | J48: 6 | K48: N | L48: 26/27 | M48: 45000 | N48: 250 | O48: =N48-M48 -> -44750 | P48: 2000 | Q48: 250 | R48: 0 | S48: 250 | T48: 0 | U48: 0 | V48: Commitments during the PA&ED phase are made pursuant to CTC Resolution G-19-01, Section 2.5
A49: 01-0L780 | B49: 0122000046 | C49: 2569 | D49: HUM | E49: 101 | F49: 73.3 | G49: 75.4 | H49: IN HUMBOLDT COY IN AND NEAR EUREKA FROM 0.3 MILE S OF SPRUCE POINT NB OFF RAMP TO 01. MILE S OF SUNSET AVE. | I49: SHOPP | J49: 6 | K49: N | L49: 26/27 | M49: 1488000 | N49: 7240 | O49: =N49-M49 -> -1480760 | P49: 0 | Q49: 7239.8 | R49: 0 | S49: 7239.8 | T49: 0 | U49: 0 | V49: Commitments during the PA&ED phase are made pursuant to CTC Resolution G-19-01, Section 2.5
A50: 01-0L810 | B50: 0122000050 | C50: 4783 | D50: MEN | E50: 271 | F50: 0 | G50: 7.3 | H50: IN MENDOCINO CO NEAR LEGGETT FROM 101 SEPARATION 10-172 CUMMINGS TO THE RTE 001 JUNCTION | I50: SHOPP | J50: - | K50: N | L50: 26/27 | M50: 3000 | N50: 0 | O50: =N50-M50 -> -3000 | P50: 3000 | Q50: 0 | R50: 0 | S50: 0 | T50: 0 | U50: 0
A51: 01-0M310 | B51: 0122000135 | C51: 3217 | D51: LAK | E51: 44.2 | F51: 43.9 | G51: 44.2 | H51: IN LAKE CO ABOUT 15 MI E OF CLEARLAKE OAKS FR 0.3 MI E OF WALKER RIDGE RD TO 0.6 MI E OF WALKER RIDGE RD. | I51: SHOPP | J51: - | K51: N | L51: 26/27 | M51: 46000 | N51: 0 | O51: =N51-M51 -> -46000 | P51: 32000 | Q51: 0 | R51: 0 | S51: 0 | T51: 0 | U51: 0
A52: 01-0M730 | B52: 0123000063 | C52: 2598 | D52: HUM | E52: 211 | F52: 77.2 | G52: 78.6 | H52: IN HUMBOLDT CO NEAR FERNDALE FROM N WADDINGTON RD EXIT TO DEPOT RD. | I52: SHOPP | J52: 5 | K52: N | L52: 22/23 | M52: 50000 | N52: 250 | O52: =N52-M52 -> -49750 | P52: 0 | Q52: 250 | R52: 250 | S52: 0 | T52: 0 | U52: 0 | V52: Emergency opening delegated under CTC Resolution G-11, as amended by G-11-16
A53: 01-0M760 | B53: 0123000066 | C53: 2600 | D53: HUM | E53: 101 | F53: 79.5 | G53: 80.2 | H53: IN HUMBOLDT CO NEAR EUREKA AT EUREKA SLOUGH BR. | I53: SHOPP LONG LEAD | J53: 6 | K53: N | L53: 28/29 | M53: 9055000 | N53: 9656 | O53: =N53-M53 -> -9045344 | P53: 0 | Q53: 3331 | R53: 0 | S53: 3331 | T53: 0 | U53: 0 | V53: Commitments during the PA&ED phase are made pursuant to CTC Resolution G-19-01, Section 2.5
A54: 01-0M850 | B54: 0123000076 | C54: 1157 | D54: DN | E54: 101 | F54: 39.6 | G54: 39.9 | H54: IN DEL NORTE CO IN SMITH RIVER FROM ROWDY CREEK BR TO FRED HAIGHT DR | I54: SHOPP | J54: 6 | K54: N | L54: 26/27 | M54: 31000 | N54: 7830 | O54: =N54-M54 -> -23170 | P54: 0 | Q54: 7830 | R54: 0 | S54: 7830 | T54: 0 | U54: 0 | V54: Commitments during the PA&ED phase are made pursuant to CTC Resolution G-19-01, Section 2.5
A55: 01-0M900 | B55: 0123000091 | C55: 4808 | D55: MEN | E55: 001 | F55: 42.4 | G55: 43.3 | H55: IN MENDOCINO CO NEAR ALBION FROM 2.2 M N OF THE RTE 128 JNCN TO 0.2 MI N OF SALMON CREEK BR. | I55: SHOPP LONG LEAD | J55: 6 | K55: N | L55: 31/32 | M55: 18173000 | N55: 20000 | O55: =N55-M55 -> -18153000 | P55: 0 | Q55: 20000 | R55: 0 | S55: 20000 | T55: 0 | U55: 0 | V55: Commitments during the PA&ED phase are made pursuant to CTC Resolution G-19-01, Section 2.5
A56: 01-0N180 | B56: 0123000158 | C56: 4816 | D56: MEN | E56: 1 | F56: 1 | G56: 1 | H56: IN MENDOCINO COUNTY AT GUALALA AT OCEAN DRIVE. | I56: SHOPP | J56: 5 | K56: N | L56: 25/26 | M56: 202000 | N56: 19280 | O56: =N56-M56 -> -182720 | P56: 0 | Q56: 19280 | R56: 19280 | S56: 0 | T56: 0 | U56: 0
A57: 01-0N290 | B57: 0123000202 | C57: 1161 | D57: DN | E57: 197 | F57: 3.2 | G57: 4 | H57: IN DEL NORTE CO TO ACCOMMODATE STAA TRUCK TRAVEL. IN DEL NORTE CO NEAR CRESCENT CITY ON RTE 197 FROM KASPAR/KEENE RD TO RUBY VAN DEVENTER CO PARK AND ON RTE 199. | I57: SHOPP | J57: 5 | K57: N | L57: 24/25 | M57: 200000 | N57: 60090 | O57: =N57-M57 -> -139910 | P57: 0 | Q57: 60089.5 | R57: 60089.5 | S57: 0 | T57: 0 | U57: 0
A58: 01-0N440 | B58: 0124000037 | C58: 4845 | D58: MEN | E58: 001 | F58: 75 | G58: 76.5 | H58: IN MENDOCINO COY NEAR WESPORT FROM BLUE SLIDE GULCH BRI TO 1.5 MILES N OF BLUE SLIDE GULCH BR. | I58: SHOPP | J58: 5 | K58: N | L58: 23/24 | M58: 100000 | N58: 9459 | O58: =N58-M58 -> -90541 | P58: 0 | Q58: 6224 | R58: 6224 | S58: 0 | T58: 0 | U58: 0 | V58: Emergency opening delegated under CTC Resolution G-11, as amended by G-11-16
A59: 01-0P070 | B59: 0124000162 | C59: 4906 | D59: MEN | E59: 001 | F59: 82 | G59: 82.9 | H59: IN MENDOCINO COUNTY NEAR ROCKPORT FROM .9 MILE SOUTH OF JUAN CREEK BRIDGE TO JUAN CREEK BRIDGE. | I59: SHOPP | J59: 5 | K59: N | L59: 23/24 | M59: 25000 | N59: 1000 | O59: =N59-M59 -> -24000 | P59: 0 | Q59: 1000 | R59: 1000 | S59: 0 | T59: 0 | U59: 0
A60: 01-26200 | B60: 0100000005 | C60: 0125F | D60: MEN | E60: 101 | F60: 43.1 | G60: 49 | H60: IN MENDOCINO CO IN AND NEAR WILLITS FROM 1.3 KM S OF HAEHL OH TO 2.9 KM S OF REYNOLDS HWY. | I60: STIP | J60: 3 | K60: Y | L60: 04/05 | M60: 23767000 | N60: 24471221 | O60: =N60-M60 -> 704221 | P60: 0 | Q60: 245.19 | R60: 0 | S60: 0 | T60: 245.19 | U60: 0 | V60: Commitments exceeding the programmed amount are managed within the fund reservation established in the CTC adopted Fund Estimate
A61: 01-26202 | B61: 0112000202 | C61: 0125X | D61: MEN | E61: 101 | F61: 45 | G61: 50.8 | H61: IN MENDOCINO CO NEAR WILLITS FROM HAEHL OVERHEAD TO REYNOLDS HWY | I61: STIP | J61: - | K61: N | L61: 11/12 | M61: 21530000 | N61: 21401526 | O61: =N61-M61 -> -128474 | P61: 222000 | Q61: 0 | R61: 0 | S61: 0 | T61: 0 | U61: 0
A62: 01-29811 | B62: 0114000043 | C62: 3099 | D62: LAK | E62: 029 | F62: 28.5 | G62: 31.6 | H62: IN LAKE COUNTY NEAR KELSEYVILLE FROM 0.6 MILE NORTH OF THE JUNCTION OF SR 29/281 TO 0.6 MILE NORTH OF THE JUNCTION OF SR 29/175. | I62: SHOPP | J62: 7 | K62: Y | L62: 18/19 | M62: 9777000 | N62: 10091972 | O62: =N62-M62 -> 314972 | P62: 0 | Q62: -54864.6 | R62: 0 | S62: 0 | T62: -54864.6 | U62: 0
A63: 01-40110 | B63: 0100000154 | C63: 4490 | D63: MEN | E63: 001 | F63: 43.3 | G63: 44.2 | H63: IN MENDOCINO CO NEAR ALBION FROM 3.0 MILES N OF THE RTE 129 JUNCTION TO 0.2 MILES N OF ALBION RIVER. | I63: SHOPP | J63: 6 | K63: N | L63: 26/27 | M63: 8465000 | N63: 119285 | O63: =N63-M63 -> -8345715 | P63: 102000 | Q63: 4123.5 | R63: 0 | S63: 4123.5 | T63: 0 | U63: 0 | V63: Commitments during the PA&ED phase are made pursuant to CTC Resolution G-19-01, Section 2.5
A64: 01-40141 | B64: 0120000111 | C64: 4753 | D64: MEN | E64: 001 | F64: 42.9 | G64: 43.6 | H64: IN MENDOCINO CO NEAR ALBION FROM 2.6 MILES N OF THE RTE 128 JUNCTION TO 0.5 MILES N OF SALMON CREEK BR. (MOVED TO PARENT EA 01-0M900.) | I64: SHOPP | J64: - | K64: N | L64: - | M64: 0 | N64: 5250 | O64: =N64-M64 -> 5250 | P64: 3204000 | Q64: 0 | R64: 0 | S64: 0 | T64: 0 | U64: 0
A65: 01-43484 | B65: 0117000133 | C65: 4682 | D65: MEN | E65: 001 | F65: 51.3 | G65: 52.1 | H65: IN MENDOCINO COUNTY NEAR FORT BRAGG AT JACK PETERS CREEK BRIDGE 10-150. | I65: SHOPP | J65: 5 | K65: N | L65: 21/22 | M65: 385000 | N65: 219485 | O65: =N65-M65 -> -165515 | P65: 0 | Q65: 29142.9 | R65: 29142.9 | S65: 0 | T65: 0 | U65: 0
A66: 01-43640 | B66: 0100000193 | C66: 0100V | D66: DN | E66: 101 | F66: 35.8 | G66: 36.5 | H66: IN DEL NORTE CO NEAR CRESCENT CITY FROM 0.3 MILE S OF SMITH RIVER BR TO 0.4 MILE N OF SMITH RIVER BR | I66: SHOPP | J66: 5 | K66: N | L66: 20/21 | M66: 6499000 | N66: 1586741 | O66: =N66-M66 -> -4912259 | P66: 2002000 | Q66: 33800 | R66: 33800 | S66: 0 | T66: 0 | U66: 0
A67: 01-45140 | B67: 0114000054 | C67: - | D67: MEN | E67: 101 | F67: 57 | G67: 57 | H67: IN MENDOCINO CO NEAR LONGVALE AT 2.3 MILES S OF 101/162 SEPERATION. | I67: MINOR-B | J67: 7 | K67: Y | L67: - | M67: 0 | N67: 250 | O67: =N67-M67 -> 250 | P67: 0 | Q67: 250 | R67: 0 | S67: 0 | T67: 250 | U67: 0 | V67: Erroneous charge to be reversed by expenditure adjustment
A68: 01-46480 | B68: 0100000266 | C68: 2251 | D68: HUM | E68: 101 | F68: 1.1 | G68: 2.2 | H68: IN HUMBOLDT CO NEAR GARBERVILLE FROM 0.5 MI S TO 0.5 MI N OF RICHARDSON GROVE UC | I68: SHOPP | J68: 5 | K68: N | L68: 23/24 | M68: 72000 | N68: 66158 | O68: =N68-M68 -> -5842 | P68: 10000 | Q68: 27086.5 | R68: 27086.5 | S68: 0 | T68: 0 | U68: 0
A69: 02-0H730 | B69: 0216000125 | C69: 3660 | D69: SIS | E69: 096 | F69: 71.23 | G69: 71.23 | H69: IN SISKIYOU CO NEAR HAMBURG AT SCOTT RIVER BR. | I69: SHOPP | J69: 6 | K69: N | L69: 26/27 | M69: 543000 | N69: 3197 | O69: =N69-M69 -> -539803 | P69: 1000 | Q69: 463 | R69: 0 | S69: 463 | T69: 0 | U69: 0 | V69: Commitments during the PA&ED phase are made pursuant to CTC Resolution G-19-01, Section 2.5
A70: 02-0H920 | B70: 0215000083 | C70: 3597 | D70: SHA | E70: 005 | F70: 14.8 | G70: 20 | H70: IN SHASTA CO IN REDDING FROM 0.3 MILE N OF CYPRESS AVE UC TO 0.6 MILE N OF OASIS RD OC. | I70: STIP | J70: 1 | K70: N | L70: 22/23 | M70: 631000 | N70: 28510 | O70: =N70-M70 -> -602490 | P70: 34000 | Q70: 8135.46 | R70: 8135.46 | S70: 0 | T70: 0 | U70: 0
A71: 02-0J530 | B71: 0219000133 | C71: 3752 | D71: TRI | E71: 299 | F71: 8.3 | G71: 15 | H71: IN TRINITY CO AT AND NEAR BURNT RANCH FR 0.5 MI E OF GRAY CREEK RD TO 1.0 MILE E OF TRINITY RIVER BR #05-0006. | I71: SHOPP | J71: - | K71: N | L71: 25/26 | M71: 95000 | N71: 0 | O71: =N71-M71 -> -95000 | P71: 13000 | Q71: 0 | R71: 0 | S71: 0 | T71: 0 | U71: 0
A72: 02-0J540 | B72: 0219000134 | C72: 3753 | D72: SIS | E72: 003 | F72: 48.6 | G72: 54.187 | H72: IN SISKIYOU CO IN AND NEAR YREKA FROM 0.6 MILE N OF JUNIPER DR TO 0.2 MILE N OF N 5TH ST | I72: SHOPP | J72: 5/7 | K72: Y | L72: 25/26 | M72: 148000 | N72: 154080 | O72: =N72-M72 -> 6080 | P72: 126000 | Q72: 101830 | R72: 95750 | S72: 0 | T72: 6080 | U72: 0 | V72: Commitments exceeding the programmed amount are managed within the fund reservation established in the CTC adopted Fund Estimate
A73: 02-0J590 | B73: 0219000139 | C73: 3758 | D73: MOD | E73: 395 | F73: 0 | G73: 0.0001 | H73: IN MODOC CO IN ALTURAS ON RTE 299 FROM SPRUCE ST TO RTE 395 AND ON RTE 395 FROM 0,9 MI N OF S FORK PIT RIVER BR #03-0052 TO 0.4 MILE S OF JOSEPH CR RD. | I73: SHOPP | J73: 5 | K73: N | L73: 25/26 | M73: 203000 | N73: 110821 | O73: =N73-M73 -> -92179 | P73: 61000 | Q73: 93200 | R73: 93200 | S73: 0 | T73: 0 | U73: 0
A74: 02-0J640 | B74: 0219000145 | C74: 3759 | D74: PLU | E74: 036 | F74: 13.6 | G74: 14.2 | H74: IN PLUMAS CO NEAR CHESTER FROM 0.2 MILE W OF BAILEY CREEK BR TO 0.3 MILE E OF CO RD A-13. | I74: SHOPP | J74: 5/7 | K74: Y | L74: 22/23 | M74: 8000 | N74: 78074 | O74: =N74-M74 -> 70074 | P74: 0 | Q74: 73709.46 | R74: 3635.46 | S74: 0 | T74: 70074 | U74: 0 | V74: Commitments exceeding the programmed amount are managed within the fund reservation established in the CTC adopted Fund Estimate
A75: 02-0J710 | B75: 0219000152 | C75: 3763 | D75: SHA | E75: 299 | F75: 57.5 | G75: 59 | H75: IN SHASTA CO NEAR MONTGOMERY CREEK FROM 0.1 MILE W OF WOODHILL DR TO 1.0 MILE W OF BIG BEND RD. | I75: SHOPP | J75: 5/6 | K75: N | L75: 25/26 | M75: 701000 | N75: 12150 | O75: =N75-M75 -> -688850 | P75: 100000 | Q75: 12150 | R75: 2000 | S75: 10150 | T75: 0 | U75: 0 | V75: Commitments during the PA&ED phase are made pursuant to CTC Resolution G-19-01, Section 2.5
A76: 02-0J730 | B76: 0219000154 | C76: 3766 | D76: MOD | E76: 299 | F76: 56.7 | G76: 58 | H76: IN MODOC CO IN AND NEAR CEDARVILLE FROM 0.2 MILE WOF PATTERSON ST TO 0.6 MILE E OF HAYS ST. | I76: SHOPP | J76: 5 | K76: N | L76: 25/26 | M76: 277000 | N76: 169941 | O76: =N76-M76 -> -107059 | P76: 63000 | Q76: 146540.69 | R76: 146540.69 | S76: 0 | T76: 0 | U76: 0
A77: 02-0J760 | B77: 0219000157 | C77: 3768 | D77: TRI | E77: 003 | F77: 67.7 | G77: 85.06 | H77: IN TRINITY CO AT AND NEAR COFFEE CREEK FROM COFFEE CREEK BR TO SISKIYOU CO LINE. | I77: SHOPP | J77: 5 | K77: N | L77: 24/25 | M77: 657000 | N77: 56924 | O77: =N77-M77 -> -600076 | P77: 40000 | Q77: 41908.25 | R77: 41908.25 | S77: 0 | T77: 0 | U77: 0
A78: 02-0J790 | B78: 0219000161 | C78: 3770 | D78: TRI | E78: 299 | F78: 11.3 | G78: 11.8 | H78: IN TRINITY CO AT AND NEAR BURNT RANCH FROM 0.8 MI E OF HENNESSEY RD TO 1.4 MI E OF HENNESSEY RD. | I78: STIP | J78: 1/2 | K78: N | L78: 25/26 | M78: 78000 | N78: 5200 | O78: =N78-M78 -> -72800 | P78: 57000 | Q78: 5200 | R78: 4000 | S78: 1200 | T78: 0 | U78: 0 | V78: Commitments during the PA&ED phase are made pursuant to CTC Resolution G-19-01, Section 2.5
A79: 02-0J810 | B79: 0219000164 | C79: 3777 | D79: SHA | E79: 5 | F79: 58 | G79: 67 | H79: IN SHASTA AND SISKIYOU CO AT AND NEAR DUNSMUIR FROM 0.6 MI N OF SIMS RD UC TO 0.2 MI S OF SISKIYOU AVE OC. | I79: SHOPP | J79: 5/6 | K79: N | L79: 25/26 | M79: 415000 | N79: 25966 | O79: =N79-M79 -> -389034 | P79: 44000 | Q79: 23049.25 | R79: 19942.25 | S79: 3107 | T79: 0 | U79: 0 | V79: Commitments during the PA&ED phase are made pursuant to CTC Resolution G-19-01, Section 2.5
A80: 02-0J840 | B80: 0219000167 | C80: 3774 | D80: TEH | E80: 5 | F80: 42 | G80: 42 | H80: IN TEHAMA CO NEAR COTTONWOOD AT COTTONWOOD CREEK BR. | I80: SHOPP | J80: - | K80: N | L80: 24/25 | M80: 1684000 | N80: 0 | O80: =N80-M80 -> -1684000 | P80: 1435000 | Q80: 0 | R80: 0 | S80: 0 | T80: 0 | U80: 0
A81: 02-0J850 | B81: 0219000168 | C81: 3773 | D81: SIS | E81: 089 | F81: 20.3 | G81: 34.62 | H81: IN SISKIYOU CO AT AND NEAR MCCLOUD FROM 0.8 MILE S OF MUD CREEK BR TO RTE 5. | I81: SHOPP | J81: 5 | K81: N | L81: 24/25 | M81: 108000 | N81: 12009 | O81: =N81-M81 -> -95991 | P81: 14000 | Q81: 8000 | R81: 8000 | S81: 0 | T81: 0 | U81: 0
A82: 02-0K890 | B82: 0224000016 | C82: 3902 | D82: TEH | E82: 36 | F82: 81.6 | G82: 83.4 | H82: IN TEHAMA CO AT AND NEAR MINERAL 0.1 MILE E OF BATTLE CREEK BR TO 0.3 MILE E OF RTE 172. RPH 9/19/23 | I82: SHOPP | J82: 5 | K82: N | L82: 25/26 | M82: 346000 | N82: 48383 | O82: =N82-M82 -> -297617 | P82: 17000 | Q82: 48383.25 | R82: 48383.25 | S82: 0 | T82: 0 | U82: 0
A83: 02-1H360 | B83: 0216000040 | C83: 3629 | D83: SIS | E83: 096 | F83: 76.8 | G83: 78 | H83: IN SISKIYOU CO NEAR HORSE CREEK FROM 0.4 MILE WOF KLAMATH RIVER BR TO 2 MILES WOF KOHL CREEK. | I83: SHOPP | J83: - | K83: N | L83: 23/24 | M83: 993000 | N83: 676873 | O83: =N83-M83 -> -316127 | P83: 53000 | Q83: 0 | R83: 0 | S83: 0 | T83: 0 | U83: 0
A84: 02-1H580 | B84: 0216000024 | C84: 3619 | D84: PLU | E84: 070 | F84: 58.2 | G84: 78.4 | H84: IN PLUMAS CO AT AND NEAR CROMBERG FROM GILL RANCH RD TO 0.2 MILE WOF BIG GRIZZLY CREEK BR. | I84: SHOPP | J84: - | K84: N | L84: 21/22 | M84: 911000 | N84: 715988 | O84: =N84-M84 -> -195012 | P84: 64000 | Q84: 0 | R84: 0 | S84: 0 | T84: 0 | U84: 0
A85: 02-1J290 | B85: 0220000055 | C85: 3784 | D85: SHA | E85: 299 | F85: 88.1 | G85: 89.5 | H85: IN SHASTA CO NEAR FALL RIVER MILLS FROM 2.7 MILES WOF FALL RIVER GOLF RD TO 1.2 MILES WOF FALL RIVER GOLF RD. | I85: SHOPP | J85: 5/7 | K85: Y | L85: 24/25 | M85: 26000 | N85: 27668 | O85: =N85-M85 -> 1668 | P85: 21000 | Q85: 17318.41 | R85: 15650.41 | S85: 0 | T85: 1668 | U85: 0 | V85: Commitments exceeding the programmed amount are managed within the fund reservation established in the CTC adopted Fund Estimate
A86: 02-1J310 | B86: 0220000057 | C86: 3791 | D86: SHA | E86: 44 | F86: 26.8 | G86: 71.3 | H86: IN SHASTA CO AT VARIOUS LOCATIONS FROM 0.3 MI E OF SHINGLETOWN RIDGE RD TO LASSEN CO LINE. | I86: SHOPP | J86: 5 | K86: N | L86: 25/26 | M86: 592000 | N86: 31250 | O86: =N86-M86 -> -560750 | P86: 13000 | Q86: 31250 | R86: 31250 | S86: 0 | T86: 0 | U86: 0
A87: 02-1J320 | B87: 0220000058 | C87: 3786 | D87: LAS | E87: 299 | F87: 0 | G87: 0 | H87: IN LASSEN CO AT AND NEAR BIEBER AT PIT RIVER OVERFLOW BR #07-0005 AND AT PIT RIVER BR #07-0007. (DELETED PROJECT.) | I87: SHOPP | J87: 7 | K87: Y | L87: - | M87: 0 | N87: 4212 | O87: =N87-M87 -> 4212 | P87: 15000 | Q87: 4212 | R87: 0 | S87: 0 | T87: 4212 | U87: 0 | V87: Commitments exceeding the programmed amount are managed within the fund reservation established in the CTC adopted Fund Estimate
A88: 02-1J330 | B88: 0220000059 | C88: 3785 | D88: SIS | E88: 263 | F88: 54.5 | G88: 56.3 | H88: IN SISKIYOU CO NEAR YREKA AT DRY GULCH BR #02-0012 AND AT SHASTA RIVER BR #02-0014 | I88: SHOPP | J88: - | K88: N | L88: 26/27 | M88: 54000 | N88: 0 | O88: =N88-M88 -> -54000 | P88: 27000 | Q88: 0 | R88: 0 | S88: 0 | T88: 0 | U88: 0
A89: 02-1J350 | B89: 0220000061 | C89: 3789 | D89: SHA | E89: 299 | F89: 41.1 | G89: 55.3 | H89: IN SHASTA CO AT VARIOUS LOCATIONS FROM 0.5 MILE WOF SEAMANS GULCH RD TO 0.1 MILE WOF FENDERS FERRY RD. | I89: SHOPP | J89: 5 | K89: N | L89: 25/26 | M89: 496000 | N89: 126020 | O89: =N89-M89 -> -369980 | P89: 122000 | Q89: 126020 | R89: 126020 | S89: 0 | T89: 0 | U89: 0
A90: 02-1J360 | B90: 0220000062 | C90: 3787 | D90: LAS | E90: 395 | F90: 5.6 | G90: 20 | H90: IN LASSEN CO NEAR HALLELUJAH JUNCTION FROM 1.0 MILE N OF RTE 70 TO 1.3 MILES S OF LONG VALLEY CREEK OVERFLOW BR 07-0052. | I90: SHOPP | J90: 6 | K90: N | L90: 26/27 | M90: 135000 | N90: 227 | O90: =N90-M90 -> -134773 | P90: 0 | Q90: 227.15 | R90: 0 | S90: 227.15 | T90: 0 | U90: 0 | V90: Commitments during the PA&ED phase are made pursuant to CTC Resolution G-19-01, Section 2.5
A91: 02-1J380 | B91: 0220000064 | C91: 3790 | D91: SHA | E91: 005 | F91: 14.8 | G91: 20 | H91: IN SHASTA CO IN REDDING FROM 0.3 MILE N OF CYPRESS AVE UC TO 0.6 MILE N OF OASIS RD OC. | I91: SHOPP | J91: 5 | K91: N | L91: 24/25 | M91: 356000 | N91: 13817 | O91: =N91-M91 -> -342183 | P91: 125000 | Q91: 7300 | R91: 7300 | S91: 0 | T91: 0 | U91: 0
A92: 02-1J390 | B92: 0220000065 | C92: 3792 | D92: SHA | E92: 005 | F92: 20.3 | G92: 27.9 | H92: IN SHASTA CO AT VARIOUS LOCATIONS FROM 0.5 MILE S OF SALT CREEK BR TO 0.3 MILE N OF BR BAY OC. | I92: SHOPP | J92: 5/6 | K92: N | L92: 25/26 | M92: 644000 | N92: 135770 | O92: =N92-M92 -> -508230 | P92: 11000 | Q92: 133615.75 | R92: 87555.75 | S92: 46060 | T92: 0 | U92: 0 | V92: Commitments during the PA&ED phase are made pursuant to CTC Resolution G-19-01, Section 2.5
A93: 02-1J750 | B93: 0220000124 | C93: 3803 | D93: LAS | E93: 036 | F93: 14.5 | G93: 16.8 | H93: IN LASSEN CO ABOUT 9 MILES WOF SUSANVILLE FROM 1.2 MILES WTO 1.2 MILES E OF WILLARD CREEK RD. | I93: SHOPP | J93: 5 | K93: N | L93: 23/24 | M93: 206000 | N93: 164798 | O93: =N93-M93 -> -41202 | P93: 56000 | Q93: 92990 | R93: 92990 | S93: 0 | T93: 0 | U93: 0
A94: 02-1J870 | B94: 0221000004 | C94: 3805 | D94: SIS | E94: 097 | F94: 20.21 | G94: 20.21 | H94: IN SISKIYOU CO ABOUT 20.2 MILES S OF MACDOEL AT GRASS LAKE MAINTENANCE STATION. | I94: SHOPP | J94: 5 | K94: N | L94: 24/25 | M94: 60000 | N94: 2096 | O94: =N94-M94 -> -57904 | P94: 6000 | Q94: 1500 | R94: 1500 | S94: 0 | T94: 0 | U94: 0
A95: 02-1J890 | B95: 0221000006 | C95: 3806 | D95: SHA | E95: 5 | F95: 30.5 | G95: 31 | H95: IN SHASTA CO NEAR O'BRIEN FROM 0.1 MILE S OF TUNNEL GULCH VIADUCT TO THE O'BRIEN REST AREA. JC 11/03/23 | I95: SHOPP | J95: - | K95: N | L95: 24/25 | M95: 7000 | N95: 0 | O95: =N95-M95 -> -7000 | P95: 6000 | Q95: 0 | R95: 0 | S95: 0 | T95: 0 | U95: 0
A96: 02-1K480 | B96: 0224000114 | C96: 3918 | D96: PLU | E96: 070 | F96: 0 | G96: 33 | H96: IN BUTTE AND PLUMAS CO AT AND NEAR PULGA FROM 0.2 MILE W OF DEADWOOD RD TO INDIAN CREEK BR. | I96: SHOPP | J96: 5 | K96: N | L96: 23/24 | M96: 100000 | N96: 8928 | O96: =N96-M96 -> -91072 | P96: 0 | Q96: 8928 | R96: 8928 | S96: 0 | T96: 0 | U96: 0 | V96: Emergency opening delegated under CTC Resolution G-11, as amended by G-11-16
A97: 02-2J210 | B97: 0221000042 | C97: 3817 | D97: SIS | E97: 5 | F97: 58.2 | G97: 69.2 | H97: IN SISKIYOU CO NEAR HORNBROOK FROM KLAMATH RIVER BR AND SEPARATION NO. 02-0134R TO OREGON STATE LINE. | I97: SHOPP | J97: - | K97: N | L97: 26/27 | M97: 149000 | N97: 0 | O97: =N97-M97 -> -149000 | P97: 24000 | Q97: 0 | R97: 0 | S97: 0 | T97: 0 | U97: 0
A98: 02-2J600 | B98: 0221000116 | C98: 3826 | D98: SHA | E98: VAR | F98: 0 | G98: 0 | H98: IN SHASTA COUNTY AT VARIOUS LOCATIONS. | I98: SHOPP | J98: 6 | K98: N | L98: 27/28 | M98: 533000 | N98: 50000 | O98: =N98-M98 -> -483000 | P98: 0 | Q98: 50000 | R98: 0 | S98: 50000 | T98: 0 | U98: 0 | V98: Commitments during the PA&ED phase are made pursuant to CTC Resolution G-19-01, Section 2.5
A99: 02-2J650 | B99: 0221000121 | C99: 3825 | D99: SIS | E99: 096 | F99: 52.5 | G99: 52.5 | H99: IN SISKIYOU CO ABOUT 11 MILES E OF HAPPY CAMP AT THOMPSON CREEK BR. | I99: SHOPP | J99: - | K99: N | L99: 25/26 | M99: 54000 | N99: 0 | O99: =N99-M99 -> -54000 | P99: 21000 | Q99: 0 | R99: 0 | S99: 0 | T99: 0 | U99: 0
A100: 02-2J730 | B100: 0221000129 | C100: 3839 | D100: MOD | E100: 395 | F100: 47 | G100: 61.5 | H100: IN MODOC CO ABOUT 24 MILES N OF ALTURAS FROM 4.2 MILES N OF W SIDE RD TO OREGON STATE LINE. | I100: SHOPP | J100: - | K100: N | L100: 26/27 | M100: 406000 | N100: 0 | O100: =N100-M100 -> -406000 | P100: 11000 | Q100: 0 | R100: 0 | S100: 0 | T100: 0 | U100: 0
...

Sheet FY24-25 Reimbursed Allocation
A1: Dist-EA | B1: EFIS ID or Project ID | C1: PPNO | D1: CO | E1: RTE | F1: Back Post Mile | G1: Ahead Post Mile | H1: Project Description | I1: Total Reimbursed R/W Capital Budget in AMS | J1: Total Reimbursed R/W Capital Project Encumbrances and Expenditures as of 12/16/24 | L1: FY 2023-2024 STIP/SHOPP CTC Annual Allocation Amount | M1: FY 2024-2025 Commitments as of 12/16/24 | N1: Revised FY 2024-2025 Allocation Request MUST INCLUDE AMOUNT SPENT TO DATE AND REMAINING NEED (include pre-encumbrances) | O1: Comments
A2: 02-2H600 | B2: 0216000150 | C2: 3743 | D2: SHA | E2: 299 | F2: 18.6 | G2: 19 | H2: IN SHASTA CO IN SHASTA FROM 2ND ST TO MIDDLE CREEK RD | I2: 0 | J2: 0 | L2: 34000 | M2: 0
A3: 03-4H580 | B3: 0318000336 | C3: 5860 | D3: SAC | E3: 005 | F3: 22.4 | G3: 34.4 | H3: IN SACRAMENTO COUNTY ON I-5 FROM I-5/US 50 INTERCHANGE TO SACRAMENTO RIVER BRIDGE (BR#22-0025). | I3: 70000 | J3: 76006 | L3: 0 | M3: 75750
A4: 04-1Q761 | B4: 0419000255 | C4: - | D4: SOL | E4: 037 | F4: 0 | G4: 7.4 | H4: N SONOMA, NAPA, AND SOLANO COUNTIES; FROM 0.25 MILES WEST OF SR 121 TO 0.25 MILES EAST OF WALNUT AVENUE OVERCROSSING | I4: 1000000 | J4: 12750 | L4: 0 | M4: 12500
A5: 04-3G900 | B5: 0412000557 | C5: 2031J | D5: SON | E5: 121 | F5: 6.5 | G5: 7 | H5: IN SONOMA CO ON RTE 116 AT RTE 116/121 JNCTN AND ON RTE 121 FR 0.2 MI S TO 0.3 MI E OF RTE 116/121 JNCTN | I5: 4764500 | J5: 900611 | L5: 267000 | M5: 0
A6: 04-26473 | B6: 0419000069 | C6: - | D6: MRN | E6: 101 | F6: 24 | G6: 27.5 | H6: IN MARIN CO, FROM 2.0 MI N OF ATHERTON AVE. OC TO 0.1 MI S | I6: 2986500 | J6: 288200 | L6: 2700000 | M6: 10800
A7: 04-4A130 | B7: 0400001106 | C7: 0785C | D7: SON | E7: 101 | F7: 18.5 | G7: 18.5 | H7: IN SONOMA COUNTY IN SANTA ROSA AT HEARN AVENUE OVERCROSSING | I7: 581000 | J7: 496153 | L7: 0 | M7: 54069
A8: 05-0N702 | B8: 0518000113 | C8: 7101D | D8: SB | E8: 101 | F8: 4.4 | G8: 7.7 | H8: IN SANTA BARBARA CO, NEAR CARPINTERIA AND SUMMERLAND, FR 0.9 MI S OF S PADARO LN UC TO 0.6 MI N OF PADARO LN OC | I8: 5042000 | J8: 265230 | L8: 2000 | M8: 0
A9: 06-0G900 | B9: 0600000112 | C9: 6606 | D9: MAD | E9: 041 | F9: 11.7 | G9: 13.4 | H9: IN MADERA CO NEAR COARSEGOLD FR 0.3 MI N OF RD 208 TO 2.0 MI N OF RD 208 | I9: 3147000 | J9: 907735 | L9: 1500000 | M9: 0
A10: 06-0H220 | B10: 0612000158 | C10: 6297 | D10: MAD | E10: 099 | F10: 0.1 | G10: 8.1 | H10: NEAR MADERA FROM 0.7 MI N OF AVE 7 TO AVE 12 | I10: 9000 | J10: 1583 | L10: 5000 | M10: 804
A11: 06-0H240 | B11: 0600020559 | C11: 6288 | D11: FRE | E11: 099 | F11: 15.8 | G11: 17.6 | H11: IN FRESNO FROM CENTRAL AVE OC TO 0.4 MI N OF NORTH AVE | I11: 8100000 | J11: 368834 | L11: 313000 | M11: 0
A12: 06-0H241 | B12: 0622000006 | C12: 6228A | D12: FRE | E12: 099 | F12: 14.1 | G12: 15.8 | H12: IN AND NEAR FRESO N FR 0.4 MI S OF AMERICAN AVE TO CENTRAL AVE OC | I12: 2400000 | J12: 24580 | L12: 2400000 | M12: 0
A13: 06-0P910 | B13: 0612000307 | C13: 6642 | D13: MAD | E13: 099 | F13: 26.3 | G13: 26.8 | H13: AT RTE 99/233 SEPARATION IN MADERA CO FROM 2.6 MI N OF AVE 24 OC TO 1.3 MI S OF LE GRANDE AVE OC | I13: 2411000 | J13: 12000 | L13: 118000 | M13: 0
A14: 06-0X951 | B14: 0622000038 | C14: 7031A | D14: KIN | E14: 041 | F14: 16.8 | G14: 17 | H14: IN KINGS CO, ON RTE 41 FR 0.1 MI N OF BERNARD DR TO 0.3 MI N OF BERNARD DR | I14: 101000 | J14: 180 | L14: 284000 | M14: 0
A15: 06-2HT10 | B15: 0612000287 | C15: 6656 | D15: FRE | E15: 099 | F15: 23.7 | G15: 26.2 | H15: IN THE CITY OF FRESNO, ON ROUTE 99 FROM CLINTON AVENUE TO ASHLAN AVENUE | I15: 50534932 | J15: 47022782 | L15: 0 | M15: 1681608
A16: 06-3HT05 | B16: 0622000059 | C16: - | D16: KER | E16: 046 | F16: 50.8 | G16: 51.4 | H16: IN WASCO FROM 0.3 MI WEST OF BNSF UNDERPASS TO 0.2 MI EAST OF BNSF UNDERPASS OF SR 46. | I16: 10000000 | J16: 5592354.6 | L16: 0 | M16: 3781500
A17: 06-39460 | B17: 0600020595 | C17: 2184 | D17: FRE | E17: 269 | F17: 10.7 | G17: 12.3 | H17: NEAR HURON ON RTE 269 FR 1.1 MI N OF PALMER AVE TO 0.4 MI S OF RTE 198 | I17: 1320000 | J17: 760065 | L17: 1000 | M17: 0
A18: 07-1218W | B18: 0700021119 | C18: 3985 | D18: LA | E18: 005 | F18: 29.4 | G18: 31.6 | H18: IN BURBANK FROM WEST MAGNOLIA BOULEVARD OVERCROSSING TO 0.3 MILE NORTH OF BUENA VISTA STREET/WINONA AVENUE UNDERCROSSING | I18: 33500000 | J18: 22923497 | L18: 0 | M18: 24632
A19: 07-2159U | B19: 0715000160 | C19: 2808 | D19: LA | E19: 005 | F19: 0 | G19: 1.5 | H19: IN LA MIRADA AND SANTA FE SPRINGS, FROM ARTESIA BLVD TO NORTH FORK COYOTE CREEK | I19: 51251037 | J19: 51198739 | L19: 0 | M19: 78101
A20: 07-29360 | B20: 0713000238 | C20: 4551 | D20: LA | E20: 405 | F20: 14.3 | G20: 15.8 | H20: IN LA CO, IN TORRANCE, FR WESTERN AVE UC TO 182ND ST UC | I20: 10332230 | J20: 1245686 | L20: 2772000 | M20: 0
A21: 07-307N0 | B21: 0722000189 | C21: - | D21: LA | E21: 101 | F21: 32.8 | G21: 33.8 | H21: LA CO, RTE 101 WILDLIFE CROSSING @ LIBERTY CANYON AT OR IN THE VICINITY OF LIBERTY WILDLIFE HABITAT | I21: 16847000 | J21: 601397 | L21: 4000000 | M21: 7397
A22: 10-1M290 | B22: 1016000038 | C22: 3162A | D22: SJ | E22: VAR | F22: 0 | G22: 0 | H22: IN SAN JOAQUIN CO IN MANTECA AT THE SR99/12 INTERCHANGE | I22: 904000 | J22: 887215 | L22: 10000 | M22: 400000
A23: 10-1Q090 | B23: 1022000238 | C23: - | D23: ALP | E23: 089 | F23: 21.3 | G23: 23.9 | H23: STAND ALONE PROJECT TO INSTALL BROADBAND MIDDLE MILES NETWORK IN ALPINE COUNTY ON STATE ROUTE 89 PM 21.376/23.972 | I23: 42000 | J23: 5580 | L23: 0 | M23: 5444
A24: 11-14665 | B24: 1100000078 | C24: 356 | D24: SD | E24: 094 | F24: 10.3 | G24: 11.8 | H24: IN SD CTY IN AND NEAR LA MESA ON RTE 94 FROM SPRING ST UC TO KENWOOD DR UC AND ON RTE 125 FROM SPRING ST UC TO 0.1 MI N OF MURRAY DR UC. | I24: 1708500 | J24: 152221 | L24: 958000 | M24: 7857
A25: 11-2E154 | B25: 1119000022 | C25: - | D25: SD | E25: 005 | F25: 34.7 | G25: 36.3 | H25: IN SDC IN SD FROM 0.6 MI N OF DEL MAR HEIGHTS RD OC TO VILLA DE LA VALLE UC. | I25: 8144209 | J25: 8089934 | L25: 44000 | M25: 1000
A26: 11-2T170 | B26: 1100000757 | C26: 0651B | D26: SD | E26: 005 | F26: 37.5 | G26: 51.4 | H26: IN SAN DIEGO CO FR. 0.2 KM N OF END BR 57-479 TO 0.3 KM N OF JCT 78. CONSTRUCT SOUNDWALLS IN THE NB & SB DIRECTIONS. | I26: 4537060 | J26: 2486438 | L26: 579000 | M26: 61474
A27: 11-2T171 | B27: 1100000758 | C27: 0615C | D27: SD | E27: 005 | F27: 37.5 | G27: 51.4 | H27: IN SAN DIEGO CO. FROM 0.2 KM N END OF BR 57-479 TO 0.3 KM N OF THE I-5/SR-78 JNCTN. CONSTRUCT AN HOV LN IN THE NB & SB DIRECTIONS PM 37.5/51.4 | I27: 336000 | J27: 106416 | L27: 86000 | M27: 0
A28: 11-2T172 | B28: 1100020362 | C28: 0615C | D28: SD | E28: 005 | F28: 37.5 | G28: 39.6 | H28: IN THE CITIES OF SOLANA BEACH AND ENCINITAS FR 0.1 MI N OF LOMAS SANTA FE DR. UC TO BIRMINGHAM DR. OC | I28: 19859015 | J28: 16697968 | L28: 1160000 | M28: 63603
A29: 11-2T212 | B29: 1114000060 | C29: 0615C | D29: SD | E29: 005 | F29: 37.4 | G29: 52.6 | H29: IN SD CO AT VAR LOCATIONS FROM LOMAS SANTA FE UC TO 0.2 MI N OF OCEANSIDE BLVD UC | I29: 22815 | J29: 20415 | L29: 2000 | M29: 0
A30: 11-2T366 | B30: 1122000079 | C30: 1500 | D30: SD | E30: 805 | F30: 12.6 | G30: 15.9 | H30: IN SDC IN SD FROM GREENWOOD UNDERPASS TO UNIVERSITY AVE OVERCROSSING | I30: 130000 | J30: 61700 | L30: 0 | M30: 52400
A31: 11-4B023 | B31: 1123000028 | C31: - | D31: SD | E31: 005 | F31: 4.6 | G31: 16.1 | H31: IN SAN DIEGO COUNTY ON I-5 FROM SR 75 TO SR 163 | I31: 76000 | J31: 70000 | L31: 0 | M31: 70000
A32: 11-05634 | B32: 1100020521 | C32: 0999C | D32: SD | E32: 011 | F32: 2.4 | G32: 2.8 | H32: IN SD CO NEAR SD ON RTE 11 FROM 2.4 MI E OF SANYO AVE UC TO MEXICO BORDER | I32: 28919632 | J32: 25942688 | L32: 464000 | M32: 0
A33: 12-0K870 | B33: 1200020230 | C33: 5241A | D33: ORA | E33: 605 | F33: 1.1 | G33: 1.6 | H33: IN ORANGE CO IN BUENA PARK FROM AUTO CENTER DR TO CRAIG AVE | I33: 2136800 | J33: 1812541 | L33: 58000 | M33: 9608
A34: 12-0M970 | B34: 1213000099 | C34: 3751A | D34: ORA | E34: 057 | F34: 11.5 | G34: 12.5 | H34: IN ORANGE CO IN ANAHEIM FROM ORANGEWOOD AVE TO KATELLA AVE | I34: 2500000 | J34: 83300 | L34: 1503000 | M34: 82800
A35: 12-0K720 | B35: 1213000149 | C35: 3505 | D35: ORA | E35: 055 | F35: 10.5 | G35: 17.8 | H35: IN ORANGE CO IN TUSTIN, SANTA ANA, ORANGE AND ANAHEIM FROM I-5 to SR-91 | I35: 5025000 | J35: 0 | L35: 1257000 | M35: 0
A36: 12-0P940 | B36: 1216000059 | C36: 4794 | D36: ORA | E36: 133 | F36: 3.3 | G36: 4.1 | H36: IN ORANGE CO IN LAGUNA BEACH FR EL TORO RD TO SR 73 | I36: 2509000 | J36: 1093950 | L36: 776000 | M36: 0
L37: =SUBTOTAL(9,L2:L36) -> 21293000 | M37: =SUM(M2:M36) -> 6481347

Sheet FY24 Fund Reservation
A1: Dist-EA | B1: Project ID | C1: FY23-24 Sub-Allocation | D1: Amount of FY23-24 Sub-Allocation Identified for Fund Reservation
A2: 01-0A111 | B2: 0116000148 | C2: =INDEX('FY24-25 STIP-SHOPP Allocation '!P:P,MATCH('FY24 Fund Reservation'!B2,'FY24-25 STIP-SHOPP Allocation '!B:B,0)) -> 1064000 | D2: =INDEX('FY24-25 STIP-SHOPP Allocation '!#REF!,MATCH('FY24 Fund Reservation'!B2,'FY24-25 STIP-SHOPP Allocation '!B:B,0)) -> #REF!
A3: 01-0A131 | B3: 0117000223 | C3: =INDEX('FY24-25 STIP-SHOPP Allocation '!P:P,MATCH('FY24 Fund Reservation'!B3,'FY24-25 STIP-SHOPP Allocation '!B:B,0)) -> 23000 | D3: =INDEX('FY24-25 STIP-SHOPP Allocation '!#REF!,MATCH('FY24 Fund Reservation'!B3,'FY24-25 STIP-SHOPP Allocation '!B:B,0)) -> #REF!
A4: 01-0C720 | B4: 0113000032 | C4: =INDEX('FY24-25 STIP-SHOPP Allocation '!P:P,MATCH('FY24 Fund Reservation'!B4,'FY24-25 STIP-SHOPP Allocation '!B:B,0)) -> 272000 | D4: =INDEX('FY24-25 STIP-SHOPP Allocation '!#REF!,MATCH('FY24 Fund Reservation'!B4,'FY24-25 STIP-SHOPP Allocation '!B:B,0)) -> #REF!
A5: 01-0E010 | B5: 0113000090 | C5: =INDEX('FY24-25 STIP-SHOPP Allocation '!P:P,MATCH('FY24 Fund Reservation'!B5,'FY24-25 STIP-SHOPP Allocation '!B:B,0)) -> 223000 | D5: =INDEX('FY24-25 STIP-SHOPP Allocation '!#REF!,MATCH('FY24 Fund Reservation'!B5,'FY24-25 STIP-SHOPP Allocation '!B:B,0)) -> #REF!
A6: 01-0E110 | B6: 0113000125 | C6: =INDEX('FY24-25 STIP-SHOPP Allocation '!P:P,MATCH('FY24 Fund Reservation'!B6,'FY24-25 STIP-SHOPP Allocation '!B:B,0)) -> 664000 | D6: =INDEX('FY24-25 STIP-SHOPP Allocation '!#REF!,MATCH('FY24 Fund Reservation'!B6,'FY24-25 STIP-SHOPP Allocation '!B:B,0)) -> #REF!
A7: 01-0E720 | B7: 0115000003 | C7: =INDEX('FY24-25 STIP-SHOPP Allocation '!P:P,MATCH('FY24 Fund Reservation'!B7,'FY24-25 STIP-SHOPP Allocation '!B:B,0)) -> 378000 | D7: =INDEX('FY24-25 STIP-SHOPP Allocation '!#REF!,MATCH('FY24 Fund Reservation'!B7,'FY24-25 STIP-SHOPP Allocation '!B:B,0)) -> #REF!
A8: 01-0E730 | B8: 0115000004 | C8: =INDEX('FY24-25 STIP-SHOPP Allocation '!P:P,MATCH('FY24 Fund Reservation'!B8,'FY24-25 STIP-SHOPP Allocation '!B:B,0)) -> 634000 | D8: =INDEX('FY24-25 STIP-SHOPP Allocation '!#REF!,MATCH('FY24 Fund Reservation'!B8,'FY24-25 STIP-SHOPP Allocation '!B:B,0)) -> #REF!
A9: 01-0F160 | B9: 0115000076 | C9: =INDEX('FY24-25 STIP-SHOPP Allocation '!P:P,MATCH('FY24 Fund Reservation'!B9,'FY24-25 STIP-SHOPP Allocation '!B:B,0)) -> #N/A | D9: =INDEX('FY24-25 STIP-SHOPP Allocation '!#REF!,MATCH('FY24 Fund Reservation'!B9,'FY24-25 STIP-SHOPP Allocation '!B:B,0)) -> #REF!
A10: 01-0F710 | B10: 0116000047 | C10: =INDEX('FY24-25 STIP-SHOPP Allocation '!P:P,MATCH('FY24 Fund Reservation'!B10,'FY24-25 STIP-SHOPP Allocation '!B:B,0)) -> 597000 | D10: =INDEX('FY24-25 STIP-SHOPP Allocation '!#REF!,MATCH('FY24 Fund Reservation'!B10,'FY24-25 STIP-SHOPP Allocation '!B:B,0)) -> #REF!
A11: 01-0G330 | B11: 0116000170 | C11: =INDEX('FY24-25 STIP-SHOPP Allocation '!P:P,MATCH('FY24 Fund Reservation'!B11,'FY24-25 STIP-SHOPP Allocation '!B:B,0)) -> 165000 | D11: =INDEX('FY24-25 STIP-SHOPP Allocation '!#REF!,MATCH('FY24 Fund Reservation'!B11,'FY24-25 STIP-SHOPP Allocation '!B:B,0)) -> #REF!
A12: 01-0G600 | B12: 0117000026 | C12: =INDEX('FY24-25 STIP-SHOPP Allocation '!P:P,MATCH('FY24 Fund Reservation'!B12,'FY24-25 STIP-SHOPP Allocation '!B:B,0)) -> #N/A | D12: =INDEX('FY24-25 STIP-SHOPP Allocation '!#REF!,MATCH('FY24 Fund Reservation'!B12,'FY24-25 STIP-SHOPP Allocation '!B:B,0)) -> #REF!
A13: 01-0H140 | B13: 0117000115 | C13: =INDEX('FY24-25 STIP-SHOPP Allocation '!P:P,MATCH('FY24 Fund Reservation'!B13,'FY24-25 STIP-SHOPP Allocation '!B:B,0)) -> 317000 | D13: =INDEX('FY24-25 STIP-SHOPP Allocation '!#REF!,MATCH('FY24 Fund Reservation'!B13,'FY24-25 STIP-SHOPP Allocation '!B:B,0)) -> #REF!
... A473: 08-1J270 | B473: 0818000014 | C473: =INDEX('FY24-25 STIP-SHOPP Allocation '!P:P,MATCH('FY24 Fund Reservation'!B473,'FY24-25 STIP-SHOPP Allocation '!B:B,0)) -> 228000 | D473: =INDEX('FY24-25 STIP-SHOPP Allocation '!#REF!,MATCH('FY24 Fund Reservation'!B473,'FY24-25 STIP-SHOPP Allocation '!B:B,0)) -> #REF!
A474: 08-1J280 | B474: 818000013 | C474: =INDEX('FY24-25 STIP-SHOPP Allocation '!P:P,MATCH('FY24 Fund Reservation'!B474,'FY24-25 STIP-SHOPP Allocation '!B:B,0)) -> #N/A | D474: =INDEX('FY24-25 STIP-SHOPP Allocation '!#REF!,MATCH('FY24 Fund Reservation'!B474,'FY24-25 STIP-SHOPP Allocation '!B:B,0)) -> #REF!
A475: 08-1J290 | B475: 0818000015 | C475: =INDEX('FY24-25 STIP-SHOPP Allocation '!P:P,MATCH('FY24 Fund Reservation'!B475,'FY24-25 STIP-SHOPP Allocation '!B:B,0)) -> #N/A | D475: =INDEX('FY24-25 STIP-SHOPP Allocation '!#REF!,MATCH('FY24 Fund Reservation'!B475,'FY24-25 STIP-SHOPP Allocation '!B:B,0)) -> #REF!
A476: 08-1J300 | B476: 0818000016 | C476: =INDEX('FY24-25 STIP-SHOPP Allocation '!P:P,MATCH('FY24 Fund Reservation'!B476,'FY24-25 STIP-SHOPP Allocation '!B:B,0)) -> 156000 | D476: =INDEX('FY24-25 STIP-SHOPP Allocation '!#REF!,MATCH('FY24 Fund Reservation'!B476,'FY24-25 STIP-SHOPP Allocation '!B:B,0)) -> #REF!
A477: 08-1J310 | B477: 0818000018 | C477: =INDEX('FY24-25 STIP-SHOPP Allocation '!P:P,MATCH('FY24 Fund Reservation'!B477,'FY24-25 STIP-SHOPP Allocation '!B:B,0)) -> 53000 | D477: =INDEX('FY24-25 STIP-SHOPP Allocation '!#REF!,MATCH('FY24 Fund Reservation'!B477,'FY24-25 STIP-SHOPP Allocation '!B:B,0)) -> #REF!
A478: 08-1J320 | B478: 0818000017 | C478: =INDEX('FY24-25 STIP-SHOPP Allocation '!P:P,MATCH('FY24 Fund Reservation'!B478,'FY24-25 STIP-SHOPP Allocation '!B:B,0)) -> 318000 | D478: =INDEX('FY24-25 STIP-SHOPP Allocation '!#REF!,MATCH('FY24 Fund Reservation'!B478,'FY24-25 STIP-SHOPP Allocation '!B:B,0)) -> #REF!
A479: 08-1J330 | B479: 0818000019 | C479: =INDEX('FY24-25 STIP-SHOPP Allocation '!P:P,MATCH('FY24 Fund Reservation'!B479,'FY24-25 STIP-SHOPP Allocation '!B:B,0)) -> #N/A | D479: =INDEX('FY24-25 STIP-SHOPP Allocation '!#REF!,MATCH('FY24 Fund Reservation'!B479,'FY24-25 STIP-SHOPP Allocation '!B:B,0)) -> #REF!
A480: 08-1J450 | B480: 0818000043 | C480: =INDEX('FY24-25 STIP-SHOPP Allocation '!P:P,MATCH('FY24 Fund Reservation'!B480,'FY24-25 STIP-SHOPP Allocation '!B:B,0)) -> 157000 | D480: =INDEX('FY24-25 STIP-SHOPP Allocation '!#REF!,MATCH('FY24 Fund Reservation'!B480,'FY24-25 STIP-SHOPP Allocation '!B:B,0)) -> #REF!
A481: 08-1J470 | B481: 0818000055 | C481: =INDEX('FY24-25 STIP-SHOPP Allocation '!P:P,MATCH('FY24 Fund Reservation'!B481,'FY24-25 STIP-SHOPP Allocation '!B:B,0)) -> 27000 | D481: =INDEX('FY24-25 STIP-SHOPP Allocation '!#REF!,MATCH('FY24 Fund Reservation'!B481,'FY24-25 STIP-SHOPP Allocation '!B:B,0)) -> #REF!
A482: 08-1J540 | B482: 0818000069 | C482: =INDEX('FY24-25 STIP-SHOPP Allocation '!P:P,MATCH('FY24 Fund Reservation'!B482,'FY24-25 STIP-SHOPP Allocation '!B:B,0)) -> #N/A | D482: =INDEX('FY24-25 STIP-SHOPP Allocation '!#REF!,MATCH('FY24 Fund Reservation'!B482,'FY24-25 STIP-SHOPP Allocation '!B:B,0)) -> #REF!
A483: 08-1J610 | B483: 0818000102 | C483: =INDEX('FY24-25 STIP-SHOPP Allocation '!P:P,MATCH('FY24 Fund Reservation'!B483,'FY24-25 STIP-SHOPP Allocation '!B:B,0)) -> #N/A | D483: =INDEX('FY24-25 STIP-SHOPP Allocation '!#REF!,MATCH('FY24 Fund Reservation'!B483,'FY24-25 STIP-SHOPP Allocation '!B:B,0)) -> #REF!
A484: 08-1J640 | B484: 0818000088 | C484: =INDEX('FY24-25 STIP-SHOPP Allocation '!P:P,MATCH('FY24 Fund Reservation'!B484,'FY24-25 STIP-SHOPP Allocation '!B:B,0)) -> 30000 | D484: =INDEX('FY24-25 STIP-SHOPP Allocation '!#REF!,MATCH('FY24 Fund Reservation'!B484,'FY24-25 STIP-SHOPP Allocation '!B:B,0)) -> #REF!
A485: 08-1J650 | B485: 0818000089 | C485: =INDEX('FY24-25 STIP-SHOPP Allocation '!P:P,MATCH('FY24 Fund Reservation'!B485,'FY24-25 STIP-SHOPP Allocation '!B:B,0)) -> 41000 | D485: =INDEX('FY24-25 STIP-SHOPP Allocation '!#REF!,MATCH('FY24 Fund Reservation'!B485,'FY24-25 STIP-SHOPP Allocation '!B:B,0)) -> #REF!
A486: 08-1J680 | B486: 0818000094 | C486: =INDEX('FY24-25 STIP-SHOPP Allocation '!P:P,MATCH('FY24 Fund Reservation'!B486,'FY24-25 STIP-SHOPP Allocation '!B:B,0)) -> #N/A | D486: =INDEX('FY24-25 STIP-SHOPP Allocation '!#REF!,MATCH('FY24 Fund Reservation'!B486,'FY24-25 STIP-SHOPP Allocation '!B:B,0)) -> #REF!
... A613: 12-9RWIC | B613: 1218000032 | C613: =INDEX('FY24-25 STIP-SHOPP Allocation '!P:P,MATCH('FY24 Fund Reservation'!B613,'FY24-25 STIP-SHOPP Allocation '!B:B,0)) -> 249000 | D613: =INDEX('FY24-25 STIP-SHOPP Allocation '!#REF!,MATCH('FY24 Fund Reservation'!B613,'FY24-25 STIP-SHOPP Allocation '!B:B,0)) -> #REF!
B614: Subtotal | C614: =SUBTOTAL(9,C2:C613) -> #N/A | D614: =SUBTOTAL(9,D2:D613) -> #REF!

Sheet Eric- PA&ED 
A1: Project ID | B1: EA | C1: PRSM Status | D1: Fiscal Year | E1: CTIPS Funding Sources | F1: CTIPS STIP/SHOPP Amount | G1: Funding Sources | H1: Task Code | I1: M200 | J1: M225 | K1: M410 | L1: 050 Acq of Real Property (k$) | M1: 052 Est Damages to Excess Land (k$) | N1: 053 Int on Condmntn (k$) | O1: 059 Acq of Personal Prop (k$) | P1: 080 Real Prop Excess Lands Acq (k$) | Q1: 083 Early Acq (k$) | R1: 090 Condmntn Deposits (k$) | S1: 130 Jury Recording Reporter Fees Exp Condmntn (k$) | T1: 131 Expert Appraiser Witness Condmntn (k$) | U1: 034-Title & Escrow (k$) | V1: 042 Railroad (k$) | W1: 051 Pos Loc Util (k$) | X1: 054 ROW Util Reloc(k$) | Y1: 055 Reloc Asst(k$) | Z1: 056 CI or Demo (k$) | AA1: 060 Proj Spec Permit (k$) | AB1: 081 Mitigation (k$) | AC1: 088 Proj Permit FeesFed Inelig (k$) | AD1: 170 Claims Legal Payments Fed Inelig (k$) | AE1: 230 Jury Recording Reptr Fees Exp–IC-Fed Inelig (k$) | AF1: 231 Exp Appr/ Witness IC-Fed Inelig (k$) | AG1: 253 Interest on IC- Fed Inelig (k$) | AH1: Total | AI1: 050 Acq of Real Property (k$) | AJ1: 052 Est Damages to Excess Land (k$) | AK1: 053 Int on Condmntn (k$) | AL1: 059 Acq of Personal Prop (k$) | AM1: 080 Real Prop Excess Lands Acq (k$) | AN1: 083 Early Acq (k$) | AO1: 090 Condmntn Deposits (k$) | AP1: 130 Jury Recording Reporter Fees Exp Condmntn (k$) | AQ1: 131 Expert Appraiser Witness Condmntn (k$) | AR1: 034-Title & Escrow (k$) | AS1: 042 Railroad (k$) | AT1: 051 Pos Loc Util (k$) | AU1: 054 ROW Util Reloc(k$) | AV1: 055 Reloc Asst(k$) | AW1: 056 CI or Demo (k$) | AX1: 060 Proj Spec Permit (k$) | AY1: 081 Mitigation (k$) | AZ1: 088 Proj Permit FeesFed Inelig (k$) | BA1: 170 Claims Legal Payments Fed Inelig (k$) | BB1: 230 Jury Recording Reptr Fees Exp–IC-Fed Inelig (k$) | BC1: 231 Exp Appr/ Witness IC-Fed Inelig (k$) | BD1: 253 Interest on IC- Fed Inelig (k$) | BE1: Total | BF1: Comments
A2: 0100000154 | B2: 01-40110 | C2: APL | D2: 2024 | E2: 20.XX.201.2XX | F2: 8465000 | G2: 2020201.110 | H2: 1500 | I2: 45512 | J2: 45512 | K2: 46239 | L2: 0 | M2: 0 | N2: 0 | O2: 0 | P2: 0 | Q2: 0 | R2: 0 | S2: 0 | T2: 0 | U2: 0 | V2: 0 | W2: 0 | X2: 66 | Y2: 0 | Z2: 0 | AA2: 0 | AB2: 0 | AC2: 0 | AD2: 0 | AE2: 0 | AF2: 0 | AG2: 0 | AH2: =SUM(L2:AG2) -> 66 | AI2: 0 | AJ2: 0 | AK2: 0 | AL2: 0 | AM2: 0 | AN2: 0 | AO2: 0 | AP2: 0 | AQ2: 0 | AR2: 0 | AS2: 0 | AT2: 0 | AU2: 66 | AV2: 0 | AW2: 0 | AX2: 0 | AY2: 0 | AZ2: 0 | BA2: 0 | BB2: 0 | BC2: 0 | BD2: 0 | BE2: =SUM(AI2:BD2) -> 66
A3: 0100000155 | B3: 01-40140 | C3: APL | D3: 2024 | E3: 20.XX.201.2XX | F3: 6324000 | G3: 2020201.110 | H3: 1510 | I3: 46583 | J3: 46639 | K3: 47007 | L3: 354 | M3: 0 | N3: 0 | O3: 0 | P3: 0 | Q3: 0 | R3: 0 | S3: 0 | T3: 0 | U3: 3 | V3: 0 | W3: 0 | X3: 15 | Y3: 0 | Z3: 0 | AA3: 0 | AB3: 0 | AC3: 14 | AD3: 0 | AE3: 0 | AF3: 0 | AG3: 0 | AH3: =SUM(L3:AG3) -> 386 | AI3: 0 | AJ3: 0 | AK3: 0 | AL3: 0 | AM3: 0 | AN3: 0 | AO3: 0 | AP3: 0 | AQ3: 0 | AR3: 0 | AS3: 0 | AT3: 0 | AU3: 0 | AV3: 0 | AW3: 0 | AX3: 0 | AY3: 0 | AZ3: 0 | BA3: 0 | BB3: 0 | BC3: 0 | BD3: 0 | BE3: =SUM(AI3:BD3) -> 0 | BF3: PA&ED 2025 and later, deleted
A4: 0100000193 | B4: 01-43640 | C4: APL | D4: 2024 | E4: 20.XX.201.110 | F4: 6499000 | G4: 2020201.110 | H4: 1510 | I4: 43909 | J4: 43945 | K4: 44301 | L4: 0 | M4: 0 | N4: 0 | O4: 0 | P4: 0 | Q4: 0 | R4: 0 | S4: 0 | T4: 0 | U4: 0 | V4: 0 | W4: 0 | X4: 0 | Y4: 0 | Z4: 0 | AA4: 0 | AB4: 3726 | AC4: 0 | AD4: 0 | AE4: 0 | AF4: 0 | AG4: 0 | AH4: =SUM(L4:AG4) -> 3726 | AI4: 0 | AJ4: 0 | AK4: 0 | AL4: 0 | AM4: 0 | AN4: 0 | AO4: 0 | AP4: 0 | AQ4: 0 | AR4: 0 | AS4: 0 | AT4: 0 | AU4: 0 | AV4: 0 | AW4: 0 | AX4: 0 | AY4: 3726 | AZ4: 0 | BA4: 0 | BB4: 0 | BC4: 0 | BD4: 0 | BE4: =SUM(AI4:BD4) -> 3726
A5: 0100000266 | B5: 01-46480 | C5: APL | D5: 2024 | E5: 20.XX.201.310 | F5: 72000 | G5: 2020201.310 | H5: 1510 | I5: 44956 | J5: 45078 | K5: 45413 | L5: 0 | M5: 0 | N5: 0 | O5: 0 | P5: 0 | Q5: 0 | R5: 0 | S5: 0 | T5: 0 | U5: 0 | V5: 0 | W5: 0 | X5: 0 | Y5: 0 | Z5: 0 | AA5: 23 | AB5: 0 | AC5: 0 | AD5: 0 | AE5: 0 | AF5: 0 | AG5: 0 | AH5: =SUM(L5:AG5) -> 23 | AI5: 0 | AJ5: 0 | AK5: 0 | AL5: 0 | AM5: 0 | AN5: 0 | AO5: 0 | AP5: 0 | AQ5: 0 | AR5: 0 | AS5: 0 | AT5: 0 | AU5: 0 | AV5: 0 | AW5: 0 | AX5: 23 | AY5: 0 | AZ5: 0 | BA5: 0 | BB5: 0 | BC5: 0 | BD5: 0 | BE5: =SUM(AI5:BD5) -> 23
A6: 0113000032 | B6: 01-0C720 | C6: APL | D6: 2024 | E6: 20.XX.075.600 | F6: 390000 | G6: 2020025.700 | H6: 1510 | I6: 45120 | J6: 45120 | K6: 45715 | L6: 158 | U6: 15 | V6: 0 | W6: 0 | X6: 88 | Y6: 0 | Z6: 0 | AA6: 0 | AC6: 16 | AH6: =SUM(L6:AG6) -> 277 | AI6: 158 | AR6: 15 | AS6: 0 | AT6: 0 | AU6: 88 | AV6: 0 | AW6: 0 | AX6: 0 | AZ6: 16 | BE6: =SUM(AI6:BD6) -> 277
A7: 0113000090 | B7: 01-0E010 | C7: APL | D7: 2024 | E7: 20.XX.201.015 | F7: 3427000 | G7: 2020201.015 | H7: 1510 | I7: 44078 | J7: 44263 | K7: 44673 | L7: 146 | M7: 0 | N7: 0 | O7: 0 | P7: 0 | Q7: 0 | R7: 0 | S7: 0 | T7: 0 | U7: 0 | V7: 0 | W7: 0 | X7: 89 | Y7: 0 | Z7: 53 | AA7: 12 | AB7: 22 | AC7: 0 | AD7: 0 | AE7: 0 | AF7: 0 | AG7: 0 | AH7: =SUM(L7:AG7) -> 322 | AI7: 146 | AJ7: 0 | AK7: 0 | AL7: 0 | AM7: 0 | AN7: 0 | AO7: 0 | AP7: 0 | AQ7: 0 | AR7: 0 | AS7: 0 | AT7: 0 | AU7: 89 | AV7: 0 | AW7: 53 | AX7: 12 | AY7: 22 | AZ7: 0 | BA7: 0 | BB7: 0 | BC7: 0 | BD7: 0 | BE7: =SUM(AI7:BD7) -> 322
A8: 0113000106 | B8: 01-48400 | C8: APL | D8: 2024 | E8: 20.XX.201.151 | F8: 103000 | G8: 2020201.151 | H8: 1530 | I8: 44484 | J8: 44460 | K8: 44728 | L8: 0 | M8: 0 | N8: 0 | O8: 0 | P8: 0 | Q8: 0 | R8: 0 | S8: 0 | T8: 0 | U8: 0 | V8: 0 | W8: 0 | X8: 0 | Y8: 0 | Z8: 0 | AA8: 3 | AB8: 0 | AC8: 0 | AD8: 0 | AE8: 0 | AF8: 0 | AG8: 0 | AH8: =SUM(L8:AG8) -> 3 | AI8: 0 | AJ8: 0 | AK8: 0 | AL8: 0 | AM8: 0 | AN8: 0 | AO8: 0 | AP8: 0 | AQ8: 0 | AR8: 0 | AS8: 0 | AT8: 0 | AU8: 0 | AV8: 0 | AW8: 0 | AX8: 3 | AY8: 0 | AZ8: 0 | BA8: 0 | BB8: 0 | BC8: 0 | BD8: 0 | BE8: =SUM(AI8:BD8) -> 3
A9: 0113000125 | B9: 01-0E110 | C9: APL | D9: 2024 | E9: 20.XX.201.112 | F9: 400000 | G9: 2020201.112 | H9: 1510 | I9: 44554 | J9: 44517 | K9: 44783 | L9: 0 | M9: 0 | N9: 0 | O9: 0 | P9: 0 | Q9: 0 | R9: 0 | S9: 0 | T9: 0 | U9: 0 | V9: 0 | W9: 0 | X9: 0 | Y9: 0 | Z9: 0 | AA9: 0 | AB9: 912 | AC9: 0 | AD9: 0 | AE9: 0 | AF9: 0 | AG9: 0 | AH9: =SUM(L9:AG9) -> 912 | AI9: 0 | AJ9: 0 | AK9: 0 | AL9: 0 | AM9: 0 | AN9: 0 | AO9: 0 | AP9: 0 | AQ9: 0 | AR9: 0 | AS9: 0 | AT9: 0 | AU9: 0 | AV9: 0 | AW9: 0 | AX9: 0 | AY9: 912 | AZ9: 0 | BA9: 0 | BB9: 0 | BC9: 0 | BD9: 0 | BE9: =SUM(AI9:BD9) -> 912
A10: 0114000043 | B10: 01-29811 | C10: APL | D10: 2024 | E10: 20.XX.201.010 | F10: 9777000 | G10: 2020201.010 | H10: 1530 | I10: 42704 | J10: 42993 | K10: 43590 | L10: 0 | M10: 0 | N10: 0 | O10: 0 | P10: 0 | Q10: 0 | R10: 0 | S10: 0 | T10: 0 | U10: 0 | V10: 0 | W10: 0 | X10: 0 | Y10: 0 | Z10: 0 | AA10: 0 | AB10: 1138 | AC10: 0 | AD10: 0 | AE10: 0 | AF10: 0 | AG10: 0 | AH10: =SUM(L10:AG10) -> 1138 | AI10: 0 | AJ10: 0 | AK10: 0 | AL10: 0 | AM10: 0 | AN10: 0 | AO10: 0 | AP10: 0 | AQ10: 0 | AR10: 0 | AS10: 0 | AT10: 0 | AU10: 0 | AV10: 0 | AW10: 0 | AX10: 0 | AY10: 1138 | AZ10: 0 | BA10: 0 | BB10: 0 | BC10: 0 | BD10: 0 | BE10: =SUM(AI10:BD10) -> 1138
A11: 0114000043 | B11: 01-29811 | C11: APL | D11: 2024 | E11: 20.XX.201.010 | F11: 9777000 | G11: 2020201.010 | H11: 1530 | I11: 42704 | J11: 42993 | K11: 43590 | L11: 198 | M11: 0 | N11: 0 | O11: 0 | P11: 0 | Q11: 0 | R11: 0 | S11: 0 | T11: 36 | U11: 0 | V11: 0 | W11: 0 | X11: 0 | Y11: 0 | Z11: 0 | AA11: 0 | AB11: 0 | AC11: 0 | AD11: 0 | AE11: 0 | AF11: 0 | AG11: 0 | AH11: =SUM(L11:AG11) -> 234 | AI11: 198 | AJ11: 0 | AK11: 0 | AL11: 0 | AM11: 0 | AN11: 0 | AO11: 0 | AP11: 0 | AQ11: 36 | AR11: 0 | AS11: 0 | AT11: 0 | AU11: 0 | AV11: 0 | AW11: 0 | AX11: 0 | AY11: 0 | AZ11: 0 | BA11: 0 | BB11: 0 | BC11: 0 | BD11: 0 | BE11: =SUM(AI11:BD11) -> 234
A12: 0115000003 | B12: 01-0E720 | C12: APL | D12: 2024 | E12: 20.XX.201.010 | F12: 945000 | G12: 2020201.010 | H12: 1510 | I12: 43496 | J12: 43501 | K12: 43854 | L12: 0 | M12: 0 | N12: 0 | O12: 0 | P12: 0 | Q12: 0 | R12: 0 | S12: 0 | T12: 0 | U12: 0 | V12: 0 | W12: 0 | X12: 0 | Y12: 0 | Z12: 0 | AA12: 0 | AB12: 658 | AC12: 0 | AD12: 0 | AE12: 0 | AF12: 0 | AG12: 0 | AH12: =SUM(L12:AG12) -> 658 | AI12: 0 | AJ12: 0 | AK12: 0 | AL12: 0 | AM12: 0 | AN12: 0 | AO12: 0 | AP12: 0 | AQ12: 0 | AR12: 0 | AS12: 0 | AT12: 0 | AU12: 0 | AV12: 0 | AW12: 0 | AX12: 0 | AY12: 658 | AZ12: 0 | BA12: 0 | BB12: 0 | BC12: 0 | BD12: 0 | BE12: =SUM(AI12:BD12) -> 658
A13: 0115000004 | B13: 01-0E730 | C13: APL | D13: 2024 | E13: 20.XX.201.010 | F13: 339000 | G13: 2020201.010 | H13: 1510 | I13: 43357 | J13: 43332 | K13: 43706 | L13: 0 | M13: 0 | N13: 0 | O13: 0 | P13: 0 | Q13: 0 | R13: 0 | S13: 0 | T13: 0 | U13: 0 | V13: 0 | W13: 0 | X13: 0 | Y13: 0 | Z13: 0 | AA13: 0 | AB13: 159 | AC13: 0 | AD13: 0 | AE13: 0 | AF13: 0 | AG13: 0 | AH13: =SUM(L13:AG13) -> 159 | AI13: 0 | AJ13: 0 | AK13: 0 | AL13: 0 | AM13: 0 | AN13: 0 | AO13: 0 | AP13: 0 | AQ13: 0 | AR13: 0 | AS13: 0 | AT13: 0 | AU13: 0 | AV13: 0 | AW13: 0 | AX13: 0 | AY13: 159 | AZ13: 0 | BA13: 0 | BB13: 0 | BC13: 0 | BD13: 0 | BE13: =SUM(AI13:BD13) -> 159
A14: 0115000076 | B14: 01-0F160 | C14: APL | D14: 2024 | E14: 20.XX.201.010 | F14: 312000 | G14: 2020201.010 | H14: 1510 | I14: 44060 | J14: 44060 | K14: 44252 | L14: 0 | M14: 0 | N14: 0 | O14: 0 | P14: 0 | Q14: 0 | R14: 0 | S14: 0 | T14: 0 | U14: 0 | V14: 0 | W14: 0 | X14: 0 | Y14: 0 | Z14: 0 | AA14: 3 | AB14: 0 | AC14: 0 | AD14: 0 | AE14: 0 | AF14: 0 | AG14: 0 | AH14: =SUM(L14:AG14) -> 3 | AI14: 0 | AJ14: 0 | AK14: 0 | AL14: 0 | AM14: 0 | AN14: 0 | AO14: 0 | AP14: 0 | AQ14: 0 | AR14: 0 | AS14: 0 | AT14: 0 | AU14: 0 | AV14: 0 | AW14: 0 | AX14: 3 | AY14: 0 | AZ14: 0 | BA14: 0 | BB14: 0 | BC14: 0 | BD14: 0 | BE14: =SUM(AI14:BD14) -> 3
A15: 0116000047 | B15: 01-0F710 | C15: APL | D15: 2024 | E15: 20.XX.201.010 | F15: 1933000 | G15: 2020201.010 | H15: 1510 | I15: 44491 | J15: 44791 | K15: 45184 | L15: 204 | M15: 0 | N15: 0 | O15: 0 | P15: 0 | Q15: 0 | R15: 0 | S15: 0 | T15: 0 | U15: 0 | V15: 0 | W15: 0 | X15: 266 | Y15: 0 | Z15: 0 | AA15: 0 | AB15: 1207 | AC15: 0 | AD15: 0 | AE15: 0 | AF15: 0 | AG15: 0 | AH15: =SUM(L15:AG15) -> 1677 | AI15: 204 | AJ15: 0 | AK15: 0 | AL15: 0 | AM15: 0 | AN15: 0 | AO15: 0 | AP15: 0 | AQ15: 0 | AR15: 0 | AS15: 0 | AT15: 0 | AU15: 266 | AV15: 0 | AW15: 0 | AX15: 0 | AY15: 1207 | AZ15: 0 | BA15: 0 | BB15: 0 | BC15: 0 | BD15: 0 | BE15: =SUM(AI15:BD15) -> 1677
A16: 0116000047 | B16: 01-0F710 | C16: APL | D16: 2024 | E16: 20.XX.201.010 | F16: 1933000 | G16: 2020201.010 | H16: 1530 | I16: 44491 | J16: 44791 | K16: 45184 | L16: 0 | M16: 0 | N16: 0 | O16: 0 | P16: 0 | Q16: 0 | R16: 0 | S16: 0 | T16: 0 | U16: 0 | V16: 0 | W16: 0 | X16: 0 | Y16: 0 | Z16: 0 | AA16: 0 | AB16: 285 | AC16: 0 | AD16: 0 | AE16: 0 | AF16: 0 | AG16: 0 | AH16: =SUM(L16:AG16) -> 285 | AI16: 0 | AJ16: 0 | AK16: 0 | AL16: 0 | AM16: 0 | AN16: 0 | AO16: 0 | AP16: 0 | AQ16: 0 | AR16: 0 | AS16: 0 | AT16: 0 | AU16: 0 | AV16: 0 | AW16: 0 | AX16: 0 | AY16: 285 | AZ16: 0 | BA16: 0 | BB16: 0 | BC16: 0 | BD16: 0 | BE16: =SUM(AI16:BD16) -> 285
A17: 0116000148 | B17: 01-0A111 | C17: APL | D17: 2024 | E17: 20.XX.201.113 | F17: 44000 | G17: 2020201.113 | H17: 1530 | I17: 45065 | J17: 45047 | K17: 45793 | L17: 16 | M17: 0 | N17: 0 | O17: 0 | P17: 0 | Q17: 0 | R17: 0 | S17: 0 | T17: 0 | U17: 0 | V17: 0 | W17: 0 | X17: 0 | Y17: 0 | Z17: 0 | AA17: 0 | AB17: 0 | AC17: 63 | AD17: 0 | AE17: 0 | AF17: 0 | AG17: 0 | AH17: =SUM(L17:AG17) -> 79 | AI17: 16 | AJ17: 0 | AK17: 0 | AL17: 0 | AM17: 0 | AN17: 0 | AO17: 0 | AP17: 0 | AQ17: 0 | AR17: 0 | AS17: 0 | AT17: 0 | AU17: 0 | AV17: 0 | AW17: 0 | AX17: 0 | AY17: 0 | AZ17: 63 | BA17: 0 | BB17: 0 | BC17: 0 | BD17: 0 | BE17: =SUM(AI17:BD17) -> 79
A18: 0116000170 | B18: 01-0G330 | C18: APL | D18: 2024 | E18: 20.XX.201.010 | F18: 832000 | G18: 2020201.010 | H18: 1510 | I18: 43558 | J18: 43559 | K18: 43903 | L18: 0 | M18: 0 | N18: 0 | O18: 0 | P18: 0 | Q18: 0 | R18: 0 | S18: 0 | T18: 0 | U18: 0 | V18: 0 | W18: 0 | X18: 0 | Y18: 0 | Z18: 0 | AA18: 0 | AB18: 137 | AC18: 0 | AD18: 0 | AE18: 0 | AF18: 0 | AG18: 0 | AH18: =SUM(L18:AG18) -> 137 | AI18: 0 | AJ18: 0 | AK18: 0 | AL18: 0 | AM18: 0 | AN18: 0 | AO18: 0 | AP18: 0 | AQ18: 0 | AR18: 0 | AS18: 0 | AT18: 0 | AU18: 0 | AV18: 0 | AW18: 0 | AX18: 0 | AY18: 137 | AZ18: 0 | BA18: 0 | BB18: 0 | BC18: 0 | BD18: 0 | BE18: =SUM(AI18:BD18) -> 137
... A20: 0117000115 | B20: 01-0H140 | C20: APL | D20: 2024 | E20: 20.XX.201.361 | F20: 804000 | G20: 2020201.361 | H20: 1530 | I20: 44732 | J20: 44939 | K20: 45474 | L20: 345 | M20: 0 | N20: 0 | O20: 0 | P20: 0 | Q20: 0 | R20: 0 | S20: 0 | T20: 0 | U20: 0 | V20: 0 | W20: 0 | X20: 0 | Y20: 0 | Z20: 0 | AA20: 0 | AB20: 0 | AC20: 0 | AD20: 0 | AE20: 0 | AF20: 0 | AG20: 0 | AH20: =SUM(L20:AG20) -> 345 | AI20: 345 | AJ20: 0 | AK20: 0 | AL20: 0 | AM20: 0 | AN20: 0 | AO20: 0 | AP20: 0 | AQ20: 0 | AR20: 0 | AS20: 0 | AT20: 0 | AU20: 0 | AV20: 0 | AW20: 0 | AX20: 0 | AY20: 0 | AZ20: 0 | BA20: 0 | BB20: 0 | BC20: 0 | BD20: 0 | BE20: =SUM(AI20:BD20) -> 345
A21: 0117000116 | B21: 01-0H150 | C21: APL | D21: 2024 | E21: 20.XX.201.120 | F21: 109000 | G21: 2020201.121 | H21: 1510 | I21: 44722 | J21: 44783 | K21: 45200 | L21: 23 | U21: 0 | V21: 0 | W21: 0 | X21: 0 | Y21: 0 | Z21: 0 | AA21: 0 | AB21: 0 | AH21: =SUM(L21:AG21) -> 23 | AI21: 23 | AR21: 0 | AS21: 0 | AT21: 0 | AU21: 0 | AV21: 0 | AW21: 0 | AX21: 0 | AY21: 0 | BE21: =SUM(AI21:BD21) -> 23
A22: 0117000133 | B22: 01-43484 | C22: APL | D22: 2024 | E22: 20.XX.201.112 | F22: 385000 | G22: 2020201.112 | H22: 1510 | I22: 44617 | J22: 44536 | K22: 44937 | M22: 0 | N22: 0 | O22: 0 | P22: 0 | Q22: 0 | R22: 0 | S22: 0 | T22: 0 | U22: 0 | V22: 0 | W22: 0 | X22: 0 | Y22: 0 | Z22: 0 | AA22: 0 | AB22: 98 | AC22: 0 | AD22: 0 | AE22: 0 | AF22: 0 | AG22: 0 | AH22: =SUM(L22:AG22) -> 98 | AJ22: 0 | AK22: 0 | AL22: 0 | AM22: 0 | AN22: 0 | AO22: 0 | AP22: 0 | AQ22: 0 | AR22: 0 | AS22: 0 | AT22: 0 | AU22: 0 | AV22: 0 | AW22: 0 | AX22: 0 | AY22: 98 | AZ22: 0 | BA22: 0 | BB22: 0 | BC22: 0 | BD22: 0 | BE22: =SUM(AI22:BD22) -> 98
A23: 0117000140 | B23: 01-0H240 | C23: APL | D23: 2024 | E23: 20.XX.201.151 | F23: 700000 | G23: 2020201.151 | H23: 1510 | I23: 45352 | J23: 45352 | K23: 46157 | L23: 0 | M23: 0 | N23: 0 | O23: 0 | P23: 0 | Q23: 0 | R23: 0 | S23: 0 | T23: 0 | U23: 0 | V23: 0 | W23: 0 | X23: 18 | Y23: 0 | Z23: 0 | AA23: 0 | AB23: 0 | AC23: 0 | AD23: 0 | AE23: 0 | AF23: 0 | AG23: 0 | AH23: =SUM(L23:AG23) -> 18 | AI23: 0 | AJ23: 0 | AK23: 0 | AL23: 0 | AM23: 0 | AN23: 0 | AO23: 0 | AP23: 0 | AQ23: 0 | AR23: 0 | AS23: 0 | AT23: 0 | AU23: 18 | AV23: 0 | AW23: 0 | AX23: 0 | AY23: 0 | AZ23: 0 | BA23: 0 | BB23: 0 | BC23: 0 | BD23: 0 | BE23: =SUM(AI23:BD23) -> 18
A24: 0117000169 | B24: 01-0H410 | C24: APL | D24: 2024 | E24: 20.XX.201.151 | F24: 474000 | G24: 2020201.151 | H24: 1510 | I24: 44733 | K24: 45266 | L24: 0 | M24: 0 | N24: 0 | O24: 0 | P24: 0 | Q24: 0 | R24: 0 | S24: 0 | T24: 0 | U24: 0 | V24: 0 | W24: 0 | X24: 0 | Y24: 0 | Z24: 0 | AA24: 356 | AB24: 0 | AC24: 0 | AD24: 0 | AE24: 0 | AF24: 0 | AG24: 0 | AH24: =SUM(L24:AG24) -> 356 | AI24: 0 | AJ24: 0 | AK24: 0 | AL24: 0 | AM24: 0 | AN24: 0 | AO24: 0 | AP24: 0 | AQ24: 0 | AR24: 0 | AS24: 0 | AT24: 0 | AU24: 0 | AV24: 0 | AW24: 0 | AX24: 356 | AY24: 0 | AZ24: 0 | BA24: 0 | BB24: 0 | BC24: 0 | BD24: 0 | BE24: =SUM(AI24:BD24) -> 356
A25: 0117000223 | B25: 01-0A131 | C25: APL | D25: 2024 | E25: 20.XX.201.113 | F25: 251000 | G25: 2020201.113 | H25: 1530 | I25: 44180 | J25: 44195 | K25: 44792 | L25: 0 | M25: 0 | N25: 0 | O25: 0 | P25: 0 | Q25: 0 | R25: 0 | S25: 0 | T25: 0 | U25: 0 | V25: 0 | W25: 0 | X25: 0 | Y25: 0 | Z25: 0 | AA25: 24 | AB25: 0 | AC25: 0 | AD25: 0 | AE25: 0 | AF25: 0 | AG25: 0 | AH25: =SUM(L25:AG25) -> 24 | AI25: 0 | AJ25: 0 | AK25: 0 | AL25: 0 | AM25: 0 | AN25: 0 | AO25: 0 | AP25: 0 | AQ25: 0 | AR25: 0 | AS25: 0 | AT25: 0 | AU25: 0 | AV25: 0 | AW25: 0 | AX25: 24 | AY25: 0 | AZ25: 0 | BA25: 0 | BB25: 0 | BC25: 0 | BD25: 0 | BE25: =SUM(AI25:BD25) -> 24
A26: 0117000245 | B26: 01-0H640 | C26: APL | D26: 2024 | E26: 20.XX.201.151 | F26: 1775000 | G26: 2020201.151 | H26: 1510 | I26: 45061 | J26: 45061 | K26: 45383 | L26: 26 | U26: 19 | V26: 0 | W26: 0 | X26: 0 | Y26: 0 | Z26: 0 | AB26: 823 | AC26: 24 | AH26: =SUM(L26:AG26) -> 892 | AI26: 26 | AR26: 19 | AS26: 0 | AT26: 0 | AU26: 0 | AV26: 0 | AW26: 0 | AY26: 823 | AZ26: 24 | BE26: =SUM(AI26:BD26) -> 892
A27: 0117000246 | B27: 01-0H650 | C27: APL | D27: 2024 | E27: 20.XX.201.151 | F27: 1175000 | G27: 2020201.151 | H27: 1510 | I27: 45065 | J27: 45065 | K27: 45519 | L27: 165 | U27: 16 | V27: 0 | W27: 0 | X27: 0 | Y27: 0 | Z27: 0 | AA27: 51 | AC27: 52 | AH27: =SUM(L27:AG27) -> 284 | AI27: 165 | AR27: 16 | AS27: 0 | AT27: 0 | AU27: 0 | AV27: 0 | AW27: 0 | AX27: 51 | AZ27: 52 | BE27: =SUM(AI27:BD27) -> 284
A28: 0118000078 | B28: 01-29841 | C28: APL | D28: 2024 | E28: 20.XX.025.700; 20.XX.075.600 | F28: 0 | G28: 2020025.700 | H28: 1500 | I28: 42704 | J28: 45672 | K28: 46357 | L28: 0 | M28: 0 | N28: 0 | O28: 0 | P28: 0 | Q28: 0 | R28: 0 | S28: 0 | T28: 0 | U28: 5 | V28: 0 | W28: 0 | X28: 176 | Y28: 0 | Z28: 0 | AA28: 182 | AB28: 0 | AC28: 0 | AD28: 0 | AE28: 0 | AF28: 0 | AG28: 0 | AH28: =SUM(L28:AG28) -> 363 | AI28: 0 | AJ28: 0 | AK28: 0 | AL28: 0 | AM28: 0 | AN28: 0 | AO28: 0 | AP28: 0 | AQ28: 0 | AR28: 5 | AS28: 0 | AT28: 0 | AU28: 176 | AV28: 0 | AW28: 0 | AX28: 182 | AY28: 0 | AZ28: 0 | BA28: 0 | BB28: 0 | BC28: 0 | BD28: 0 | BE28: =SUM(AI28:BD28) -> 363
A29: 0118000079 | B29: 01-29831 | C29: APL | D29: 2024 | E29: 20.XX.025.700; 20.XX.075.600 | F29: 0 | G29: 2020025.700 | H29: 1500 | I29: 42704 | J29: 45672 | K29: 46357 | L29: 0 | M29: 0 | N29: 0 | O29: 0 | P29: 0 | Q29: 0 | R29: 0 | S29: 0 | T29: 0 | U29: 13 | V29: 0 | W29: 0 | X29: 126 | Y29: 0 | Z29: 0 | AA29: 332 | AB29: 0 | AC29: 0 | AD29: 0 | AE29: 0 | AF29: 0 | AG29: 0 | AH29: =SUM(L29:AG29) -> 471 | AI29: 0 | AJ29: 0 | AK29: 0 | AL29: 0 | AM29: 0 | AN29: 0 | AO29: 0 | AP29: 0 | AQ29: 0 | AR29: 13 | AS29: 0 | AT29: 0 | AU29: 126 | AV29: 0 | AW29: 0 | AX29: 332 | AY29: 0 | AZ29: 0 | BA29: 0 | BB29: 0 | BC29: 0 | BD29: 0 | BE29: =SUM(AI29:BD29) -> 471
A30: 0118000117 | B30: 01-0H840 | C30: APL | D30: 2024 | E30: 20.XX.201.010 | F30: 560000 | G30: 2020201.010 | H30: 1530 | I30: 44096 | J30: 44074 | K30: 44872 | L30: 0 | M30: 0 | N30: 0 | O30: 0 | P30: 0 | Q30: 0 | R30: 0 | S30: 0 | T30: 0 | U30: 0 | V30: 0 | W30: 0 | X30: 0 | Y30: 0 | Z30: 98 | AA30: 3 | AB30: 68 | AC30: 0 | AD30: 0 | AE30: 0 | AF30: 0 | AG30: 0 | AH30: =SUM(L30:AG30) -> 169 | AI30: 0 | AJ30: 0 | AK30: 0 | AL30: 0 | AM30: 0 | AN30: 0 | AO30: 0 | AP30: 0 | AQ30: 0 | AR30: 0 | AS30: 0 | AT30: 0 | AU30: 0 | AV30: 0 | AW30: 98 | AX30: 3 | AY30: 68 | AZ30: 0 | BA30: 0 | BB30: 0 | BC30: 0 | BD30: 0 | BE30: =SUM(AI30:BD30) -> 169
A31: 0118000190 | B31: 01-0J210 | C31: APL | D31: 2024 | E31: 20.XX.201.121 | F31: 52000 | G31: 2020201.121 | H31: 1510 | I31: 45008 | J31: 44919 | K31: 45474 | L31: 0 | M31: 0 | N31: 0 | O31: 0 | P31: 0 | Q31: 0 | R31: 0 | S31: 0 | T31: 0 | U31: 0 | V31: 0 | W31: 0 | X31: 0 | Y31: 0 | Z31: 0 | AA31: 0 | AB31: 0 | AC31: 9 | AD31: 0 | AE31: 0 | AF31: 0 | AG31: 0 | AH31: =SUM(L31:AG31) -> 9 | AI31: 0 | AJ31: 0 | AK31: 0 | AL31: 0 | AM31: 0 | AN31: 0 | AO31: 0 | AP31: 0 | AQ31: 0 | AR31: 0 | AS31: 0 | AT31: 0 | AU31: 0 | AV31: 0 | AW31: 0 | AX31: 0 | AY31: 0 | AZ31: 9 | BA31: 0 | BB31: 0 | BC31: 0 | BD31: 0 | BE31: =SUM(AI31:BD31) -> 9
A32: 0119000025 | B32: 01-0J410 | C32: APL | D32: 2024 | E32: 20.XX.201.010 | F32: 89000 | G32: 2020201.010 | H32: 1510 | I32: 44302 | K32: 44616 | L32: 0 | M32: 0 | N32: 0 | O32: 0 | P32: 0 | Q32: 0 | R32: 0 | S32: 0 | T32: 0 | U32: 0 | V32: 0 | W32: 0 | X32: 0 | Y32: 0 | Z32: 0 | AA32: 3 | AB32: 0 | AC32: 0 | AD32: 0 | AE32: 0 | AF32: 0 | AG32: 0 | AH32: =SUM(L32:AG32) -> 3 | AI32: 0 | AJ32: 0 | AK32: 0 | AL32: 0 | AM32: 0 | AN32: 0 | AO32: 0 | AP32: 0 | AQ32: 0 | AR32: 0 | AS32: 0 | AT32: 0 | AU32: 0 | AV32: 0 | AW32: 0 | AX32: 3 | AY32: 0 | AZ32: 0 | BA32: 0 | BB32: 0 | BC32: 0 | BD32: 0 | BE32: =SUM(AI32:BD32) -> 3
A33: 0119000119 | B33: 01-0J890 | C33: APL | D33: 2024 | E33: 20.XX.201.010 | F33: 1024000 | G33: 2020201.010 | H33: 1510 | I33: 45023 | J33: 45023 | K33: 45372 | L33: 296 | M33: 0 | N33: 0 | O33: 0 | P33: 0 | Q33: 0 | R33: 0 | S33: 0 | T33: 0 | U33: 5 | V33: 0 | W33: 0 | X33: 246 | Y33: 0 | Z33: 0 | AA33: 0 | AB33: 0 | AC33: 25 | AD33: 0 | AE33: 0 | AF33: 0 | AG33: 0 | AH33: =SUM(L33:AG33) -> 572 | AI33: 296 | AJ33: 0 | AK33: 0 | AL33: 0 | AM33: 0 | AN33: 0 | AO33: 0 | AP33: 0 | AQ33: 0 | AR33: 5 | AS33: 0 | AT33: 0 | AU33: 246 | AV33: 0 | AW33: 0 | AX33: 0 | AY33: 0 | AZ33: 25 | BA33: 0 | BB33: 0 | BC33: 0 | BD33: 0 | BE33: =SUM(AI33:BD33) -> 572
A34: 0119000123 | B34: 01-0J930 | C34: APL | D34: 2024 | E34: 20.XX.201.121 | F34: 505000 | G34: 2020201.121 | H34: 1500 | I34: 45474 | J34: 45341 | K34: 45964 | L34: 0 | M34: 0 | N34: 0 | O34: 0 | P34: 0 | Q34: 0 | R34: 0 | S34: 0 | T34: 0 | U34: 0 | V34: 0 | W34: 0 | X34: 0 | Y34: 0 | Z34: 0 | AA34: 0 | AB34: 0 | AC34: 18 | AD34: 0 | AE34: 0 | AF34: 0 | AG34: 0 | AH34: =SUM(L34:AG34) -> 18 | AI34: 0 | AJ34: 0 | AK34: 0 | AL34: 0 | AM34: 0 | AN34: 0 | AO34: 0 | AP34: 0 | AQ34: 0 | AR34: 0 | AS34: 0 | AT34: 0 | AU34: 0 | AV34: 0 | AW34: 0 | AX34: 0 | AY34: 0 | AZ34: 18 | BA34: 0 | BB34: 0 | BC34: 0 | BD34: 0 | BE34: =SUM(AI34:BD34) -> 18
A35: 0119000124 | B35: 01-0J940 | C35: APL | D35: 2024 | E35: 20.XX.201.121 | F35: 193000 | G35: 2020201.121 | H35: 1500 | I35: 45266 | J35: 45266 | K35: 45852 | L35: 0 | M35: 0 | N35: 0 | O35: 0 | P35: 0 | Q35: 0 | R35: 0 | S35: 0 | T35: 0 | U35: 0 | V35: 0 | W35: 0 | X35: 0 | Y35: 0 | Z35: 0 | AA35: 0 | AB35: 0 | AC35: 25 | AD35: 0 | AE35: 0 | AF35: 0 | AG35: 0 | AH35: =SUM(L35:AG35) -> 25 | AI35: 0 | AJ35: 0 | AK35: 0 | AL35: 0 | AM35: 0 | AN35: 0 | AO35: 0 | AP35: 0 | AQ35: 0 | AR35: 0 | AS35: 0 | AT35: 0 | AU35: 0 | AV35: 0 | AW35: 0 | AX35: 0 | AY35: 0 | AZ35: 25 | BA35: 0 | BB35: 0 | BC35: 0 | BD35: 0 | BE35: =SUM(AI35:BD35) -> 25
A36: 0119000129 | B36: 01-0J990 | C36: APL | D36: 2024 | E36: 20.XX.201.121 | F36: 21000 | G36: 2020201.151 | H36: 1510 | I36: 45280 | J36: 45250 | K36: 45931 | L36: 0 | M36: 0 | N36: 0 | O36: 0 | P36: 0 | Q36: 0 | R36: 0 | S36: 0 | T36: 0 | U36: 0 | V36: 0 | W36: 0 | X36: 0 | Y36: 0 | Z36: 0 | AA36: 0 | AB36: 0 | AC36: 21 | AD36: 0 | AE36: 0 | AF36: 0 | AG36: 0 | AH36: =SUM(L36:AG36) -> 21 | AI36: 0 | AJ36: 0 | AK36: 0 | AL36: 0 | AM36: 0 | AN36: 0 | AO36: 0 | AP36: 0 | AQ36: 0 | AR36: 0 | AS36: 0 | AT36: 0 | AU36: 0 | AV36: 0 | AW36: 0 | AX36: 0 | AY36: 0 | AZ36: 21 | BA36: 0 | BB36: 0 | BC36: 0 | BD36: 0 | BE36: =SUM(AI36:BD36) -> 21
A37: 0119000130 | B37: 01-0K000 | C37: APL | D37: 2024 | E37: 20.XX.201.121 | F37: 106000 | G37: 2020201.121 | H37: 1500 | I37: 45327 | J37: 45327 | K37: 45839 | L37: 0 | M37: 0 | N37: 0 | O37: 0 | P37: 0 | Q37: 0 | R37: 0 | S37: 0 | T37: 0 | U37: 0 | V37: 0 | W37: 0 | X37: 13 | Y37: 0 | Z37: 0 | AA37: 0 | AB37: 0 | AC37: 0 | AD37: 0 | AE37: 0 | AF37: 0 | AG37: 0 | AH37: =SUM(L37:AG37) -> 13 | AI37: 0 | AJ37: 0 | AK37: 0 | AL37: 0 | AM37: 0 | AN37: 0 | AO37: 0 | AP37: 0 | AQ37: 0 | AR37: 0 | AS37: 0 | AT37: 0 | AU37: 13 | AV37: 0 | AW37: 0 | AX37: 0 | AY37: 0 | AZ37: 0 | BA37: 0 | BB37: 0 | BC37: 0 | BD37: 0 | BE37: =SUM(AI37:BD37) -> 13
A38: 0119000131 | B38: 01-0K010 | C38: APL | D38: 2024 | E38: 20.XX.201.352 | F38: 29000 | G38: 2020201.352 | H38: 1500 | I38: 45448 | J38: 45448 | K38: 46150 | L38: 0 | M38: 0 | N38: 0 | O38: 0 | P38: 0 | Q38: 0 | R38: 0 | S38: 0 | T38: 0 | U38: 0 | V38: 0 | W38: 0 | X38: 0 | Y38: 0 | Z38: 0 | AA38: 0 | AB38: 0 | AC38: 4 | AD38: 0 | AE38: 0 | AF38: 0 | AG38: 0 | AH38: =SUM(L38:AG38) -> 4 | AI38: 0 | AJ38: 0 | AK38: 0 | AL38: 0 | AM38: 0 | AN38: 0 | AO38: 0 | AP38: 0 | AQ38: 0 | AR38: 0 | AS38: 0 | AT38: 0 | AU38: 0 | AV38: 0 | AW38: 0 | AX38: 0 | AY38: 0 | AZ38: 4 | BA38: 0 | BB38: 0 | BC38: 0 | BD38: 0 | BE38: =SUM(AI38:BD38) -> 4
A39: 0120000032 | B39: 01-0J801 | C39: APL | D39: 2024 | E39: 20.XX.201.131 | F39: 993000 | G39: 2020201.131 | H39: 1510 | I39: 45078 | J39: 45048 | K39: 45597 | L39: 27 | M39: 0 | N39: 0 | O39: 0 | P39: 0 | Q39: 0 | R39: 0 | S39: 0 | T39: 0 | U39: 0 | V39: 0 | W39: 0 | X39: 0 | Y39: 0 | Z39: 932 | AA39: 0 | AB39: 0 | AC39: 0 | AD39: 0 | AE39: 0 | AF39: 0 | AG39: 0 | AH39: =SUM(L39:AG39) -> 959 | AI39: 27 | AJ39: 0 | AK39: 0 | AL39: 0 | AM39: 0 | AN39: 0 | AO39: 0 | AP39: 0 | AQ39: 0 | AR39: 0 | AS39: 0 | AT39: 0 | AU39: 0 | AV39: 0 | AW39: 932 | AX39: 0 | AY39: 0 | AZ39: 0 | BA39: 0 | BB39: 0 | BC39: 0 | BD39: 0 | BE39: =SUM(AI39:BD39) -> 959
A40: 0120000032 | B40: 01-0J801 | C40: APL | D40: 2024 | E40: 20.XX.201.131 | F40: 993000 | G40: 2020201.131 | H40: 1530 | I40: 45078 | J40: 45048 | K40: 45597 | L40: 0 | M40: 0 | N40: 0 | O40: 0 | P40: 0 | Q40: 0 | R40: 0 | S40: 0 | T40: 0 | U40: 0 | V40: 0 | W40: 0 | X40: 0 | Y40: 0 | Z40: 157 | AA40: 0 | AB40: 0 | AC40: 0 | AD40: 0 | AE40: 0 | AF40: 0 | AG40: 0 | AH40: =SUM(L40:AG40) -> 157 | AI40: 0 | AJ40: 0 | AK40: 0 | AL40: 0 | AM40: 0 | AN40: 0 | AO40: 0 | AP40: 0 | AQ40: 0 | AR40: 0 | AS40: 0 | AT40: 0 | AU40: 0 | AV40: 0 | AW40: 157 | AX40: 0 | AY40: 0 | AZ40: 0 | BA40: 0 | BB40: 0 | BC40: 0 | BD40: 0 | BE40: =SUM(AI40:BD40) -> 157
A41: 0120000033 | B41: 01-0K140 | C41: APL | D41: 2024 | E41: 20.XX.201.2XX | F41: 762000 | G41: 2020201.131 | H41: 1510 | I41: 45523 | J41: 45495 | K41: 46222 | L41: 0 | M41: 0 | N41: 0 | O41: 0 | P41: 0 | Q41: 0 | R41: 0 | S41: 0 | T41: 0 | U41: 0 | V41: 0 | W41: 0 | X41: 0 | Y41: 0 | Z41: 0 | AA41: 0 | AB41: 0 | AC41: 24 | AD41: 0 | AE41: 0 | AF41: 0 | AG41: 0 | AH41: =SUM(L41:AG41) -> 24 | AI41: 0 | AJ41: 0 | AK41: 0 | AL41: 0 | AM41: 0 | AN41: 0 | AO41: 0 | AP41: 0 | AQ41: 0 | AR41: 0 | AS41: 0 | AT41: 0 | AU41: 0 | AV41: 0 | AW41: 0 | AX41: 0 | AY41: 0 | AZ41: 24 | BA41: 0 | BB41: 0 | BC41: 0 | BD41: 0 | BE41: =SUM(AI41:BD41) -> 24
A42: 0120000035 | B42: 01-0K150 | C42: APL | D42: 2024 | E42: 20.XX.201.010 | F42: 1035000 | G42: 2020201.010 | H42: 1510 | I42: 45323 | J42: 45324 | K42: 45659 | L42: 10 | M42: 0 | N42: 0 | O42: 0 | P42: 0 | Q42: 0 | R42: 0 | S42: 0 | T42: 0 | U42: 1 | V42: 0 | W42: 0 | X42: 0 | Y42: 0 | Z42: 0 | AA42: 0 | AB42: 857 | AC42: 42 | AD42: 0 | AE42: 0 | AF42: 0 | AG42: 0 | AH42: =SUM(L42:AG42) -> 910 | AI42: 10 | AJ42: 0 | AK42: 0 | AL42: 0 | AM42: 0 | AN42: 0 | AO42: 0 | AP42: 0 | AQ42: 0 | AR42: 1 | AS42: 0 | AT42: 0 | AU42: 0 | AV42: 0 | AW42: 0 | AX42: 0 | AY42: 857 | AZ42: 42 | BA42: 0 | BB42: 0 | BC42: 0 | BD42: 0 | BE42: =SUM(AI42:BD42) -> 910
A43: 0120000111 | B43: 01-40141 | C43: APL | D43: 2024 | E43: 20.XX.201.110 | F43: 5250000 | G43: 2020201.110 | H43: 1510 | I43: 45366 | J43: 45366 | K43: 45967 | L43: 719 | M43: 0 | N43: 0 | O43: 0 | P43: 0 | Q43: 0 | R43: 0 | S43: 0 | T43: 0 | U43: 19 | V43: 0 | W43: 0 | X43: 0 | Y43: 0 | Z43: 0 | AA43: 86 | AB43: 0 | AC43: 0 | AD43: 0 | AE43: 0 | AF43: 0 | AG43: 0 | AH43: =SUM(L43:AG43) -> 824 | AI43: 719 | AJ43: 0 | AK43: 0 | AL43: 0 | AM43: 0 | AN43: 0 | AO43: 0 | AP43: 0 | AQ43: 0 | AR43: 19 | AS43: 0 | AT43: 0 | AU43: 0 | AV43: 0 | AW43: 0 | AX43: 86 | AY43: 0 | AZ43: 0 | BA43: 0 | BB43: 0 | BC43: 0 | BD43: 0 | BE43: =SUM(AI43:BD43) -> 824
A44: 0121000023 | B44: 01-0K890 | C44: APL | D44: 2024 | E44: 20.XX.201.010 | F44: 22000 | G44: 2020201.010 | H44: 1510 | I44: 45231 | J44: 45231 | K44: 45597 | L44: 0 | M44: 0 | N44: 0 | O44: 0 | P44: 0 | Q44: 0 | R44: 0 | S44: 0 | T44: 0 | U44: 0 | V44: 0 | W44: 0 | X44: 22 | Y44: 0 | Z44: 0 | AA44: 0 | AB44: 0 | AC44: 0 | AD44: 0 | AE44: 0 | AF44: 0 | AG44: 0 | AH44: =SUM(L44:AG44) -> 22 | AI44: 0 | AJ44: 0 | AK44: 0 | AL44: 0 | AM44: 0 | AN44: 0 | AO44: 0 | AP44: 0 | AQ44: 0 | AR44: 0 | AS44: 0 | AT44: 0 | AU44: 22 | AV44: 0 | AW44: 0 | AX44: 0 | AY44: 0 | AZ44: 0 | BA44: 0 | BB44: 0 | BC44: 0 | BD44: 0 | BE44: =SUM(AI44:BD44) -> 22
... A51: 0122000010 | B51: 01-0L430 | C51: APL | D51: 2024 | E51: 20.XX.201.010 | F51: 110000 | G51: 2020201.010 | H51: 1500 | I51: 45554 | J51: 45554 | K51: 45991 | L51: 0 | M51: 0 | N51: 0 | O51: 0 | P51: 0 | Q51: 0 | R51: 0 | S51: 0 | T51: 0 | U51: 0 | V51: 0 | W51: 0 | X51: 18 | Y51: 0 | Z51: 0 | AA51: 0 | AB51: 0 | AC51: 0 | AD51: 0 | AE51: 0 | AF51: 0 | AG51: 0 | AH51: =SUM(L51:AG51) -> 18 | AI51: 0 | AJ51: 0 | AK51: 0 | AL51: 0 | AM51: 0 | AN51: 0 | AO51: 0 | AP51: 0 | AQ51: 0 | AR51: 0 | AS51: 0 | AT51: 0 | AU51: 18 | AV51: 0 | AW51: 0 | AX51: 0 | AY51: 0 | AZ51: 0 | BA51: 0 | BB51: 0 | BC51: 0 | BD51: 0 | BE51: =SUM(AI51:BD51) -> 18
